Workbook

Sheet Contents 
C9: Databook ПАО "ВУШ Холдинг" по МСФО 17.07.2026
C11: Содержание
C12: 1. Отчет о финансовом положении
C13: 2. Отчет о прибыли или убытке (отчётные периоды)
C14: 3. Отчет о прибыли или убытке (некумулятивные отчётные периоды)
C15: 4. Отчет о движении денежных средств (отчётные периоды)
C16: 5. Отчет о движении денежных средств (некумулятивные отчётные периоды)
C17: 6. Ключевые финансовые показатели (отчётные периоды)
C18: 7. Ключевые финансовые показатели (некумулятивные отчётные периоды)
C19: 8. Ключевые операционные показатели
C20: Ограничение ответственности
C22: Настоящий databook основан на консолидированной финансовой отчетности ПАО "ВУШ Холдинг" по МСФО. Любые расхождения между текущим файлом с данными и финансовой отчетностью по МСФО являются непреднамеренными.
... C25: Показатели на листах 3. Income Statement (period), 5. Cash Flow Statement (period) и 7. Key Financials (period) получены путем вычитания значений предыдущего отчетного периода из значений текущего отчетного периода на листах 2. Income Statement (accum), 4. Cash Flow Statement (accum) и 6. Key Financials (accum).

Sheet 1. Balance Sheet
A1: Отчет о финансовом положении
A2: Назад к оглавлению
A3: тыс. руб., если не указано иное | B3: 43830 | C3: 44196 | D3: 44561 | E3: 44742 | F3: 44834 | G3: 44926 | H3: 45107 | I3: 45199 | J3: 45291 | K3: 45473 | L3: 45565 | M3: 45657 | N3: 45838 | O3: 45930 | P3: 46022 | Q3: 46203
A4: АКТИВЫ
A5: Внеоборотные активы
A6: Основные средства | B6: 40049 | C6: 264881 | D6: 2534051 | E6: 4985190 | F6: 5106071 | G6: 6603575 | H6: 9396540 | I6: 10096098 | J6: 11269385 | K6: 14352136 | L6: 13849357 | M6: 14007676 | N6: 16138135 | O6: 15363573 | P6: 15501753 | Q6: 14466095
A7: Нематериальные активы | B7: 15457 | C7: 16877 | D7: 12109 | E7: 17105 | F7: 21929 | G7: 23358 | H7: 39302 | I7: 54726 | J7: 70241 | K7: 141323 | L7: 265132 | M7: 277046 | N7: 331194 | O7: 363667 | P7: 406728 | Q7: 411536
A8: Прочие внеоборотные активы / Авансы поставщикам основных средств | B8: 0 | C8: 980430 | D8: 1417602 | E8: 204346 | F8: 169724 | G8: 857210 | H8: 236493 | I8: 54929 | J8: 1302231 | K8: 434035 | L8: 329685 | M8: 890973 | N8: 60034 | O8: 14100 | P8: 21917 | Q8: 112570
A9: Отложенные налоговые активы | B9: 0 | C9: 0 | D9: 0 | E9: 0 | F9: 3098 | G9: 34120 | H9: 57976 | I9: 191360 | J9: 55514 | K9: 70189 | L9: 73065 | M9: 135063 | N9: 72425 | O9: 38078 | P9: 50039 | Q9: 47049
A10: Долгосрочные финансовые вложения | B10: 0 | C10: 0 | D10: 0 | E10: 172442 | F10: 96330 | G10: 22781 | H10: 37362 | I10: 0 | J10: 0 | K10: 0 | L10: 26722 | M10: 0 | N10: 0 | O10: 0
A11: Итого внеоборотные активы | B11: =SUM(B6:B10) -> 55506 | C11: =SUM(C6:C10) -> 1262188 | D11: =SUM(D6:D10) -> 3963762 | E11: =SUM(E6:E10) -> 5379083 | F11: =SUM(F6:F10) -> 5397152 | G11: =SUM(G6:G10) -> 7541044 | H11: =SUM(H6:H10) -> 9767673 | I11: =SUM(I6:I10) -> 10397113 | ... Q11: =SUM(Q6:Q10) -> 15037250
A13: Оборотные активы
A14: Запасы | B14: 81591 | C14: 25630 | D14: 330818 | E14: 430184 | F14: 472699 | G14: 520921 | H14: 844400 | I14: 894068 | J14: 1399401 | K14: 1457050 | L14: 1502787 | M14: 1915358 | N14: 1813876 | O14: 1683822 | P14: 1582730 | Q14: 1332791
A15: Торговая и прочая дебиторская задолженность | B15: 5878 | C15: 8745 | D15: 460258 | E15: 498218 | F15: 360336 | G15: 500951 | H15: 714020 | I15: 610829 | J15: 683992 | K15: 743119 | L15: 858919 | M15: 931871 | N15: 891611 | O15: 1036781 | P15: 511029 | Q15: 839002
A16: Денежные средства и их эквиваленты | B16: 37098 | C16: 29087 | D16: 392417 | E16: 499890 | F16: 784838 | G16: 2726478 | H16: 2021130 | I16: 5239436 | J16: 3161032 | K16: 1172651 | L16: 4395074 | M16: 3580665 | N16: 2451462 | O16: 959150 | P16: 673040 | Q16: 3867176
A17: Краткосрочные финансовые вложения | B17: 0 | C17: 0 | D17: 0 | E17: 0 | F17: 0 | G17: 158881 | H17: 225902 | I17: 2720990 | J17: 131151 | K17: 207779 | L17: 2244422 | M17: 180788 | N17: 185402 | O17: 2254869 | P17: 900000 | Q17: 226393
A18: Итого оборотные активы | B18: =SUM(B14:B17) -> 124567 | C18: =SUM(C14:C17) -> 63462 | D18: =SUM(D14:D17) -> 1183493 | E18: =SUM(E14:E17) -> 1428292 | F18: =SUM(F14:F17) -> 1617873 | G18: =SUM(G14:G17) -> 3907231 | H18: =SUM(H14:H17) -> 3805452 | I18: =SUM(I14:I17) -> 9465323 | ... Q18: =SUM(Q14:Q17) -> 6265362
A19: Итого активы | B19: =B11+B18 -> 180073 | C19: =C11+C18 -> 1325650 | D19: =D11+D18 -> 5147255 | E19: =E11+E18 -> 6807375 | F19: =F11+F18 -> 7015025 | G19: =G11+G18 -> 11448275 | H19: =H11+H18 -> 13573125 | I19: =I11+I18 -> 19862436 | ... Q19: =Q11+Q18 -> 21302612
A21: СОБСТВЕННЫЙ КАПИТАЛ
A22: Уставный капитал | B22: 10 | C22: 12 | D22: 14 | E22: 14 | F22: 1000 | G22: 1114 | H22: 1114 | I22: 1114 | J22: 1114 | K22: 1114 | L22: 1114 | M22: 1114 | N22: 1114 | O22: 1114 | P22: 1114 | Q22: 1114
A23: Добавочный капитал | B23: 0 | C23: 74732 | D23: 574730 | E23: 574730 | F23: 574744 | G23: 2680380 | H23: 2680380 | I23: 2680380 | J23: 2680380 | K23: 2680380 | L23: 2680380 | M23: 2680380 | N23: 2680380 | O23: 2680380 | P23: 2680380 | Q23: 2680380
A24: Собственные акции, выкупленные у акционеров | B24: 0 | C24: 0 | D24: 0 | E24: 0 | F24: 0 | G24: 0 | H24: 0 | I24: 0 | J24: -35986 | K24: -149250 | L24: -187180 | M24: -317603 | N24: -58238 | O24: -6481 | P24: -30783 | Q24: -31661
A25: Нераспределенная прибыль | B25: 21327 | C25: 134360 | D25: 1830786 | E25: 2178197 | F25: 2422546 | G25: 1621273 | H25: 2883796 | I25: 4710225 | J25: 2419765 | K25: 2678460 | L25: 5325641 | M25: 4170845 | N25: 2237354 | O25: 2950804 | P25: 1181876 | Q25: -583749
A26: Резерв по платежам, основанным на акциях | B26: 0 | C26: 0 | D26: 0 | E26: 0 | F26: 0 | G26: 574546 | H26: 574546 | I26: 574546 | J26: 574546 | K26: 574546 | L26: 574546 | M26: 786960 | N26: 568138 | O26: 574546 | P26: 716437 | Q26: 716437
A27: Резерв по инструментам хеджирования | B27: 0 | C27: 0 | D27: 0 | E27: 0 | F27: 0 | G27: 0 | H27: 0 | I27: 0 | J27: 0 | K27: -353673 | L27: -94441 | M27: -23924 | N27: -351764 | O27: -228638 | P27: - | Q27: -
A28: Резерв под пересчет в валюту представления | B28: 0 | C28: 0 | D28: 0 | E28: 0 | F28: -1310 | G28: -8166 | H28: 95845 | I28: 127257 | J28: 92944 | K28: 130508 | L28: 84175 | M28: -18598 | N28: -420073 | O28: -213381 | P28: -547733 | Q28: -463384
A29: Собственный капитал, причитающийся собственникам Компании | B29: =SUM(B22:B28) -> 21337 | C29: =SUM(C22:C28) -> 209104 | D29: =SUM(D22:D28) -> 2405530 | E29: =SUM(E22:E28) -> 2752941 | F29: =SUM(F22:F28) -> 2996980 | G29: =SUM(G22:G28) -> 4869147 | H29: =SUM(H22:H28) -> 6235681 | I29: =SUM(I22:I28) -> 8093522 | ... Q29: =SUM(Q22:Q28) -> 2319137
A30: Итого собственный капитал | B30: =SUM(B29) -> 21337 | C30: =SUM(C29) -> 209104 | D30: =SUM(D29) -> 2405530 | E30: =SUM(E29) -> 2752941 | F30: =SUM(F29) -> 2996980 | G30: =SUM(G29) -> 4869147 | H30: =SUM(H29) -> 6235681 | I30: =SUM(I29) -> 8093522 | ... Q30: =SUM(Q29) -> 2319137
A32: ОБЯЗАТЕЛЬСТВА
A33: Долгосрочные обязательства
A34: Кредиты и займы | B34: 0 | C34: 589472 | D34: 1471664 | E34: 3530841 | F34: 3482987 | G34: 4111952 | H34: 4387807 | I34: 7842556 | J34: 8512035 | K34: 4614531 | L34: 8222821 | M34: 8309933 | N34: 13108229 | O34: 9007782 | P34: 8918037 | Q34: 11125758
A35: Обязательства по аренде | B35: 0 | C35: 10022 | D35: 106454 | E35: 151796 | F35: 158191 | G35: 398162 | H35: 985792 | I35: 946521 | J35: 737178 | K35: 820520 | L35: 800944 | M35: 800236 | N35: 914213 | O35: 812344 | P35: 838316 | Q35: 781963
A36: Торговая и прочая кредиторская задолженность | B36: 0 | C36: 0 | D36: 0 | E36: 0 | F36: 0 | G36: 69213 | H36: 80210 | I36: 33486 | J36: 100989 | K36: 20752 | L36: 12732 | M36: 771 | N36: 330 | O36: 185 | P36: - | Q36: -
A37: Отложенные налоговые обязательства | B37: 0 | C37: 0 | D37: 0 | E37: 0 | F37: 0 | G37: 20520 | H37: 159322 | I37: 505630 | J37: 181761 | K37: 367810.54 | L37: 368747 | M37: 190047 | N37: 163636 | O37: 182675 | P37: 245652 | Q37: 249595
A38: Итого долгосрочные обязательства | B38: =SUM(B34:B37) -> 0 | C38: =SUM(C34:C37) -> 599494 | D38: =SUM(D34:D37) -> 1578118 | E38: =SUM(E34:E37) -> 3682637 | F38: =SUM(F34:F37) -> 3641178 | G38: =SUM(G34:G37) -> 4599847 | H38: =SUM(H34:H37) -> 5613131 | I38: =SUM(I34:I37) -> 9328193 | ... Q38: =SUM(Q34:Q37) -> 12157316
A40: Краткосрочные обязательства
A41: Кредиты и займы | B41: 0 | C41: 446523 | D41: 1037338 | E41: 55836 | F41: 90599 | G41: 1503541 | H41: 1040028 | I41: 1693624 | J41: 2192772 | K41: 5865933 | L41: 4536573 | M41: 4501472 | N41: 869843 | O41: 4513523 | P41: 4585532 | Q41: 5342390
A42: Обязательства по аренде | B42: 830 | C42: 5358 | D42: 66258 | E42: 93341 | F42: 89151 | G42: 223831 | H42: 236208 | I42: 215275 | J42: 190501 | K42: 235890 | L42: 222607 | M42: 239002 | N42: 413271 | O42: 298247 | P42: 350025 | Q42: 410212
A43: Торговая и прочая кредиторская задолженность | B43: 157906 | C43: 65171 | D43: 60011 | E43: 222620 | F43: 197117 | G43: 251909 | H43: 448077 | I43: 531822 | J43: 424948 | K43: 1090760 | L43: 996504 | M43: 598805 | N43: 1817706 | O43: 1140940 | P43: 708383 | Q43: 1073557
A44: Итого краткосрочные обязательства | B44: =SUM(B41:B43) -> 158736 | C44: =SUM(C41:C43) -> 517052 | D44: =SUM(D41:D43) -> 1163607 | E44: =SUM(E41:E43) -> 371797 | F44: =SUM(F41:F43) -> 376867 | G44: =SUM(G41:G43) -> 1979281 | H44: =SUM(H41:H43) -> 1724313 | I44: =SUM(I41:I43) -> 2440721 | ... Q44: =SUM(Q41:Q43) -> 6826159
A45: Итого обязательства | B45: =B38+B44 -> 158736 | C45: =C38+C44 -> 1116546 | D45: =D38+D44 -> 2741725 | E45: =E38+E44 -> 4054434 | F45: =F38+F44 -> 4018045 | G45: =G38+G44 -> 6579128 | H45: =H38+H44 -> 7337444 | I45: =I38+I44 -> 11768914 | ... Q45: =Q38+Q44 -> 18983475
A46: Итого собственный капитал и обязательства | B46: =B45+B30 -> 180073 | C46: =C45+C30 -> 1325650 | D46: =D45+D30 -> 5147255 | E46: =E45+E30 -> 6807375 | F46: =F45+F30 -> 7015025 | G46: =G45+G30 -> 11448275 | H46: =H45+H30 -> 13573125 | I46: =I45+I30 -> 19862436 | ... Q46: =Q45+Q30 -> 21302612

Sheet 2. Income Statement (accum)
A1: Отчёт о прибыли или убытке и прочем совокупном доходе
A2: Назад к оглавлению
A3: тыс. руб., если не указано иное | B3: 12M 2019 | C3: 12M 2020 | D3: 6M 2021 | E3: 9M 2021 | F3: 12M 2021 | G3: 6M 2022 | H3: 9M 2022 | I3: 12M 2022 | J3: 6M 2023 | K3: 9M 2023 | L3: 12M 2023 | M3: 6M 2024 | N3: 9M 2024 | O3: 12M 2024 | P3: 6M 2025 | Q3: 9M 2025 | R3: 12М 2025 | S3: 6M 2026
A4: Выручка | B4: =SUM(B5:B7) -> 68777 | C4: =SUM(C5:C7) -> 855477 | D4: =SUM(D5:D7) -> 1965594 | E4: =SUM(E5:E7) -> 3702247 | F4: =SUM(F5:F7) -> 4128345 | G4: =SUM(G5:G7) -> 3196660 | H4: =SUM(H5:H7) -> 6294567 | I4: =SUM(I5:I7) -> 6960851 | ... R4: =SUM(R5:R7) -> 12458142 | S4: 5564227
A5: Шеринг | B5: 60127 | C5: 665307 | D5: 1845188 | E5: 3487383 | F5: 3890311 | G5: 2589850 | H5: 5438811 | I5: 6079707 | J5: 4236927 | K5: 9032230 | L5: 10233973 | M5: 5973481 | N5: 11869817 | O5: 13590932 | P5: 5088847 | Q5: 10138604 | R5: 11781364 | S5: 5380021
A6: Агентская выручка от страхования поездок | B6: 0 | C6: 59643 | D6: 120406 | E6: 214864 | F6: 238034 | G6: 141701 | H6: 278708 | I6: 304096 | J6: 199509 | K6: 443058 | L6: 490869 | M6: 322512 | N6: 632056 | O6: 704977 | P6: 273548 | Q6: 624183 | R6: 671455 | S6: 184206
A7: Реализация товаров | B7: 8650 | C7: 130527 | D7: 0 | E7: 0 | F7: 0 | G7: 465109 | H7: 577048 | I7: 577048 | J7: 68 | K7: 4624 | L7: 6373 | M7: 1561 | N7: 2914 | O7: 8392 | P7: 6443 | Q7: 2395 | R7: 5323 | S7: -
A8: Себестоимость продаж | B8: =SUM(B9:B21) -> -38752 | C8: =SUM(C9:C21) -> -447459 | D8: =SUM(D9:D21) -> -681297 | E8: =SUM(E9:E21) -> -1504830 | F8: =SUM(F9:F21) -> -1881773 | G8: =SUM(G9:G21) -> -2089484 | H8: =SUM(H9:H21) -> -3620078 | I8: =SUM(I9:I21) -> -4720618 | ... S8: =SUM(S9:S21) -> -4356366
A9: Амортизация | B9: -2282 | C9: -81349 | D9: -281734 | E9: -546300 | F9: -652901 | G9: -444240 | H9: -934161 | I9: -1081272 | J9: -744860 | K9: -1432119 | L9: -1710301 | M9: -1186800 | N9: -2285624 | O9: -2521985 | P9: -1300439 | Q9: -2404575 | R9: -2809142 | S9: -1325179
A10: Расходы на оплату труда | B10: -11079 | C10: -30641 | D10: -56662 | E10: -145844 | F10: -202300 | G10: -170380 | H10: -340686 | I10: -857754 | J10: -322724 | K10: -520439 | L10: -875988 | M10: -846988 | N10: -1230634 | O10: -1934143 | P10: -907599 | Q10: -1540415 | R10: -2020192.7 | S10: -654618
A11: Ремонт и техническое обслуживание | B11: -10128 | C11: -105969 | D11: -71483 | E11: -231378 | F11: -277034 | G11: -378801 | H11: -618615 | I11: -788560 | J11: -740321 | K11: -1410787 | L11: -1811478 | M11: -558769 | N11: -982568 | O11: -1370407 | P11: -1040839 | Q11: -1557724 | R11: -1897025.8 | S11: -985082
A12: Зарядка и перевозка самокатов | B12: -2454 | C12: -47124 | D12: -151352 | E12: -362270 | F12: -454295 | G12: -408668 | H12: -786147 | I12: -931178 | J12: -606024 | K12: -1229707 | L12: -1520888 | M12: -835243 | N12: -1637306 | O12: -2143634 | P12: -1022336 | Q12: -1890192 | R12: -2490166 | S12: -1010408
A13: Расходы по краткосрочной аренде и аренде с низкой стоимостью | B13: 0 | C13: 0 | D13: 0 | E13: 0 | F13: 0 | G13: 0 | H13: 0 | I13: -53264 | J13: -41590 | K13: 0 | L13: -147879 | M13: -131243 | N13: -238403 | O13: -328163 | P13: -131013 | Q13: -186960 | R13: -275299.04 | S13: -139130
A14: Услуги связи | B14: 0 | C14: 0 | D14: 0 | E14: 0 | F14: 0 | G14: 0 | H14: -74847 | I14: -117854 | J14: -115052 | K14: -219837 | L14: -307575 | M14: -142830 | N14: -246425 | O14: -308244 | P14: -120096 | Q14: -220352 | R14: -277446.84 | S14: -92505
A15: Техническая поддержка пользователей | B15: 0 | C15: -12469 | D15: -16526 | E15: -34762 | F15: -41376 | G15: -18050 | H15: -38176 | I15: -53113 | J15: -34244 | K15: -78325 | L15: -104353 | M15: -40573 | N15: -77585 | O15: -101607 | P15: -52436 | Q15: -84484 | R15: -96621 | S15: -35588
A16: Командировочные и представительские расходы | B16: 0 | C16: 0 | D16: 0 | E16: 0 | F16: 0 | G16: 0 | H16: -18318 | I16: -26267 | J16: -20573 | K16: -33868 | L16: -51724 | M16: -33910 | N16: -49142 | O16: -64476 | P16: -27106 | Q16: -31871 | R16: -36888 | S16: -13249
A17: Техническая поддержка программного обеспечения | B17: 0 | C17: -27053 | D17: -30762 | E17: -43419 | F17: -56264 | G17: -35498 | H17: -55487 | I17: -63285 | J17: -24171 | K17: -43728 | L17: -86991 | M17: -27844 | N17: -43298 | O17: -57994 | P17: -25179 | Q17: -38876 | R17: -49318 | S17: -17697
A18: Страховые премии | B18: 0 | C18: 0 | D18: 0 | E18: 0 | F18: 0 | G18: 0 | H18: 0 | I18: 0 | J18: 0 | K18: 0 | L18: -51813 | M18: -18497 | N18: 0 | O18: -68651 | P18: -12004 | Q18: 0 | R18: 0 | S18: -10723
A19: Ремонт помещения | B19: 0 | C19: 0 | D19: 0 | E19: 0 | F19: 0 | G19: 0 | H19: 0 | I19: 0 | J19: 0 | K19: 0 | L19: -36641 | M19: -17340 | N19: 0 | O19: -30398 | P19: -9370 | Q19: 0 | R19: 0 | S19: -5837
A20: Себестоимость проданных товаров | B20: -7762 | C20: -96016 | D20: 0 | E20: 0 | F20: 0 | G20: -495064 | H20: -626932 | I20: -627078 | J20: -26 | K20: -1418 | L20: -3806 | M20: -890 | N20: -5693 | O20: -8728 | P20: -3844 | Q20: -2475 | R20: -5920.3754 | S20: -
A21: Прочее | B21: -5047 | C21: -46838 | D21: -72778 | E21: -140857 | F21: -197603 | G21: -138783 | H21: -126709 | I21: -120993 | J21: -96097 | K21: -247885 | L21: -117188 | M21: -114003 | N21: -223346 | O21: -222428 | P21: -55826 | Q21: -317992 | R21: -205790 | S21: -66350
A22: Валовая прибыль | B22: =B4+B8 -> 30025 | C22: =C4+C8 -> 408018 | D22: =D4+D8 -> 1284297 | E22: =E4+E8 -> 2197417 | F22: =F4+F8 -> 2246572 | G22: =G4+G8 -> 1107176 | H22: =H4+H8 -> 2674489 | I22: =I4+I8 -> 2240233 | ... S22: =S4+S8 -> 1207861
A24: Коммерческие, общехозяйственные и административные расходы | B24: =SUM(B25:B35) -> -3970 | C24: =SUM(C25:C35) -> -61982 | D24: =SUM(D25:D35) -> -100534 | E24: =SUM(E25:E35) -> -223458 | F24: =SUM(F25:F35) -> -286699 | G24: =SUM(G25:G35) -> -205306 | H24: =SUM(H25:H35) -> -409510 | I24: =SUM(I25:I35) -> -860351 | ... S24: =SUM(S25:S35) -> -1124101
A25: Расходы на оплату труда | B25: 0 | C25: -16090 | D25: -18638 | E25: -45742 | F25: -65624 | G25: -56315 | H25: -118599 | I25: -329624 | J25: -110661 | K25: -190889 | L25: -338449 | M25: -268805 | N25: -414102 | O25: -709182 | P25: -443549 | Q25: -415460 | R25: -678936.06 | S25: -495370
A26: Банковский эквайринг | B26: 0 | C26: -19329 | D26: -49077 | E26: -99089 | F26: -114024 | G26: -74645 | H26: -160355 | I26: -193232 | J26: -150568 | K26: -321015 | L26: -364750 | M26: -163471 | N26: -297825 | O26: -331518 | P26: -104689 | Q26: -176726 | R26: -228991.39 | S26: -116768
A27: Юридические и консультационные услуги | B27: -1314 | C27: -5619 | D27: -9919 | E27: -12451 | F27: -22713 | G27: -20223 | H27: -28535 | I27: -193403 | J27: -24677 | K27: -78225 | L27: -120485 | M27: -93152 | N27: -117913 | O27: -157873 | P27: -50193 | Q27: -95102 | R27: -159370.78 | S27: -143172
A28: Маркетинг и реклама | B28: 0 | C28: 0 | D28: -1393 | E28: -28074 | F28: -30043 | G28: -2235 | H28: -10201 | I28: -16969 | J28: -15654 | K28: -86484 | L28: -109522 | M28: -44935 | N28: -119437 | O28: -135770 | P28: -40935 | Q28: -82760 | R28: -156240.36 | S28: -122691
A29: Программное обеспечение | B29: 0 | C29: 0 | D29: 0 | E29: 0 | F29: 0 | G29: 0 | H29: 0 | I29: 0 | J29: -9389 | K29: 0 | L29: -15372 | M29: -42253 | N29: -69675 | O29: -166017 | P29: -77442 | Q29: -108400 | R29: -85096 | S29: -37709
A30: Амортизация | B30: 0 | C30: -953 | D30: -5618 | E30: -14283 | F30: -14377 | G30: -17233 | H30: -26020 | I30: -35163 | J30: -11686 | K30: -55332 | L30: -72272 | M30: -39975 | N30: -61646 | O30: -81597 | P30: -43395 | Q30: -101292 | R30: -105617 | S30: -53336
A31: Командировочные и представительские расходы | B31: 0 | C31: 0 | D31: 0 | E31: 0 | F31: 0 | G31: 0 | H31: -8296 | I31: -16253 | J31: -9135 | K31: -11453 | L31: -28767 | M31: -23588 | N31: -30505 | O31: -45526 | P31: -11621 | Q31: -21894 | R31: -33274.997 | S31: -10433
A32: Расходы на банковское обслуживание | B32: -1571 | C32: -1955 | D32: 0 | E32: 0 | F32: -2337 | G32: -2550 | H32: -8003 | I32: -9993 | J32: -8677 | K32: -18546 | L32: -29863 | M32: -16155 | N32: -34446 | O32: -79501 | P32: -22098 | Q32: -29051 | R32: -32144.482 | S32: -10568
A33: Расходы по краткосрочной аренде и аренде с низкой стоимостью | B33: 0 | C33: -2221 | D33: -1832 | E33: -2408 | F33: -3206 | G33: -1349 | H33: -2050 | I33: -3136 | J33: -7704 | K33: -10493 | L33: -13879 | M33: -9382 | N33: -14429 | O33: -20667 | P33: -32692 | Q33: -43292 | R33: -103070.09 | S33: -41678
A34: Ремонт и техническое обслуживание | B34: -466 | C34: -6746 | D34: -9400 | E34: -14147 | F34: -17685 | G34: -11856 | H34: -17802 | I34: -21679 | J34: -499 | K34: -10747 | L34: -15411 | M34: -6523 | N34: -10522 | O34: -16703 | P34: -3455 | Q34: -6388 | R34: -8065.2988 | S34: -3128
A35: Прочее | B35: -619 | C35: -9069 | D35: -4657 | E35: -7264 | F35: -16690 | G35: -18900 | H35: -29649 | I35: -40899 | J35: -40961 | K35: -83155 | L35: -103185 | M35: -61477 | N35: -107223 | O35: -83901 | P35: -110945 | Q35: -111964 | R35: -182984 | S35: -89248
A36: Прочие операционные доходы | B36: =SUM(B37:B41) -> 22 | C36: =SUM(C37:C41) -> 1658 | D36: =SUM(D37:D41) -> 2357 | E36: =SUM(E37:E41) -> 2938 | F36: =SUM(F37:F41) -> 49512 | G36: =SUM(G37:G41) -> 12107 | H36: =SUM(H37:H41) -> 32526 | I36: =SUM(I37:I41) -> 58803 | ... M36: =SUM(M37:M41) -> 9801 | N36: 13856 | O36: =SUM(O37:O41) -> 24569 | P36: =SUM(P37:P41) -> 8995 | Q36: =SUM(Q37:Q41) -> 22688 | R36: =SUM(R37:R41) -> 24128.913 | S36: =SUM(S37:S41) -> 17400
A37: Государственные субсидии | B37: 0 | C37: 0 | D37: 0 | E37: 0 | F37: 35712 | G37: 0 | H37: 0 | I37: 22764 | J37: 5691 | K37: 8537 | L37: 11382 | M37: 5691 | O37: 11382 | P37: 0 | Q37: 0 | R37: 0 | S37: -
A38: Возмещение страховых взносов | B38: 0 | C38: 0 | D38: 0 | E38: 0 | F38: 0 | G38: 0 | H38: 0 | I38: 0 | J38: 13890 | K38: 13890 | L38: 15952 | M38: 1000 | O38: 1000 | P38: 0 | Q38: 0 | R38: 0 | S38: 0
A39: Прочее | B39: 22 | C39: 1658 | D39: 2357 | E39: 2938 | F39: 6604 | G39: 12107 | H39: 13335 | I39: 16154 | J39: 10127 | K39: 49025 | L39: 16676 | M39: 3110 | O39: 12187 | P39: 8995 | Q39: 22688 | R39: 24128.913 | S39: 17400
A40: Отрицательный гудвил | B40: 0 | C40: 0 | D40: 0 | E40: 0 | F40: 0 | G40: 0 | H40: 19191 | I40: 19885 | J40: 0 | K40: 0 | L40: 0 | M40: 0 | O40: 0 | P40: 0 | Q40: 0 | R40: 0 | S40: 0
A41: Прибыль от курсовой разницы по операционной деятельности | B41: 0 | C41: 0 | D41: 0 | E41: 0 | F41: 7196 | G41: 0 | H41: 0 | I41: 0 | J41: 0 | K41: 0 | L41: 0 | M41: 0 | O41: 0 | P41: 0 | Q41: 0 | R41: 0 | S41: 0
A42: Прочие операционные расходы | B42: =SUM(B43:B46) -> 0 | C42: =SUM(C43:C46) -> -118494 | D42: =SUM(D43:D46) -> -55791 | E42: =SUM(E43:E46) -> -59723 | F42: =SUM(F43:F46) -> -74936 | G42: =SUM(G43:G46) -> -4106 | H42: =SUM(H43:H46) -> -10713 | I42: =SUM(I43:I46) -> -31543 | ... S42: =SUM(S43:S46) -> -511828
A43: Убыток / (доход) от выбытия основных средств | B43: 0 | C43: -6084 | D43: -3904 | E43: -5843 | F43: -21734 | G43: -3815 | H43: -6981 | I43: -11873 | J43: -16252 | K43: -10545 | L43: -13058 | M43: -2185 | N43: -5083 | O43: -37461 | P43: -273697 | Q43: -270123 | R43: -246453.58 | S43: -469977
A44: Прочее | B44: 0 | C44: -244 | D44: -2342 | E44: -4335 | F44: -3657 | G44: -291 | H44: -3732 | I44: -19670 | J44: -30197 | K44: -33286 | L44: -38409 | M44: -33869 | N44: -49933 | O44: -90659 | P44: -63646 | Q44: -131533 | R44: -41741 | S44: -41851
A45: Штраф за досрочное расторжение договора | B45: 0 | C45: -100338 | D45: -49545 | E45: -49545 | F45: -49545 | G45: 0 | H45: 0 | I45: 0 | J45: 0 | K45: 0 | L45: 0 | M45: 0 | N45: 0 | O45: 0 | P45: 0 | Q45: 0 | R45: 0 | S45: 0
A46: Убыток от курсовой разницы по операционной деятельности | B46: 0 | C46: -11828 | D46: 0 | E46: 0 | F46: 0 | G46: 0 | H46: 0 | I46: 0 | J46: 0 | K46: 0 | L46: 0 | M46: 0 | N46: 0 | O46: 0 | P46: 0 | Q46: 0 | R46: 0 | S46: 0
A47: Операционная прибыль (убыток) | B47: =SUM(B22+B24+B36+B42) -> 26077 | C47: =SUM(C22+C24+C36+C42) -> 229200 | D47: =SUM(D22+D24+D36+D42) -> 1130329 | E47: =SUM(E22+E24+E36+E42) -> 1917174 | F47: =SUM(F22+F24+F36+F42) -> 1934449 | G47: =SUM(G22+G24+G36+G42) -> 909871 | H47: =SUM(H22+H24+H36+H42) -> 2286792 | I47: =SUM(I22+I24+I36+I42) -> 1407142 | ... S47: =SUM(S22+S24+S36+S42) -> -410668
A49: Финансовые доходы | B49: 0 | C49: 8040 | D49: 5272 | E49: 18162 | F49: 30467 | G49: 23172 | H49: 41843 | I49: 89277 | J49: 579885 | K49: 1016667 | L49: 701630 | M49: 44622 | N49: 143926 | O49: 585229 | P49: 191835 | Q49: 328870 | R49: =SUM(R50:R53) -> 425139 | S49: =SUM(S50:S54) -> 98230
A50: Процентный доход по банковским депозитам | D50: 5272 | E50: 18162 | F50: 30467 | G50: 18367 | H50: 30294 | I50: 56625 | J50: 20684 | K50: 116953 | L50: 196796 | M50: 30790 | O50: 377853 | P50: 183468 | R50: 373478 | S50: 88235
A51: Доход от курсовых разниц, нетто | D51: 0 | E51: 0 | F51: 0 | G51: 0 | H51: 0 | I51: 20909 | J51: 553546 | K51: 892321 | L51: 492255 | M51: 0 | O51: 181722 | P51: 0 | R51: 0
A52: Восстановление оценочного резерва под ОКУ по финансовым активам | D52: 0 | E52: 0 | F52: 0 | G52: 0 | H52: 0 | I52: 0 | J52: 0 | K52: 0 | L52: 0 | M52: 0 | O52: 2032 | P52: 3678 | R52: 48194 | S52: 7575
A53: Процентный доход по займам | D53: 0 | E53: 0 | F53: 0 | G53: 4805 | H53: 11549 | I53: 11743 | J53: 5655 | K53: 7393 | L53: 12579 | M53: 13832 | O53: 23622 | P53: 4689 | R53: 3467 | S53: 2071
A54: Прочее | S54: 349
A55: Финансовые расходы | B55: =SUM(B56:B65) -> -646 | C55: =SUM(C56:C65) -> -13707 | D55: =SUM(D56:D65) -> -78690 | E55: =SUM(E56:E65) -> -128918 | F55: =SUM(F56:F65) -> -168490 | G55: =SUM(G56:G65) -> -548147 | H55: =SUM(H56:H65) -> -697112 | I55: =SUM(I56:I65) -> -676676 | ... M55: =SUM(M56:M65) -> -1162718 | N55: -1239777 | O55: =SUM(O56:O65) -> -1881087 | P55: =SUM(P56:P65) -> -1366378 | Q55: -2229943 | R55: =SUM(R56:R65) -> -3296211 | S55: =SUM(S56:S65) -> -1363149
A56: Процентные расходы по облигациям | B56: 0 | C56: 0 | D56: 0 | E56: 0 | F56: 0 | G56: 0 | H56: -128609 | I56: -255835 | J56: -250303 | K56: -459703 | L56: -702382 | M56: -480571 | O56: -1251120 | P56: -974632 | R56: -2122153 | S56: -1210229
A57: Убыток от курсовых разниц | B57: 0 | C57: 0 | D57: -778 | E57: -1239 | F57: 0 | G57: -174319 | H57: -187024 | I57: 0 | J57: 0 | K57: 0 | L57: 0 | M57: -357500 | O57: 0 | P57: -116069 | R57: -58373 | S57: -21289
A58: Процентные расходы по банковским кредитам | B58: 0 | C58: -9815 | D58: -70065 | E58: -115847 | F58: -151635 | G58: -355192 | H58: -355733 | I58: -388815 | J58: -124369 | K58: -171018 | L58: -230813 | M58: -226227 | O58: -333623 | P58: -120065 | R58: -257512 | S58: -27363
A59: Процентные расходы по обязательствам по аренде | B59: -30 | C59: -637 | D59: -3959 | E59: -7944 | F59: -12967 | G59: -17253 | H59: -23649 | I59: -32026 | J59: -54178 | K59: -89962 | L59: -101843 | M59: -66198 | O59: -152946 | P59: -81017 | R59: -197519 | S59: -94817
A60: Создание оценочного резерва под ОКУ по финансовым активам | B60: 0 | C60: 0 | D60: 0 | E60: 0 | F60: 0 | G60: 0 | H60: 0 | I60: 0 | J60: -59135 | K60: -306441 | L60: -252397 | M60: -24930 | O60: -135534 | P60: 0 | R60: -194307
A61: Признание займов третьим лицам по справедливой стоимости | B61: 0 | C61: 0 | D61: 0 | E61: 0 | F61: 0 | G61: 0 | H61: 0 | I61: 0 | J61: 0 | K61: 0 | L61: -16959 | M61: -6848 | O61: -7213 | P61: 0 | S61: 0
A62: Процентные расходы по займам от третьих сторон | B62: 0 | C62: 0 | D62: 0 | E62: 0 | F62: 0 | G62: 0 | H62: 0 | I62: 0 | J62: 0 | K62: 0 | L62: -378 | M62: -444 | O62: -651 | P62: -626 | R62: -195 | S62: 0
A63: Процентные расходы по займам от связанных сторон | B63: -616 | C63: -3255 | D63: -3888 | E63: -3888 | F63: -3888 | G63: -1383 | H63: -2097 | I63: 0 | J63: 0 | K63: 0 | L63: 0 | M63: 0 | O63: 0 | P63: 0 | S63: -1605
A64: Убыток по форвардным контрактам | B64: 0 | C64: 0 | D64: 0 | E64: 0 | F64: 0 | G64: 0 | H64: 0 | I64: 0 | J64: 0 | K64: 0 | L64: 0 | M64: 0 | O64: 0 | P64: -73969 | R64: -410076 | S64: -6599
A65: Прочее | R65: -56076 | S65: -1247
A66: Прибыль до налогообложения (убыток) | B66: =B47+B49+B55 -> 25431 | C66: =C47+C49+C55 -> 223533 | D66: =D47+D49+D55 -> 1056911 | E66: =E47+E49+E55 -> 1806418 | F66: =F47+F49+F55 -> 1796426 | G66: =G47+G49+G55 -> 384896 | H66: =H47+H49+H55 -> 1631523 | I66: =I47+I49+I55 -> 819743 | ... S66: =S47+S49+S55 -> -1675587
A68: Текущий налог на прибыль | B68: -3834 | C68: 0 | D68: 0 | E68: 0 | F68: 0 | G68: 0 | H68: 0 | I68: -4475 | J68: -2629 | K68: -2728 | L68: -6207 | M68: 5911 | N68: 5906 | O68: -1247 | P68: -50925 | Q68: -70222 | R68: -176883 | S68: -84708
A69: Отложенный налог на прибыль | B69: 0 | C69: 0 | D69: 0 | E69: 0 | F69: 0 | G69: 0 | H69: 254 | I69: 15236 | J69: -111218 | K69: -320944 | L69: -135667 | M69: -175775 | N69: -170060 | O69: 71616 | P69: -58869 | Q69: -109850 | R69: -140629 | S69: -5330
A70: Прибыль за отчетный период (убыток) | B70: =B66+B68+B69 -> 21597 | C70: =C66+C68+C69 -> 223533 | D70: =D66+D68+D69 -> 1056911 | E70: =E66+E68+E69 -> 1806418 | F70: =F66+F68+F69 -> 1796426 | G70: =G66+G68+G69 -> 384896 | H70: =H66+H68+H69 -> 1631777 | I70: =I66+I68+I69 -> 830504 | ... S70: =S66+S68+S69 -> -1765625
A72: Статьи, которые были или могут быть впоследствии раклассифицированы в состав прибыли или убытка | B72: 0 | C72: 0 | D72: 0 | E72: 0 | F72: 0 | G72: 0 | H72: 0 | I72: 0 | J72: 0 | K72: 0 | L72: 0 | M72: 0 | N72: 0 | O72: 0 | P72: 0 | Q72: 0 | S72: 0
A73: Резерв по инструментам хеджирования | B73: 0 | C73: 0 | D73: 0 | E73: 0 | F73: 0 | G73: 0 | H73: 0 | I73: 0 | J73: 0 | K73: 0 | L73: 0 | M73: -353673 | N73: -94441 | O73: -23924 | P73: -327840 | Q73: -210040 | R73: 23924 | S73: 0
A74: Резерв под пересчет в валюту представления | B74: 0 | C74: 0 | D74: 0 | E74: 0 | F74: 0 | G74: 0 | H74: -1310 | I74: -8166 | J74: 104011 | K74: 135423 | L74: 101110 | M74: 37564 | N74: -8769 | O74: -111542 | P74: -401488 | Q74: -189457 | R74: -529135 | S74: 84349
A75: Прочий совокупный доход (расход) за отчетный период | B75: =B73+B74 -> 0 | C75: =C73+C74 -> 0 | D75: =D73+D74 -> 0 | E75: =E73+E74 -> 0 | F75: =F73+F74 -> 0 | G75: =G73+G74 -> 0 | H75: =H73+H74 -> -1310 | I75: =I73+I74 -> -8166 | ... S75: =S73+S74 -> 84349
A76: Общий совокупный доход (расход) за отчетный период | B76: =B70+B75 -> 21597 | C76: =C70+C75 -> 223533 | D76: =D70+D75 -> 1056911 | E76: =E70+E75 -> 1806418 | F76: =F70+F75 -> 1796426 | G76: =G70+G75 -> 384896 | H76: =H70+H75 -> 1630467 | I76: =I70+I75 -> 822338 | ... S76: =S70+S75 -> -1681276

Sheet 3. Income Statement (period)
A1: Отчёт о прибыли или убытке и прочем совокупном доходе
A2: Назад к оглавлению
A3: тыс. руб., если не указано иное | B3: 2019 | C3: 2020 | D3: 1H'21 | E3: 3Q'21 | F3: 4Q'21 | G3: 2H'21 | H3: 1H'22 | I3: 3Q'22 | J3: 4Q'22 | K3: 2H'22 | L3: 1H'23 | M3: 3Q'23 | N3: 4Q'23 | O3: 2H'23 | P3: 1H'24 | Q3: 3Q'24 | R3: 4Q'24 | S3: 2H'24 | T3: 1H'25 | U3: 3Q'25 | V3: 4Q'25 | W3: 2H'25 | X3: 1H'26
A4: Выручка | B4: =SUM(B5:B7) -> 68777 | C4: =SUM(C5:C7) -> 855477 | D4: =SUM(D5:D7) -> 1965594 | E4: =SUM(E5:E7) -> 1736653 | F4: =SUM(F5:F7) -> 426098 | G4: =SUM(G5:G7) -> 2162751 | H4: =SUM(H5:H7) -> 3196660 | I4: =SUM(I5:I7) -> 3097907 | ... W4: =SUM(W5:W7) -> 7089304 | X4: ='2. Income Statement (accum)'!S4 -> 5564227
A5: Шеринг | B5: ='2. Income Statement (accum)'!B5 -> 60127 | C5: ='2. Income Statement (accum)'!C5 -> 665307 | D5: ='2. Income Statement (accum)'!D5 -> 1845188 | E5: ='2. Income Statement (accum)'!E5-'2. Income Statement (accum)'!D5 -> 1642195 | F5: ='2. Income Statement (accum)'!F5-'2. Income Statement (accum)'!E5 -> 402928 | G5: =F5+E5 -> 2045123 | H5: ='2. Income Statement (accum)'!G5 -> 2589850 | I5: ='2. Income Statement (accum)'!H5-'2. Income Statement (accum)'!G5 -> 2848961 | J5: ='2. Income Statement (accum)'!I5-'2. Income Statement (accum)'!H5 -> 640896 | K5: =J5+I5 -> 3489857 | L5: ='2. Income Statement (accum)'!J5 -> 4236927 | M5: ='2. Income Statement (accum)'!K5-'2. Income Statement (accum)'!J5 -> 4795303 | N5: ='2. Income Statement (accum)'!L5-'2. Income Statement (accum)'!K5 -> 1201743 | O5: =N5+M5 -> 5997046 | P5: ='2. Income Statement (accum)'!M5 -> 5973481 | Q5: ='2. Income Statement (accum)'!N5-'2. Income Statement (accum)'!M5 -> 5896336 | R5: ='2. Income Statement (accum)'!O5-'2. Income Statement (accum)'!N5 -> 1721115 | S5: =R5+Q5 -> 7617451 | T5: ='2. Income Statement (accum)'!P5 -> 5088847 | U5: ='2. Income Statement (accum)'!Q5-'2. Income Statement (accum)'!P5 -> 5049757 | V5: ='2. Income Statement (accum)'!R5-'2. Income Statement (accum)'!Q5 -> 1642760 | W5: =V5+U5 -> 6692517 | X5: ='2. Income Statement (accum)'!S5 -> 5380021
A6: Агентская выручка от страхования поездок | B6: ='2. Income Statement (accum)'!B6 -> 0 | C6: ='2. Income Statement (accum)'!C6 -> 59643 | D6: ='2. Income Statement (accum)'!D6 -> 120406 | E6: ='2. Income Statement (accum)'!E6-'2. Income Statement (accum)'!D6 -> 94458 | F6: ='2. Income Statement (accum)'!F6-'2. Income Statement (accum)'!E6 -> 23170 | G6: =F6+E6 -> 117628 | H6: ='2. Income Statement (accum)'!G6 -> 141701 | I6: ='2. Income Statement (accum)'!H6-'2. Income Statement (accum)'!G6 -> 137007 | J6: ='2. Income Statement (accum)'!I6-'2. Income Statement (accum)'!H6 -> 25388 | K6: =J6+I6 -> 162395 | L6: ='2. Income Statement (accum)'!J6 -> 199509 | M6: ='2. Income Statement (accum)'!K6-'2. Income Statement (accum)'!J6 -> 243549 | N6: ='2. Income Statement (accum)'!L6-'2. Income Statement (accum)'!K6 -> 47811 | O6: =N6+M6 -> 291360 | P6: ='2. Income Statement (accum)'!M6 -> 322512 | Q6: ='2. Income Statement (accum)'!N6-'2. Income Statement (accum)'!M6 -> 309544 | R6: ='2. Income Statement (accum)'!O6-'2. Income Statement (accum)'!N6 -> 72921 | S6: =R6+Q6 -> 382465 | T6: ='2. Income Statement (accum)'!P6 -> 273548 | U6: ='2. Income Statement (accum)'!Q6-'2. Income Statement (accum)'!P6 -> 350635 | V6: ='2. Income Statement (accum)'!R6-'2. Income Statement (accum)'!Q6 -> 47272 | W6: =V6+U6 -> 397907 | X6: ='2. Income Statement (accum)'!S6 -> 184206
A7: Реализация товаров | B7: ='2. Income Statement (accum)'!B7 -> 8650 | C7: ='2. Income Statement (accum)'!C7 -> 130527 | D7: ='2. Income Statement (accum)'!D7 -> 0 | E7: ='2. Income Statement (accum)'!E7-'2. Income Statement (accum)'!D7 -> 0 | F7: ='2. Income Statement (accum)'!F7-'2. Income Statement (accum)'!E7 -> 0 | G7: =F7+E7 -> 0 | H7: ='2. Income Statement (accum)'!G7 -> 465109 | I7: ='2. Income Statement (accum)'!H7-'2. Income Statement (accum)'!G7 -> 111939 | J7: ='2. Income Statement (accum)'!I7-'2. Income Statement (accum)'!H7 -> 0 | K7: =J7+I7 -> 111939 | L7: ='2. Income Statement (accum)'!J7 -> 68 | M7: ='2. Income Statement (accum)'!K7-'2. Income Statement (accum)'!J7 -> 4556 | N7: ='2. Income Statement (accum)'!L7-'2. Income Statement (accum)'!K7 -> 1749 | O7: =N7+M7 -> 6305 | P7: ='2. Income Statement (accum)'!M7 -> 1561 | Q7: ='2. Income Statement (accum)'!N7-'2. Income Statement (accum)'!M7 -> 1353 | R7: ='2. Income Statement (accum)'!O7-'2. Income Statement (accum)'!N7 -> 5478 | S7: =R7+Q7 -> 6831 | T7: ='2. Income Statement (accum)'!P7 -> 6443 | U7: ='2. Income Statement (accum)'!Q7-'2. Income Statement (accum)'!P7 -> -4048 | V7: ='2. Income Statement (accum)'!R7-'2. Income Statement (accum)'!Q7 -> 2928 | W7: =V7+U7 -> -1120 | X7: ='2. Income Statement (accum)'!S7 -> -
A8: Себестоимость продаж | B8: =SUM(B9:B21) -> -38752 | C8: =SUM(C9:C21) -> -447459 | D8: =SUM(D9:D21) -> -681297 | E8: =SUM(E9:E21) -> -823533 | F8: =SUM(F9:F21) -> -376943 | G8: =SUM(G9:G21) -> -1200476 | H8: =SUM(H9:H21) -> -2089484 | I8: =SUM(I9:I21) -> -1530594 | ... W8: =SUM(W9:W21) -> -5455722.8 | X8: ='2. Income Statement (accum)'!S8 -> -4356366
A9: Амортизация | B9: ='2. Income Statement (accum)'!B9 -> -2282 | C9: ='2. Income Statement (accum)'!C9 -> -81349 | D9: ='2. Income Statement (accum)'!D9 -> -281734 | E9: ='2. Income Statement (accum)'!E9-'2. Income Statement (accum)'!D9 -> -264566 | F9: ='2. Income Statement (accum)'!F9-'2. Income Statement (accum)'!E9 -> -106601 | G9: =F9+E9 -> -371167 | H9: ='2. Income Statement (accum)'!G9 -> -444240 | I9: ='2. Income Statement (accum)'!H9-'2. Income Statement (accum)'!G9 -> -489921 | J9: ='2. Income Statement (accum)'!I9-'2. Income Statement (accum)'!H9 -> -147111 | K9: =J9+I9 -> -637032 | L9: ='2. Income Statement (accum)'!J9 -> -744860 | M9: ='2. Income Statement (accum)'!K9-'2. Income Statement (accum)'!J9 -> -687259 | N9: ='2. Income Statement (accum)'!L9-'2. Income Statement (accum)'!K9 -> -278182 | O9: =N9+M9 -> -965441 | P9: ='2. Income Statement (accum)'!M9 -> -1186800 | Q9: ='2. Income Statement (accum)'!N9-'2. Income Statement (accum)'!M9 -> -1098824 | R9: ='2. Income Statement (accum)'!O9-'2. Income Statement (accum)'!N9 -> -236361 | S9: =Q9+R9 -> -1335185 | T9: ='2. Income Statement (accum)'!P9 -> -1300439 | U9: ='2. Income Statement (accum)'!Q9-'2. Income Statement (accum)'!P9 -> -1104136 | V9: ='2. Income Statement (accum)'!R9-'2. Income Statement (accum)'!Q9 -> -404567 | W9: =U9+V9 -> -1508703 | X9: ='2. Income Statement (accum)'!S9 -> -1325179
A10: Расходы на оплату труда | B10: ='2. Income Statement (accum)'!B10 -> -11079 | C10: ='2. Income Statement (accum)'!C10 -> -30641 | D10: ='2. Income Statement (accum)'!D10 -> -56662 | E10: ='2. Income Statement (accum)'!E10-'2. Income Statement (accum)'!D10 -> -89182 | F10: ='2. Income Statement (accum)'!F10-'2. Income Statement (accum)'!E10 -> -56456 | G10: =F10+E10 -> -145638 | H10: ='2. Income Statement (accum)'!G10 -> -170380 | I10: ='2. Income Statement (accum)'!H10-'2. Income Statement (accum)'!G10 -> -170306 | J10: ='2. Income Statement (accum)'!I10-'2. Income Statement (accum)'!H10 -> -517068 | K10: =J10+I10 -> -687374 | L10: ='2. Income Statement (accum)'!J10 -> -322724 | M10: ='2. Income Statement (accum)'!K10-'2. Income Statement (accum)'!J10 -> -197715 | N10: ='2. Income Statement (accum)'!L10-'2. Income Statement (accum)'!K10 -> -355549 | O10: =N10+M10 -> -553264 | P10: ='2. Income Statement (accum)'!M10 -> -846988 | Q10: ='2. Income Statement (accum)'!N10-'2. Income Statement (accum)'!M10 -> -383646 | R10: ='2. Income Statement (accum)'!O10-'2. Income Statement (accum)'!N10 -> -703509 | S10: =Q10+R10 -> -1087155 | T10: ='2. Income Statement (accum)'!P10 -> -907599 | U10: ='2. Income Statement (accum)'!Q10-'2. Income Statement (accum)'!P10 -> -632816 | V10: ='2. Income Statement (accum)'!R10-'2. Income Statement (accum)'!Q10 -> -479777.72 | W10: =U10+V10 -> -1112593.7 | X10: ='2. Income Statement (accum)'!S10 -> -654618
A11: Ремонт и техническое обслуживание | B11: ='2. Income Statement (accum)'!B11 -> -10128 | C11: ='2. Income Statement (accum)'!C11 -> -105969 | D11: ='2. Income Statement (accum)'!D11 -> -71483 | E11: ='2. Income Statement (accum)'!E11-'2. Income Statement (accum)'!D11 -> -159895 | F11: ='2. Income Statement (accum)'!F11-'2. Income Statement (accum)'!E11 -> -45656 | G11: =F11+E11 -> -205551 | H11: ='2. Income Statement (accum)'!G11 -> -378801 | I11: ='2. Income Statement (accum)'!H11-'2. Income Statement (accum)'!G11 -> -239814 | J11: ='2. Income Statement (accum)'!I11-'2. Income Statement (accum)'!H11 -> -169945 | K11: =J11+I11 -> -409759 | L11: ='2. Income Statement (accum)'!J11 -> -740321 | M11: ='2. Income Statement (accum)'!K11-'2. Income Statement (accum)'!J11 -> -670466 | N11: ='2. Income Statement (accum)'!L11-'2. Income Statement (accum)'!K11 -> -400691 | O11: =N11+M11 -> -1071157 | P11: ='2. Income Statement (accum)'!M11 -> -558769 | Q11: ='2. Income Statement (accum)'!N11-'2. Income Statement (accum)'!M11 -> -423799 | R11: ='2. Income Statement (accum)'!O11-'2. Income Statement (accum)'!N11 -> -387839 | S11: =Q11+R11 -> -811638 | T11: ='2. Income Statement (accum)'!P11 -> -1040839 | U11: ='2. Income Statement (accum)'!Q11-'2. Income Statement (accum)'!P11 -> -516885 | V11: ='2. Income Statement (accum)'!R11-'2. Income Statement (accum)'!Q11 -> -339301.78 | W11: =U11+V11 -> -856186.78 | X11: ='2. Income Statement (accum)'!S11 -> -985082
A12: Зарядка и перевозка самокатов | B12: ='2. Income Statement (accum)'!B12 -> -2454 | C12: ='2. Income Statement (accum)'!C12 -> -47124 | D12: ='2. Income Statement (accum)'!D12 -> -151352 | E12: ='2. Income Statement (accum)'!E12-'2. Income Statement (accum)'!D12 -> -210918 | F12: ='2. Income Statement (accum)'!F12-'2. Income Statement (accum)'!E12 -> -92025 | G12: =F12+E12 -> -302943 | H12: ='2. Income Statement (accum)'!G12 -> -408668 | I12: ='2. Income Statement (accum)'!H12-'2. Income Statement (accum)'!G12 -> -377479 | J12: ='2. Income Statement (accum)'!I12-'2. Income Statement (accum)'!H12 -> -145031 | K12: =J12+I12 -> -522510 | L12: ='2. Income Statement (accum)'!J12 -> -606024 | M12: ='2. Income Statement (accum)'!K12-'2. Income Statement (accum)'!J12 -> -623683 | N12: ='2. Income Statement (accum)'!L12-'2. Income Statement (accum)'!K12 -> -291181 | O12: =N12+M12 -> -914864 | P12: ='2. Income Statement (accum)'!M12 -> -835243 | Q12: ='2. Income Statement (accum)'!N12-'2. Income Statement (accum)'!M12 -> -802063 | R12: ='2. Income Statement (accum)'!O12-'2. Income Statement (accum)'!N12 -> -506328 | S12: =Q12+R12 -> -1308391 | T12: ='2. Income Statement (accum)'!P12 -> -1022336 | U12: ='2. Income Statement (accum)'!Q12-'2. Income Statement (accum)'!P12 -> -867856 | V12: ='2. Income Statement (accum)'!R12-'2. Income Statement (accum)'!Q12 -> -599974 | W12: =U12+V12 -> -1467830 | X12: ='2. Income Statement (accum)'!S12 -> -1010408
A13: Расходы по краткосрочной аренде и аренде с низкой стоимостью | B13: ='2. Income Statement (accum)'!B13 -> 0 | C13: ='2. Income Statement (accum)'!C13 -> 0 | D13: ='2. Income Statement (accum)'!D13 -> 0 | E13: ='2. Income Statement (accum)'!E13-'2. Income Statement (accum)'!D13 -> 0 | F13: ='2. Income Statement (accum)'!F13-'2. Income Statement (accum)'!E13 -> 0 | G13: =F13+E13 -> 0 | H13: ='2. Income Statement (accum)'!G13 -> 0 | I13: ='2. Income Statement (accum)'!H13-'2. Income Statement (accum)'!G13 -> 0 | J13: ='2. Income Statement (accum)'!I13-'2. Income Statement (accum)'!H13 -> -53264 | K13: =J13+I13 -> -53264 | L13: ='2. Income Statement (accum)'!J13 -> -41590 | M13: ='2. Income Statement (accum)'!K13-'2. Income Statement (accum)'!J13 -> 41590 | N13: ='2. Income Statement (accum)'!L13-'2. Income Statement (accum)'!K13 -> -147879 | O13: =N13+M13 -> -106289 | P13: ='2. Income Statement (accum)'!M13 -> -131243 | Q13: ='2. Income Statement (accum)'!N13-'2. Income Statement (accum)'!M13 -> -107160 | R13: ='2. Income Statement (accum)'!O13-'2. Income Statement (accum)'!N13 -> -89760 | S13: =Q13+R13 -> -196920 | T13: ='2. Income Statement (accum)'!P13 -> -131013 | U13: ='2. Income Statement (accum)'!Q13-'2. Income Statement (accum)'!P13 -> -55947 | V13: ='2. Income Statement (accum)'!R13-'2. Income Statement (accum)'!Q13 -> -88339.042 | W13: =U13+V13 -> -144286.04 | X13: ='2. Income Statement (accum)'!S13 -> -139130
A14: Услуги связи | B14: ='2. Income Statement (accum)'!B14 -> 0 | C14: ='2. Income Statement (accum)'!C14 -> 0 | D14: ='2. Income Statement (accum)'!D14 -> 0 | E14: ='2. Income Statement (accum)'!E14-'2. Income Statement (accum)'!D14 -> 0 | F14: ='2. Income Statement (accum)'!F14-'2. Income Statement (accum)'!E14 -> 0 | G14: =F14+E14 -> 0 | H14: ='2. Income Statement (accum)'!G14 -> 0 | I14: ='2. Income Statement (accum)'!H14-'2. Income Statement (accum)'!G14 -> -74847 | J14: ='2. Income Statement (accum)'!I14-'2. Income Statement (accum)'!H14 -> -43007 | K14: =J14+I14 -> -117854 | L14: ='2. Income Statement (accum)'!J14 -> -115052 | M14: ='2. Income Statement (accum)'!K14-'2. Income Statement (accum)'!J14 -> -104785 | N14: ='2. Income Statement (accum)'!L14-'2. Income Statement (accum)'!K14 -> -87738 | O14: =N14+M14 -> -192523 | P14: ='2. Income Statement (accum)'!M14 -> -142830 | Q14: ='2. Income Statement (accum)'!N14-'2. Income Statement (accum)'!M14 -> -103595 | R14: ='2. Income Statement (accum)'!O14-'2. Income Statement (accum)'!N14 -> -61819 | S14: =Q14+R14 -> -165414 | T14: ='2. Income Statement (accum)'!P14 -> -120096 | U14: ='2. Income Statement (accum)'!Q14-'2. Income Statement (accum)'!P14 -> -100256 | V14: ='2. Income Statement (accum)'!R14-'2. Income Statement (accum)'!Q14 -> -57094.84 | W14: =U14+V14 -> -157350.84 | X14: ='2. Income Statement (accum)'!S14 -> -92505
A15: Техническая поддержка пользователей | B15: ='2. Income Statement (accum)'!B15 -> 0 | C15: ='2. Income Statement (accum)'!C15 -> -12469 | D15: ='2. Income Statement (accum)'!D15 -> -16526 | E15: ='2. Income Statement (accum)'!E15-'2. Income Statement (accum)'!D15 -> -18236 | F15: ='2. Income Statement (accum)'!F15-'2. Income Statement (accum)'!E15 -> -6614 | G15: =F15+E15 -> -24850 | H15: ='2. Income Statement (accum)'!G15 -> -18050 | I15: ='2. Income Statement (accum)'!H15-'2. Income Statement (accum)'!G15 -> -20126 | J15: ='2. Income Statement (accum)'!I15-'2. Income Statement (accum)'!H15 -> -14937 | K15: =J15+I15 -> -35063 | L15: ='2. Income Statement (accum)'!J15 -> -34244 | M15: ='2. Income Statement (accum)'!K15-'2. Income Statement (accum)'!J15 -> -44081 | N15: ='2. Income Statement (accum)'!L15-'2. Income Statement (accum)'!K15 -> -26028 | O15: =N15+M15 -> -70109 | P15: ='2. Income Statement (accum)'!M15 -> -40573 | Q15: ='2. Income Statement (accum)'!N15-'2. Income Statement (accum)'!M15 -> -37012 | R15: ='2. Income Statement (accum)'!O15-'2. Income Statement (accum)'!N15 -> -24022 | S15: =Q15+R15 -> -61034 | T15: ='2. Income Statement (accum)'!P15 -> -52436 | U15: ='2. Income Statement (accum)'!Q15-'2. Income Statement (accum)'!P15 -> -32048 | V15: ='2. Income Statement (accum)'!R15-'2. Income Statement (accum)'!Q15 -> -12137 | W15: =U15+V15 -> -44185 | X15: ='2. Income Statement (accum)'!S15 -> -35588
A16: Командировочные и представительские расходы | B16: ='2. Income Statement (accum)'!B16 -> 0 | C16: ='2. Income Statement (accum)'!C16 -> 0 | D16: ='2. Income Statement (accum)'!D16 -> 0 | E16: ='2. Income Statement (accum)'!E16-'2. Income Statement (accum)'!D16 -> 0 | F16: ='2. Income Statement (accum)'!F16-'2. Income Statement (accum)'!E16 -> 0 | G16: =F16+E16 -> 0 | H16: ='2. Income Statement (accum)'!G16 -> 0 | I16: ='2. Income Statement (accum)'!H16-'2. Income Statement (accum)'!G16 -> -18318 | J16: ='2. Income Statement (accum)'!I16-'2. Income Statement (accum)'!H16 -> -7949 | K16: =J16+I16 -> -26267 | L16: ='2. Income Statement (accum)'!J16 -> -20573 | M16: ='2. Income Statement (accum)'!K16-'2. Income Statement (accum)'!J16 -> -13295 | N16: ='2. Income Statement (accum)'!L16-'2. Income Statement (accum)'!K16 -> -17856 | O16: =N16+M16 -> -31151 | P16: ='2. Income Statement (accum)'!M16 -> -33910 | Q16: ='2. Income Statement (accum)'!N16-'2. Income Statement (accum)'!M16 -> -15232 | R16: ='2. Income Statement (accum)'!O16-'2. Income Statement (accum)'!N16 -> -15334 | S16: =Q16+R16 -> -30566 | T16: ='2. Income Statement (accum)'!P16 -> -27106 | U16: ='2. Income Statement (accum)'!Q16-'2. Income Statement (accum)'!P16 -> -4765 | V16: ='2. Income Statement (accum)'!R16-'2. Income Statement (accum)'!Q16 -> -5017 | W16: =U16+V16 -> -9782 | X16: ='2. Income Statement (accum)'!S16 -> -13249
A17: Техническая поддержка программного обеспечения | B17: ='2. Income Statement (accum)'!B17 -> 0 | C17: ='2. Income Statement (accum)'!C17 -> -27053 | D17: ='2. Income Statement (accum)'!D17 -> -30762 | E17: ='2. Income Statement (accum)'!E17-'2. Income Statement (accum)'!D17 -> -12657 | F17: ='2. Income Statement (accum)'!F17-'2. Income Statement (accum)'!E17 -> -12845 | G17: =F17+E17 -> -25502 | H17: ='2. Income Statement (accum)'!G17 -> -35498 | I17: ='2. Income Statement (accum)'!H17-'2. Income Statement (accum)'!G17 -> -19989 | J17: ='2. Income Statement (accum)'!I17-'2. Income Statement (accum)'!H17 -> -7798 | K17: =J17+I17 -> -27787 | L17: ='2. Income Statement (accum)'!J17 -> -24171 | M17: ='2. Income Statement (accum)'!K17-'2. Income Statement (accum)'!J17 -> -19557 | N17: ='2. Income Statement (accum)'!L17-'2. Income Statement (accum)'!K17 -> -43263 | O17: =N17+M17 -> -62820 | P17: ='2. Income Statement (accum)'!M17 -> -27844 | Q17: ='2. Income Statement (accum)'!N17-'2. Income Statement (accum)'!M17 -> -15454 | R17: ='2. Income Statement (accum)'!O17-'2. Income Statement (accum)'!N17 -> -14696 | S17: =Q17+R17 -> -30150 | T17: ='2. Income Statement (accum)'!P17 -> -25179 | U17: ='2. Income Statement (accum)'!Q17-'2. Income Statement (accum)'!P17 -> -13697 | V17: ='2. Income Statement (accum)'!R17-'2. Income Statement (accum)'!Q17 -> -10442 | W17: =U17+V17 -> -24139 | X17: ='2. Income Statement (accum)'!S17 -> -17697
A18: Страховые премии | B18: ='2. Income Statement (accum)'!B18 -> 0 | C18: ='2. Income Statement (accum)'!C18 -> 0 | D18: ='2. Income Statement (accum)'!D18 -> 0 | E18: ='2. Income Statement (accum)'!E18-'2. Income Statement (accum)'!D18 -> 0 | F18: ='2. Income Statement (accum)'!F18-'2. Income Statement (accum)'!E18 -> 0 | G18: =F18+E18 -> 0 | H18: ='2. Income Statement (accum)'!G18 -> 0 | I18: ='2. Income Statement (accum)'!H18-'2. Income Statement (accum)'!G18 -> 0 | J18: ='2. Income Statement (accum)'!I18-'2. Income Statement (accum)'!H18 -> 0 | K18: =J18+I18 -> 0 | L18: ='2. Income Statement (accum)'!J18 -> 0 | M18: ='2. Income Statement (accum)'!K18-'2. Income Statement (accum)'!J18 -> 0 | N18: ='2. Income Statement (accum)'!L18-'2. Income Statement (accum)'!K18 -> -51813 | O18: =N18+M18 -> -51813 | P18: ='2. Income Statement (accum)'!M18 -> -18497 | Q18: ='2. Income Statement (accum)'!N18-'2. Income Statement (accum)'!M18 -> 18497 | R18: ='2. Income Statement (accum)'!O18-'2. Income Statement (accum)'!N18 -> -68651 | S18: =Q18+R18 -> -50154 | T18: ='2. Income Statement (accum)'!P18 -> -12004 | U18: ='2. Income Statement (accum)'!Q18-'2. Income Statement (accum)'!P18 -> 12004 | V18: ='2. Income Statement (accum)'!R18-'2. Income Statement (accum)'!Q18 -> 0 | W18: =U18+V18 -> 12004 | X18: ='2. Income Statement (accum)'!S18 -> -10723
A19: Ремонт помещения | B19: ='2. Income Statement (accum)'!B19 -> 0 | C19: ='2. Income Statement (accum)'!C19 -> 0 | D19: ='2. Income Statement (accum)'!D19 -> 0 | E19: ='2. Income Statement (accum)'!E19-'2. Income Statement (accum)'!D19 -> 0 | F19: ='2. Income Statement (accum)'!F19-'2. Income Statement (accum)'!E19 -> 0 | G19: =F19+E19 -> 0 | H19: ='2. Income Statement (accum)'!G19 -> 0 | I19: ='2. Income Statement (accum)'!H19-'2. Income Statement (accum)'!G19 -> 0 | J19: ='2. Income Statement (accum)'!I19-'2. Income Statement (accum)'!H19 -> 0 | K19: =J19+I19 -> 0 | L19: ='2. Income Statement (accum)'!J19 -> 0 | M19: ='2. Income Statement (accum)'!K19-'2. Income Statement (accum)'!J19 -> 0 | N19: ='2. Income Statement (accum)'!L19-'2. Income Statement (accum)'!K19 -> -36641 | O19: =N19+M19 -> -36641 | P19: ='2. Income Statement (accum)'!M19 -> -17340 | Q19: ='2. Income Statement (accum)'!N19-'2. Income Statement (accum)'!M19 -> 17340 | R19: ='2. Income Statement (accum)'!O19-'2. Income Statement (accum)'!N19 -> -30398 | S19: =Q19+R19 -> -13058 | T19: ='2. Income Statement (accum)'!P19 -> -9370 | U19: ='2. Income Statement (accum)'!Q19-'2. Income Statement (accum)'!P19 -> 9370 | V19: ='2. Income Statement (accum)'!R19-'2. Income Statement (accum)'!Q19 -> 0 | W19: =U19+V19 -> 9370 | X19: ='2. Income Statement (accum)'!S19 -> -5837
A20: Себестоимость проданных товаров | B20: ='2. Income Statement (accum)'!B20 -> -7762 | C20: ='2. Income Statement (accum)'!C20 -> -96016 | D20: ='2. Income Statement (accum)'!D20 -> 0 | E20: ='2. Income Statement (accum)'!E20-'2. Income Statement (accum)'!D20 -> 0 | F20: ='2. Income Statement (accum)'!F20-'2. Income Statement (accum)'!E20 -> 0 | G20: =F20+E20 -> 0 | H20: ='2. Income Statement (accum)'!G20 -> -495064 | I20: ='2. Income Statement (accum)'!H20-'2. Income Statement (accum)'!G20 -> -131868 | J20: ='2. Income Statement (accum)'!I20-'2. Income Statement (accum)'!H20 -> -146 | K20: =J20+I20 -> -132014 | L20: ='2. Income Statement (accum)'!J20 -> -26 | M20: ='2. Income Statement (accum)'!K20-'2. Income Statement (accum)'!J20 -> -1392 | N20: ='2. Income Statement (accum)'!L20-'2. Income Statement (accum)'!K20 -> -2388 | O20: =N20+M20 -> -3780 | P20: ='2. Income Statement (accum)'!M20 -> -890 | Q20: ='2. Income Statement (accum)'!N20-'2. Income Statement (accum)'!M20 -> -4803 | R20: ='2. Income Statement (accum)'!O20-'2. Income Statement (accum)'!N20 -> -3035 | S20: =Q20+R20 -> -7838 | T20: ='2. Income Statement (accum)'!P20 -> -3844 | U20: ='2. Income Statement (accum)'!Q20-'2. Income Statement (accum)'!P20 -> 1369 | V20: ='2. Income Statement (accum)'!R20-'2. Income Statement (accum)'!Q20 -> -3445.3754 | W20: =U20+V20 -> -2076.3754 | X20: ='2. Income Statement (accum)'!S20 -> -
A21: Прочее | B21: ='2. Income Statement (accum)'!B21 -> -5047 | C21: ='2. Income Statement (accum)'!C21 -> -46838 | D21: ='2. Income Statement (accum)'!D21 -> -72778 | E21: ='2. Income Statement (accum)'!E21-'2. Income Statement (accum)'!D21 -> -68079 | F21: ='2. Income Statement (accum)'!F21-'2. Income Statement (accum)'!E21 -> -56746 | G21: =F21+E21 -> -124825 | H21: ='2. Income Statement (accum)'!G21 -> -138783 | I21: ='2. Income Statement (accum)'!H21-'2. Income Statement (accum)'!G21 -> 12074 | J21: ='2. Income Statement (accum)'!I21-'2. Income Statement (accum)'!H21 -> 5716 | K21: =J21+I21 -> 17790 | L21: ='2. Income Statement (accum)'!J21 -> -96097 | M21: ='2. Income Statement (accum)'!K21-'2. Income Statement (accum)'!J21 -> -151788 | N21: ='2. Income Statement (accum)'!L21-'2. Income Statement (accum)'!K21 -> 130697 | O21: =N21+M21 -> -21091 | P21: ='2. Income Statement (accum)'!M21 -> -114003 | Q21: ='2. Income Statement (accum)'!N21-'2. Income Statement (accum)'!M21 -> -109343 | R21: ='2. Income Statement (accum)'!O21-'2. Income Statement (accum)'!N21 -> 918 | S21: =Q21+R21 -> -108425 | T21: ='2. Income Statement (accum)'!P21 -> -55826 | U21: ='2. Income Statement (accum)'!Q21-'2. Income Statement (accum)'!P21 -> -262166 | V21: ='2. Income Statement (accum)'!R21-'2. Income Statement (accum)'!Q21 -> 112202 | W21: =U21+V21 -> -149964 | X21: ='2. Income Statement (accum)'!S21 -> -66350
A22: Валовая прибыль | B22: =B4+B8 -> 30025 | C22: =C4+C8 -> 408018 | D22: =D4+D8 -> 1284297 | E22: =E4+E8 -> 913120 | F22: =F4+F8 -> 49155 | G22: =G4+G8 -> 962275 | H22: =H4+H8 -> 1107176 | I22: =I4+I8 -> 1567313 | ... W22: =W4+W8 -> 1633581.2 | X22: ='2. Income Statement (accum)'!S22 -> 1207861
A24: Коммерческие, общехозяйственные и административные расходы | B24: =SUM(B25:B35) -> -3970 | C24: =SUM(C25:C35) -> -61982 | D24: =SUM(D25:D35) -> -100534 | E24: =SUM(E25:E35) -> -122924 | F24: =SUM(F25:F35) -> -63241 | G24: =SUM(G25:G35) -> -186165 | H24: =SUM(H25:H35) -> -205306 | I24: =SUM(I25:I35) -> -204204 | ... W24: =SUM(W25:W35) -> -832776.46 | X24: ='2. Income Statement (accum)'!S24 -> -1124101
A25: Расходы на оплату труда | B25: ='2. Income Statement (accum)'!B25 -> 0 | C25: ='2. Income Statement (accum)'!C25 -> -16090 | D25: ='2. Income Statement (accum)'!D25 -> -18638 | E25: ='2. Income Statement (accum)'!E25-'2. Income Statement (accum)'!D25 -> -27104 | F25: ='2. Income Statement (accum)'!F25-'2. Income Statement (accum)'!E25 -> -19882 | G25: =F25+E25 -> -46986 | H25: ='2. Income Statement (accum)'!G25 -> -56315 | I25: ='2. Income Statement (accum)'!H25-'2. Income Statement (accum)'!G25 -> -62284 | J25: ='2. Income Statement (accum)'!I25-'2. Income Statement (accum)'!H25 -> -211025 | K25: =J25+I25 -> -273309 | L25: ='2. Income Statement (accum)'!J25 -> -110661 | M25: ='2. Income Statement (accum)'!K25-'2. Income Statement (accum)'!J25 -> -80228 | N25: ='2. Income Statement (accum)'!L25-'2. Income Statement (accum)'!K25 -> -147560 | O25: =N25+M25 -> -227788 | P25: ='2. Income Statement (accum)'!M25 -> -268805 | Q25: ='2. Income Statement (accum)'!N25-'2. Income Statement (accum)'!M25 -> -145297 | R25: ='2. Income Statement (accum)'!O25-'2. Income Statement (accum)'!N25 -> -295080 | S25: =Q25+R25 -> -440377 | T25: ='2. Income Statement (accum)'!P25 -> -443549 | U25: ='2. Income Statement (accum)'!Q25-'2. Income Statement (accum)'!P25 -> 28089 | V25: ='2. Income Statement (accum)'!R25-'2. Income Statement (accum)'!Q25 -> -263476.06 | W25: =U25+V25 -> -235387.06 | X25: ='2. Income Statement (accum)'!S25 -> -495370
A26: Банковский эквайринг | B26: ='2. Income Statement (accum)'!B26 -> 0 | C26: ='2. Income Statement (accum)'!C26 -> -19329 | D26: ='2. Income Statement (accum)'!D26 -> -49077 | E26: ='2. Income Statement (accum)'!E26-'2. Income Statement (accum)'!D26 -> -50012 | F26: ='2. Income Statement (accum)'!F26-'2. Income Statement (accum)'!E26 -> -14935 | G26: =F26+E26 -> -64947 | H26: ='2. Income Statement (accum)'!G26 -> -74645 | I26: ='2. Income Statement (accum)'!H26-'2. Income Statement (accum)'!G26 -> -85710 | J26: ='2. Income Statement (accum)'!I26-'2. Income Statement (accum)'!H26 -> -32877 | K26: =J26+I26 -> -118587 | L26: ='2. Income Statement (accum)'!J26 -> -150568 | M26: ='2. Income Statement (accum)'!K26-'2. Income Statement (accum)'!J26 -> -170447 | N26: ='2. Income Statement (accum)'!L26-'2. Income Statement (accum)'!K26 -> -43735 | O26: =N26+M26 -> -214182 | P26: ='2. Income Statement (accum)'!M26 -> -163471 | Q26: ='2. Income Statement (accum)'!N26-'2. Income Statement (accum)'!M26 -> -134354 | R26: ='2. Income Statement (accum)'!O26-'2. Income Statement (accum)'!N26 -> -33693 | S26: =Q26+R26 -> -168047 | T26: ='2. Income Statement (accum)'!P26 -> -104689 | U26: ='2. Income Statement (accum)'!Q26-'2. Income Statement (accum)'!P26 -> -72037 | V26: ='2. Income Statement (accum)'!R26-'2. Income Statement (accum)'!Q26 -> -52265.389 | W26: =U26+V26 -> -124302.39 | X26: ='2. Income Statement (accum)'!S26 -> -116768
A27: Юридические и консультационные услуги | B27: ='2. Income Statement (accum)'!B27 -> -1314 | C27: ='2. Income Statement (accum)'!C27 -> -5619 | D27: ='2. Income Statement (accum)'!D27 -> -9919 | E27: ='2. Income Statement (accum)'!E27-'2. Income Statement (accum)'!D27 -> -2532 | F27: ='2. Income Statement (accum)'!F27-'2. Income Statement (accum)'!E27 -> -10262 | G27: =F27+E27 -> -12794 | H27: ='2. Income Statement (accum)'!G27 -> -20223 | I27: ='2. Income Statement (accum)'!H27-'2. Income Statement (accum)'!G27 -> -8312 | J27: ='2. Income Statement (accum)'!I27-'2. Income Statement (accum)'!H27 -> -164868 | K27: =J27+I27 -> -173180 | L27: ='2. Income Statement (accum)'!J27 -> -24677 | M27: ='2. Income Statement (accum)'!K27-'2. Income Statement (accum)'!J27 -> -53548 | N27: ='2. Income Statement (accum)'!L27-'2. Income Statement (accum)'!K27 -> -42260 | O27: =N27+M27 -> -95808 | P27: ='2. Income Statement (accum)'!M27 -> -93152 | Q27: ='2. Income Statement (accum)'!N27-'2. Income Statement (accum)'!M27 -> -24761 | R27: ='2. Income Statement (accum)'!O27-'2. Income Statement (accum)'!N27 -> -39960 | S27: =Q27+R27 -> -64721 | T27: ='2. Income Statement (accum)'!P27 -> -50193 | U27: ='2. Income Statement (accum)'!Q27-'2. Income Statement (accum)'!P27 -> -44909 | V27: ='2. Income Statement (accum)'!R27-'2. Income Statement (accum)'!Q27 -> -64268.779 | W27: =U27+V27 -> -109177.78 | X27: ='2. Income Statement (accum)'!S27 -> -143172
A28: Маркетинг и реклама | B28: ='2. Income Statement (accum)'!B28 -> 0 | C28: ='2. Income Statement (accum)'!C28 -> 0 | D28: ='2. Income Statement (accum)'!D28 -> -1393 | E28: ='2. Income Statement (accum)'!E28-'2. Income Statement (accum)'!D28 -> -26681 | F28: ='2. Income Statement (accum)'!F28-'2. Income Statement (accum)'!E28 -> -1969 | G28: =F28+E28 -> -28650 | H28: ='2. Income Statement (accum)'!G28 -> -2235 | I28: ='2. Income Statement (accum)'!H28-'2. Income Statement (accum)'!G28 -> -7966 | J28: ='2. Income Statement (accum)'!I28-'2. Income Statement (accum)'!H28 -> -6768 | K28: =J28+I28 -> -14734 | L28: ='2. Income Statement (accum)'!J28 -> -15654 | M28: ='2. Income Statement (accum)'!K28-'2. Income Statement (accum)'!J28 -> -70830 | N28: ='2. Income Statement (accum)'!L28-'2. Income Statement (accum)'!K28 -> -23038 | O28: =N28+M28 -> -93868 | P28: ='2. Income Statement (accum)'!M28 -> -44935 | Q28: ='2. Income Statement (accum)'!N28-'2. Income Statement (accum)'!M28 -> -74502 | R28: ='2. Income Statement (accum)'!O28-'2. Income Statement (accum)'!N28 -> -16333 | S28: =Q28+R28 -> -90835 | T28: ='2. Income Statement (accum)'!P28 -> -40935 | U28: ='2. Income Statement (accum)'!Q28-'2. Income Statement (accum)'!P28 -> -41825 | V28: ='2. Income Statement (accum)'!R28-'2. Income Statement (accum)'!Q28 -> -73480.357 | W28: =U28+V28 -> -115305.36 | X28: ='2. Income Statement (accum)'!S28 -> -122691
A29: Программное обеспечение | B29: ='2. Income Statement (accum)'!B29 -> 0 | C29: ='2. Income Statement (accum)'!C29 -> 0 | D29: ='2. Income Statement (accum)'!D29 -> 0 | E29: ='2. Income Statement (accum)'!E29-'2. Income Statement (accum)'!D29 -> 0 | F29: ='2. Income Statement (accum)'!F29-'2. Income Statement (accum)'!E29 -> 0 | G29: =F29+E29 -> 0 | H29: ='2. Income Statement (accum)'!G29 -> 0 | I29: ='2. Income Statement (accum)'!H29-'2. Income Statement (accum)'!G29 -> 0 | J29: ='2. Income Statement (accum)'!I29-'2. Income Statement (accum)'!H29 -> 0 | K29: =J29+I29 -> 0 | L29: ='2. Income Statement (accum)'!J29 -> -9389 | M29: ='2. Income Statement (accum)'!K29-'2. Income Statement (accum)'!J29 -> 9389 | N29: ='2. Income Statement (accum)'!L29-'2. Income Statement (accum)'!K29 -> -15372 | O29: =N29+M29 -> -5983 | P29: ='2. Income Statement (accum)'!M29 -> -42253 | Q29: ='2. Income Statement (accum)'!N29-'2. Income Statement (accum)'!M29 -> -27422 | R29: ='2. Income Statement (accum)'!O29-'2. Income Statement (accum)'!N29 -> -96342 | S29: =Q29+R29 -> -123764 | T29: ='2. Income Statement (accum)'!P29 -> -77442 | U29: ='2. Income Statement (accum)'!Q29-'2. Income Statement (accum)'!P29 -> -30958 | V29: ='2. Income Statement (accum)'!R29-'2. Income Statement (accum)'!Q29 -> 23304 | W29: =U29+V29 -> -7654 | X29: ='2. Income Statement (accum)'!S29 -> -37709
A30: Амортизация | B30: ='2. Income Statement (accum)'!B30 -> 0 | C30: ='2. Income Statement (accum)'!C30 -> -953 | D30: ='2. Income Statement (accum)'!D30 -> -5618 | E30: ='2. Income Statement (accum)'!E30-'2. Income Statement (accum)'!D30 -> -8665 | F30: ='2. Income Statement (accum)'!F30-'2. Income Statement (accum)'!E30 -> -94 | G30: =F30+E30 -> -8759 | H30: ='2. Income Statement (accum)'!G30 -> -17233 | I30: ='2. Income Statement (accum)'!H30-'2. Income Statement (accum)'!G30 -> -8787 | J30: ='2. Income Statement (accum)'!I30-'2. Income Statement (accum)'!H30 -> -9143 | K30: =J30+I30 -> -17930 | L30: ='2. Income Statement (accum)'!J30 -> -11686 | M30: ='2. Income Statement (accum)'!K30-'2. Income Statement (accum)'!J30 -> -43646 | N30: ='2. Income Statement (accum)'!L30-'2. Income Statement (accum)'!K30 -> -16940 | O30: =N30+M30 -> -60586 | P30: ='2. Income Statement (accum)'!M30 -> -39975 | Q30: ='2. Income Statement (accum)'!N30-'2. Income Statement (accum)'!M30 -> -21671 | R30: ='2. Income Statement (accum)'!O30-'2. Income Statement (accum)'!N30 -> -19951 | S30: =Q30+R30 -> -41622 | T30: ='2. Income Statement (accum)'!P30 -> -43395 | U30: ='2. Income Statement (accum)'!Q30-'2. Income Statement (accum)'!P30 -> -57897 | V30: ='2. Income Statement (accum)'!R30-'2. Income Statement (accum)'!Q30 -> -4325 | W30: =U30+V30 -> -62222 | X30: ='2. Income Statement (accum)'!S30 -> -53336
A31: Командировочные и представительские расходы | B31: ='2. Income Statement (accum)'!B31 -> 0 | C31: ='2. Income Statement (accum)'!C31 -> 0 | D31: ='2. Income Statement (accum)'!D31 -> 0 | E31: ='2. Income Statement (accum)'!E31-'2. Income Statement (accum)'!D31 -> 0 | F31: ='2. Income Statement (accum)'!F31-'2. Income Statement (accum)'!E31 -> 0 | G31: =F31+E31 -> 0 | H31: ='2. Income Statement (accum)'!G31 -> 0 | I31: ='2. Income Statement (accum)'!H31-'2. Income Statement (accum)'!G31 -> -8296 | J31: ='2. Income Statement (accum)'!I31-'2. Income Statement (accum)'!H31 -> -7957 | K31: =J31+I31 -> -16253 | L31: ='2. Income Statement (accum)'!J31 -> -9135 | M31: ='2. Income Statement (accum)'!K31-'2. Income Statement (accum)'!J31 -> -2318 | N31: ='2. Income Statement (accum)'!L31-'2. Income Statement (accum)'!K31 -> -17314 | O31: =N31+M31 -> -19632 | P31: ='2. Income Statement (accum)'!M31 -> -23588 | Q31: ='2. Income Statement (accum)'!N31-'2. Income Statement (accum)'!M31 -> -6917 | R31: ='2. Income Statement (accum)'!O31-'2. Income Statement (accum)'!N31 -> -15021 | S31: =Q31+R31 -> -21938 | T31: ='2. Income Statement (accum)'!P31 -> -11621 | U31: ='2. Income Statement (accum)'!Q31-'2. Income Statement (accum)'!P31 -> -10273 | V31: ='2. Income Statement (accum)'!R31-'2. Income Statement (accum)'!Q31 -> -11380.997 | W31: =U31+V31 -> -21653.997 | X31: ='2. Income Statement (accum)'!S31 -> -10433
A32: Расходы на банковское обслуживание | B32: ='2. Income Statement (accum)'!B32 -> -1571 | C32: ='2. Income Statement (accum)'!C32 -> -1955 | D32: ='2. Income Statement (accum)'!D32 -> 0 | E32: ='2. Income Statement (accum)'!E32-'2. Income Statement (accum)'!D32 -> 0 | F32: ='2. Income Statement (accum)'!F32-'2. Income Statement (accum)'!E32 -> -2337 | G32: =F32+E32 -> -2337 | H32: ='2. Income Statement (accum)'!G32 -> -2550 | I32: ='2. Income Statement (accum)'!H32-'2. Income Statement (accum)'!G32 -> -5453 | J32: ='2. Income Statement (accum)'!I32-'2. Income Statement (accum)'!H32 -> -1990 | K32: =J32+I32 -> -7443 | L32: ='2. Income Statement (accum)'!J32 -> -8677 | M32: ='2. Income Statement (accum)'!K32-'2. Income Statement (accum)'!J32 -> -9869 | N32: ='2. Income Statement (accum)'!L32-'2. Income Statement (accum)'!K32 -> -11317 | O32: =N32+M32 -> -21186 | P32: ='2. Income Statement (accum)'!M32 -> -16155 | Q32: ='2. Income Statement (accum)'!N32-'2. Income Statement (accum)'!M32 -> -18291 | R32: ='2. Income Statement (accum)'!O32-'2. Income Statement (accum)'!N32 -> -45055 | S32: =Q32+R32 -> -63346 | T32: ='2. Income Statement (accum)'!P32 -> -22098 | U32: ='2. Income Statement (accum)'!Q32-'2. Income Statement (accum)'!P32 -> -6953 | V32: ='2. Income Statement (accum)'!R32-'2. Income Statement (accum)'!Q32 -> -3093.4825 | W32: =U32+V32 -> -10046.482 | X32: ='2. Income Statement (accum)'!S32 -> -10568
A33: Расходы по краткосрочной аренде и аренде с низкой стоимостью | B33: ='2. Income Statement (accum)'!B33 -> 0 | C33: ='2. Income Statement (accum)'!C33 -> -2221 | D33: ='2. Income Statement (accum)'!D33 -> -1832 | E33: ='2. Income Statement (accum)'!E33-'2. Income Statement (accum)'!D33 -> -576 | F33: ='2. Income Statement (accum)'!F33-'2. Income Statement (accum)'!E33 -> -798 | G33: =F33+E33 -> -1374 | H33: ='2. Income Statement (accum)'!G33 -> -1349 | I33: ='2. Income Statement (accum)'!H33-'2. Income Statement (accum)'!G33 -> -701 | J33: ='2. Income Statement (accum)'!I33-'2. Income Statement (accum)'!H33 -> -1086 | K33: =J33+I33 -> -1787 | L33: ='2. Income Statement (accum)'!J33 -> -7704 | M33: ='2. Income Statement (accum)'!K33-'2. Income Statement (accum)'!J33 -> -2789 | N33: ='2. Income Statement (accum)'!L33-'2. Income Statement (accum)'!K33 -> -3386 | O33: =N33+M33 -> -6175 | P33: ='2. Income Statement (accum)'!M33 -> -9382 | Q33: ='2. Income Statement (accum)'!N33-'2. Income Statement (accum)'!M33 -> -5047 | R33: ='2. Income Statement (accum)'!O33-'2. Income Statement (accum)'!N33 -> -6238 | S33: =Q33+R33 -> -11285 | T33: ='2. Income Statement (accum)'!P33 -> -32692 | U33: ='2. Income Statement (accum)'!Q33-'2. Income Statement (accum)'!P33 -> -10600 | V33: ='2. Income Statement (accum)'!R33-'2. Income Statement (accum)'!Q33 -> -59778.093 | W33: =U33+V33 -> -70378.093 | X33: ='2. Income Statement (accum)'!S33 -> -41678
A34: Ремонт и техническое обслуживание | B34: ='2. Income Statement (accum)'!B34 -> -466 | C34: ='2. Income Statement (accum)'!C34 -> -6746 | D34: ='2. Income Statement (accum)'!D34 -> -9400 | E34: ='2. Income Statement (accum)'!E34-'2. Income Statement (accum)'!D34 -> -4747 | F34: ='2. Income Statement (accum)'!F34-'2. Income Statement (accum)'!E34 -> -3538 | G34: =F34+E34 -> -8285 | H34: ='2. Income Statement (accum)'!G34 -> -11856 | I34: ='2. Income Statement (accum)'!H34-'2. Income Statement (accum)'!G34 -> -5946 | J34: ='2. Income Statement (accum)'!I34-'2. Income Statement (accum)'!H34 -> -3877 | K34: =J34+I34 -> -9823 | L34: ='2. Income Statement (accum)'!J34 -> -499 | M34: ='2. Income Statement (accum)'!K34-'2. Income Statement (accum)'!J34 -> -10248 | N34: ='2. Income Statement (accum)'!L34-'2. Income Statement (accum)'!K34 -> -4664 | O34: =N34+M34 -> -14912 | P34: ='2. Income Statement (accum)'!M34 -> -6523 | Q34: ='2. Income Statement (accum)'!N34-'2. Income Statement (accum)'!M34 -> -3999 | R34: ='2. Income Statement (accum)'!O34-'2. Income Statement (accum)'!N34 -> -6181 | S34: =Q34+R34 -> -10180 | T34: ='2. Income Statement (accum)'!P34 -> -3455 | U34: ='2. Income Statement (accum)'!Q34-'2. Income Statement (accum)'!P34 -> -2933 | V34: ='2. Income Statement (accum)'!R34-'2. Income Statement (accum)'!Q34 -> -1677.2988 | W34: =U34+V34 -> -4610.2988 | X34: ='2. Income Statement (accum)'!S34 -> -3128
A35: Прочее | B35: ='2. Income Statement (accum)'!B35 -> -619 | C35: ='2. Income Statement (accum)'!C35 -> -9069 | D35: ='2. Income Statement (accum)'!D35 -> -4657 | E35: ='2. Income Statement (accum)'!E35-'2. Income Statement (accum)'!D35 -> -2607 | F35: ='2. Income Statement (accum)'!F35-'2. Income Statement (accum)'!E35 -> -9426 | G35: =F35+E35 -> -12033 | H35: ='2. Income Statement (accum)'!G35 -> -18900 | I35: ='2. Income Statement (accum)'!H35-'2. Income Statement (accum)'!G35 -> -10749 | J35: ='2. Income Statement (accum)'!I35-'2. Income Statement (accum)'!H35 -> -11250 | K35: =J35+I35 -> -21999 | L35: ='2. Income Statement (accum)'!J35 -> -40961 | M35: ='2. Income Statement (accum)'!K35-'2. Income Statement (accum)'!J35 -> -42194 | N35: ='2. Income Statement (accum)'!L35-'2. Income Statement (accum)'!K35 -> -20030 | O35: =N35+M35 -> -62224 | P35: ='2. Income Statement (accum)'!M35 -> -61477 | Q35: ='2. Income Statement (accum)'!N35-'2. Income Statement (accum)'!M35 -> -45746 | R35: ='2. Income Statement (accum)'!O35-'2. Income Statement (accum)'!N35 -> 23322 | S35: =Q35+R35 -> -22424 | T35: ='2. Income Statement (accum)'!P35 -> -110945 | U35: ='2. Income Statement (accum)'!Q35-'2. Income Statement (accum)'!P35 -> -1019 | V35: ='2. Income Statement (accum)'!R35-'2. Income Statement (accum)'!Q35 -> -71020 | W35: =U35+V35 -> -72039 | X35: ='2. Income Statement (accum)'!S35 -> -89248
A36: Прочие операционные доходы | B36: 22 | C36: 1658 | D36: 2357 | E36: ='2. Income Statement (accum)'!E36-'2. Income Statement (accum)'!D36 -> 581 | F36: 46574 | G36: 47155 | H36: 12107 | I36: 20419 | J36: =SUM(J37:J41) -> 26277 | K36: =SUM(K37:K41) -> 46696 | L36: =SUM(L37:L41) -> 29708 | M36: =SUM(M37:M41) -> 41744 | N36: =SUM(N37:N41) -> -27442 | O36: =SUM(O37:O41) -> 14302 | P36: =SUM(P37:P41) -> 9801 | Q36: ='2. Income Statement (accum)'!N36-'2. Income Statement (accum)'!M36 -> 4055 | R36: ='2. Income Statement (accum)'!O36-'2. Income Statement (accum)'!N36 -> 10713 | S36: =SUM(S37:S41) -> 14768 | T36: =SUM(T37:T41) -> 8995 | U36: ='2. Income Statement (accum)'!Q36-'2. Income Statement (accum)'!P36 -> 13693 | V36: ='2. Income Statement (accum)'!R36-'2. Income Statement (accum)'!Q36 -> 1440.9133 | W36: =SUM(W37:W41) -> 15133.913 | X36: ='2. Income Statement (accum)'!S36 -> 17400
A37: Государственные субсидии | B37: ='2. Income Statement (accum)'!B37 -> 0 | C37: ='2. Income Statement (accum)'!C37 -> 0 | D37: ='2. Income Statement (accum)'!D37 -> 0 | E37: ='2. Income Statement (accum)'!E37-'2. Income Statement (accum)'!D37 -> 0 | F37: ='2. Income Statement (accum)'!F37-'2. Income Statement (accum)'!E37 -> 35712 | G37: =F37+E37 -> 35712 | H37: ='2. Income Statement (accum)'!G37 -> 0 | I37: ='2. Income Statement (accum)'!H37-'2. Income Statement (accum)'!G37 -> 0 | J37: ='2. Income Statement (accum)'!I37-'2. Income Statement (accum)'!H37 -> 22764 | K37: =J37+I37 -> 22764 | L37: ='2. Income Statement (accum)'!J37 -> 5691 | M37: ='2. Income Statement (accum)'!K37-'2. Income Statement (accum)'!J37 -> 2846 | N37: ='2. Income Statement (accum)'!L37-'2. Income Statement (accum)'!K37 -> 2845 | O37: =N37+M37 -> 5691 | P37: ='2. Income Statement (accum)'!M37 -> 5691 | S37: ='2. Income Statement (accum)'!O37-'2. Income Statement (accum)'!M37 -> 5691 | T37: ='2. Income Statement (accum)'!P37 -> 0 | W37: ='2. Income Statement (accum)'!R37-'2. Income Statement (accum)'!P37 -> 0 | X37: ='2. Income Statement (accum)'!S37 -> -
A38: Возмещение страховых взносов | B38: ='2. Income Statement (accum)'!B38 -> 0 | C38: ='2. Income Statement (accum)'!C38 -> 0 | D38: ='2. Income Statement (accum)'!D38 -> 0 | E38: ='2. Income Statement (accum)'!E38-'2. Income Statement (accum)'!D38 -> 0 | F38: ='2. Income Statement (accum)'!F38-'2. Income Statement (accum)'!E38 -> 0 | G38: =F38+E38 -> 0 | H38: ='2. Income Statement (accum)'!G38 -> 0 | I38: ='2. Income Statement (accum)'!H38-'2. Income Statement (accum)'!G38 -> 0 | J38: ='2. Income Statement (accum)'!I38-'2. Income Statement (accum)'!H38 -> 0 | K38: =J38+I38 -> 0 | L38: ='2. Income Statement (accum)'!J38 -> 13890 | M38: ='2. Income Statement (accum)'!K38-'2. Income Statement (accum)'!J38 -> 0 | N38: ='2. Income Statement (accum)'!L38-'2. Income Statement (accum)'!K38 -> 2062 | O38: =N38+M38 -> 2062 | P38: ='2. Income Statement (accum)'!M38 -> 1000 | S38: ='2. Income Statement (accum)'!O38-'2. Income Statement (accum)'!M38 -> 0 | T38: ='2. Income Statement (accum)'!P38 -> 0 | W38: ='2. Income Statement (accum)'!R38-'2. Income Statement (accum)'!P38 -> 0 | X38: ='2. Income Statement (accum)'!S38 -> 0
A39: Прочее | B39: ='2. Income Statement (accum)'!B39 -> 22 | C39: ='2. Income Statement (accum)'!C39 -> 1658 | D39: ='2. Income Statement (accum)'!D39 -> 2357 | E39: ='2. Income Statement (accum)'!E39-'2. Income Statement (accum)'!D39 -> 581 | F39: ='2. Income Statement (accum)'!F39-'2. Income Statement (accum)'!E39 -> 3666 | G39: =F39+E39 -> 4247 | H39: ='2. Income Statement (accum)'!G39 -> 12107 | I39: ='2. Income Statement (accum)'!H39-'2. Income Statement (accum)'!G39 -> 1228 | J39: ='2. Income Statement (accum)'!I39-'2. Income Statement (accum)'!H39 -> 2819 | K39: =J39+I39 -> 4047 | L39: ='2. Income Statement (accum)'!J39 -> 10127 | M39: ='2. Income Statement (accum)'!K39-'2. Income Statement (accum)'!J39 -> 38898 | N39: ='2. Income Statement (accum)'!L39-'2. Income Statement (accum)'!K39 -> -32349 | O39: =N39+M39 -> 6549 | P39: ='2. Income Statement (accum)'!M39 -> 3110 | S39: ='2. Income Statement (accum)'!O39-'2. Income Statement (accum)'!M39 -> 9077 | T39: ='2. Income Statement (accum)'!P39 -> 8995 | W39: ='2. Income Statement (accum)'!R39-'2. Income Statement (accum)'!P39 -> 15133.913 | X39: ='2. Income Statement (accum)'!S39 -> 17400
A40: Отрицательный гудвил | B40: ='2. Income Statement (accum)'!B40 -> 0 | C40: ='2. Income Statement (accum)'!C40 -> 0 | D40: ='2. Income Statement (accum)'!D40 -> 0 | E40: ='2. Income Statement (accum)'!E40-'2. Income Statement (accum)'!D40 -> 0 | F40: ='2. Income Statement (accum)'!F40-'2. Income Statement (accum)'!E40 -> 0 | G40: =F40+E40 -> 0 | H40: ='2. Income Statement (accum)'!G40 -> 0 | I40: ='2. Income Statement (accum)'!H40-'2. Income Statement (accum)'!G40 -> 19191 | J40: ='2. Income Statement (accum)'!I40-'2. Income Statement (accum)'!H40 -> 694 | K40: =J40+I40 -> 19885 | L40: ='2. Income Statement (accum)'!J40 -> 0 | M40: ='2. Income Statement (accum)'!K40-'2. Income Statement (accum)'!J40 -> 0 | N40: ='2. Income Statement (accum)'!L40-'2. Income Statement (accum)'!K40 -> 0 | O40: =N40+M40 -> 0 | P40: ='2. Income Statement (accum)'!M40 -> 0 | S40: ='2. Income Statement (accum)'!O40-'2. Income Statement (accum)'!M40 -> 0 | T40: ='2. Income Statement (accum)'!P40 -> 0 | W40: ='2. Income Statement (accum)'!R40-'2. Income Statement (accum)'!P40 -> 0 | X40: ='2. Income Statement (accum)'!S40 -> 0
A41: Прибыль от курсовой разницы по операционной деятельности | B41: ='2. Income Statement (accum)'!B41 -> 0 | C41: ='2. Income Statement (accum)'!C41 -> 0 | D41: ='2. Income Statement (accum)'!D41 -> 0 | E41: ='2. Income Statement (accum)'!E41-'2. Income Statement (accum)'!D41 -> 0 | F41: ='2. Income Statement (accum)'!F41-'2. Income Statement (accum)'!E41 -> 7196 | G41: =F41+E41 -> 7196 | H41: ='2. Income Statement (accum)'!G41 -> 0 | I41: ='2. Income Statement (accum)'!H41-'2. Income Statement (accum)'!G41 -> 0 | J41: ='2. Income Statement (accum)'!I41-'2. Income Statement (accum)'!H41 -> 0 | K41: =J41+I41 -> 0 | L41: ='2. Income Statement (accum)'!J41 -> 0 | M41: ='2. Income Statement (accum)'!K41-'2. Income Statement (accum)'!J41 -> 0 | N41: ='2. Income Statement (accum)'!L41-'2. Income Statement (accum)'!K41 -> 0 | O41: =N41+M41 -> 0 | P41: ='2. Income Statement (accum)'!M41 -> 0 | S41: ='2. Income Statement (accum)'!O41-'2. Income Statement (accum)'!M41 -> 0 | T41: ='2. Income Statement (accum)'!P41 -> 0 | W41: ='2. Income Statement (accum)'!R41-'2. Income Statement (accum)'!P41 -> 0 | X41: ='2. Income Statement (accum)'!S41 -> 0
A42: Прочие операционные расходы | B42: 0 | C42: -118494 | D42: -55791 | E42: -3932 | F42: -15213 | G42: -19145 | H42: -4106 | I42: -6607 | J42: -20830 | K42: -27437 | L42: -46449 | M42: 2618 | N42: -7636 | O42: -5018 | P42: -36054 | Q42: -18962 | R42: -73104 | S42: -92066 | T42: -337343 | U42: ='2. Income Statement (accum)'!Q42-'2. Income Statement (accum)'!P42 -> -64313 | V42: ='2. Income Statement (accum)'!R42-'2. Income Statement (accum)'!Q42 -> 113461.42 | W42: =SUM(W43:W46) -> 49148.424 | X42: ='2. Income Statement (accum)'!S42 -> -511828
A43: Убыток / (доход) от выбытия основных средств | B43: ='2. Income Statement (accum)'!B43 -> 0 | C43: ='2. Income Statement (accum)'!C43 -> -6084 | D43: ='2. Income Statement (accum)'!D43 -> -3904 | E43: ='2. Income Statement (accum)'!E43-'2. Income Statement (accum)'!D43 -> -1939 | F43: ='2. Income Statement (accum)'!F43-'2. Income Statement (accum)'!E43 -> -15891 | G43: =F43+E43 -> -17830 | H43: ='2. Income Statement (accum)'!G43 -> -3815 | I43: ='2. Income Statement (accum)'!H43-'2. Income Statement (accum)'!G43 -> -3166 | J43: ='2. Income Statement (accum)'!I43-'2. Income Statement (accum)'!H43 -> -4892 | K43: =J43+I43 -> -8058 | L43: ='2. Income Statement (accum)'!J43 -> -16252 | M43: ='2. Income Statement (accum)'!K43-'2. Income Statement (accum)'!J43 -> 5707 | N43: ='2. Income Statement (accum)'!L43-'2. Income Statement (accum)'!K43 -> -2513 | O43: =N43+M43 -> 3194 | P43: ='2. Income Statement (accum)'!M43 -> -2185 | S43: ='2. Income Statement (accum)'!O43-'2. Income Statement (accum)'!M43 -> -35276 | T43: ='2. Income Statement (accum)'!P43 -> -273697 | W43: ='2. Income Statement (accum)'!R43-'2. Income Statement (accum)'!P43 -> 27243.424 | X43: ='2. Income Statement (accum)'!S43 -> -469977
A44: Прочее | B44: ='2. Income Statement (accum)'!B44 -> 0 | C44: ='2. Income Statement (accum)'!C44 -> -244 | D44: ='2. Income Statement (accum)'!D44 -> -2342 | E44: ='2. Income Statement (accum)'!E44-'2. Income Statement (accum)'!D44 -> -1993 | F44: ='2. Income Statement (accum)'!F44-'2. Income Statement (accum)'!E44 -> 678 | G44: =F44+E44 -> -1315 | H44: ='2. Income Statement (accum)'!G44 -> -291 | I44: ='2. Income Statement (accum)'!H44-'2. Income Statement (accum)'!G44 -> -3441 | J44: ='2. Income Statement (accum)'!I44-'2. Income Statement (accum)'!H44 -> -15938 | K44: =J44+I44 -> -19379 | L44: ='2. Income Statement (accum)'!J44 -> -30197 | M44: ='2. Income Statement (accum)'!K44-'2. Income Statement (accum)'!J44 -> -3089 | N44: ='2. Income Statement (accum)'!L44-'2. Income Statement (accum)'!K44 -> -5123 | O44: =N44+M44 -> -8212 | P44: ='2. Income Statement (accum)'!M44 -> -33869 | S44: ='2. Income Statement (accum)'!O44-'2. Income Statement (accum)'!M44 -> -56790 | T44: ='2. Income Statement (accum)'!P44 -> -63646 | W44: ='2. Income Statement (accum)'!R44-'2. Income Statement (accum)'!P44 -> 21905 | X44: ='2. Income Statement (accum)'!S44 -> -41851
A45: Штраф за досрочное расторжение договора | B45: ='2. Income Statement (accum)'!B45 -> 0 | C45: ='2. Income Statement (accum)'!C45 -> -100338 | D45: ='2. Income Statement (accum)'!D45 -> -49545 | E45: ='2. Income Statement (accum)'!E45-'2. Income Statement (accum)'!D45 -> 0 | F45: ='2. Income Statement (accum)'!F45-'2. Income Statement (accum)'!E45 -> 0 | G45: =F45+E45 -> 0 | H45: ='2. Income Statement (accum)'!G45 -> 0 | I45: ='2. Income Statement (accum)'!H45-'2. Income Statement (accum)'!G45 -> 0 | J45: ='2. Income Statement (accum)'!I45-'2. Income Statement (accum)'!H45 -> 0 | K45: =J45+I45 -> 0 | L45: ='2. Income Statement (accum)'!J45 -> 0 | M45: ='2. Income Statement (accum)'!K45-'2. Income Statement (accum)'!J45 -> 0 | N45: ='2. Income Statement (accum)'!L45-'2. Income Statement (accum)'!K45 -> 0 | O45: =N45+M45 -> 0 | P45: ='2. Income Statement (accum)'!M45 -> 0 | S45: ='2. Income Statement (accum)'!O45-'2. Income Statement (accum)'!M45 -> 0 | T45: ='2. Income Statement (accum)'!P45 -> 0 | W45: ='2. Income Statement (accum)'!R45-'2. Income Statement (accum)'!P45 -> 0 | X45: ='2. Income Statement (accum)'!S45 -> 0
A46: Убыток от курсовой разницы по операционной деятельности | B46: ='2. Income Statement (accum)'!B46 -> 0 | C46: ='2. Income Statement (accum)'!C46 -> -11828 | D46: ='2. Income Statement (accum)'!D46 -> 0 | E46: ='2. Income Statement (accum)'!E46-'2. Income Statement (accum)'!D46 -> 0 | F46: ='2. Income Statement (accum)'!F46-'2. Income Statement (accum)'!E46 -> 0 | G46: =F46+E46 -> 0 | H46: ='2. Income Statement (accum)'!G46 -> 0 | I46: ='2. Income Statement (accum)'!H46-'2. Income Statement (accum)'!G46 -> 0 | J46: ='2. Income Statement (accum)'!I46-'2. Income Statement (accum)'!H46 -> 0 | K46: =J46+I46 -> 0 | L46: ='2. Income Statement (accum)'!J46 -> 0 | M46: ='2. Income Statement (accum)'!K46-'2. Income Statement (accum)'!J46 -> 0 | N46: ='2. Income Statement (accum)'!L46-'2. Income Statement (accum)'!K46 -> 0 | O46: =N46+M46 -> 0 | P46: ='2. Income Statement (accum)'!M46 -> 0 | S46: ='2. Income Statement (accum)'!O46-'2. Income Statement (accum)'!M46 -> 0 | T46: ='2. Income Statement (accum)'!P46 -> 0 | W46: ='2. Income Statement (accum)'!R46-'2. Income Statement (accum)'!P46 -> 0 | X46: ='2. Income Statement (accum)'!S46 -> 0
A47: Операционная прибыль (убыток) | B47: =B22+B24+B36+B42 -> 26077 | C47: =C22+C24+C36+C42 -> 229200 | D47: =D22+D24+D36+D42 -> 1130329 | E47: =E22+E24+E36+E42 -> 786845 | F47: =F22+F24+F36+F42 -> 17275 | G47: =G22+G24+G36+G42 -> 804120 | H47: =H22+H24+H36+H42 -> 909871 | I47: =I22+I24+I36+I42 -> 1376921 | ... W47: =W22+W24+W36+W42 -> 865087.12 | X47: ='2. Income Statement (accum)'!S47 -> -410668
X48: ='2. Income Statement (accum)'!S48 -> 0
A49: Финансовые доходы | B49: 0 | C49: 8040 | D49: 5272 | E49: 12890 | F49: 12305 | G49: 25195 | H49: 23172 | I49: 18671 | J49: 47434 | K49: 66105 | L49: 579885 | M49: 436782 | N49: -315037 | O49: 121745 | P49: 44622 | Q49: ='2. Income Statement (accum)'!N49-'2. Income Statement (accum)'!M49 -> 99304 | R49: ='2. Income Statement (accum)'!O49-'2. Income Statement (accum)'!N49 -> 441303 | S49: 540607 | T49: 191835 | U49: ='2. Income Statement (accum)'!Q49-'2. Income Statement (accum)'!P49 -> 137035 | V49: ='2. Income Statement (accum)'!R49-'2. Income Statement (accum)'!Q49 -> 96269 | W49: ='2. Income Statement (accum)'!R49-'2. Income Statement (accum)'!P49 -> 233304 | X49: ='2. Income Statement (accum)'!S49 -> 98230
A50: Процентный доход по банковским депозитам | B50: ='2. Income Statement (accum)'!B50 -> 0 | C50: ='2. Income Statement (accum)'!C50 -> 0 | D50: ='2. Income Statement (accum)'!D50 -> 5272 | E50: ='2. Income Statement (accum)'!E50-'2. Income Statement (accum)'!D50 -> 12890 | F50: ='2. Income Statement (accum)'!F50-'2. Income Statement (accum)'!E50 -> 12305 | G50: =F50+E50 -> 25195 | H50: ='2. Income Statement (accum)'!G50 -> 18367 | I50: ='2. Income Statement (accum)'!H50-'2. Income Statement (accum)'!G50 -> 11927 | J50: ='2. Income Statement (accum)'!I50-'2. Income Statement (accum)'!H50 -> 26331 | K50: =J50+I50 -> 38258 | L50: ='2. Income Statement (accum)'!J50 -> 20684 | M50: ='2. Income Statement (accum)'!K50-'2. Income Statement (accum)'!J50 -> 96269 | N50: ='2. Income Statement (accum)'!L50-'2. Income Statement (accum)'!K50 -> 79843 | O50: =N50+M50 -> 176112 | P50: ='2. Income Statement (accum)'!M50 -> 30790 | S50: ='2. Income Statement (accum)'!O50-'2. Income Statement (accum)'!M50 -> 347063 | T50: ='2. Income Statement (accum)'!P50 -> 183468 | W50: ='2. Income Statement (accum)'!R50-'2. Income Statement (accum)'!P50 -> 190010 | X50: ='2. Income Statement (accum)'!S50 -> 88235
A51: Доход от курсовых разниц, нетто | B51: ='2. Income Statement (accum)'!B51 -> 0 | C51: ='2. Income Statement (accum)'!C51 -> 0 | D51: ='2. Income Statement (accum)'!D51 -> 0 | E51: ='2. Income Statement (accum)'!E51-'2. Income Statement (accum)'!D51 -> 0 | F51: ='2. Income Statement (accum)'!F51-'2. Income Statement (accum)'!E51 -> 0 | G51: =F51+E51 -> 0 | H51: ='2. Income Statement (accum)'!G51 -> 0 | I51: ='2. Income Statement (accum)'!H51-'2. Income Statement (accum)'!G51 -> 0 | J51: ='2. Income Statement (accum)'!I51-'2. Income Statement (accum)'!H51 -> 20909 | K51: =J51+I51 -> 20909 | L51: ='2. Income Statement (accum)'!J51 -> 553546 | M51: ='2. Income Statement (accum)'!K51-'2. Income Statement (accum)'!J51 -> 338775 | N51: ='2. Income Statement (accum)'!L51-'2. Income Statement (accum)'!K51 -> -400066 | O51: =N51+M51 -> -61291 | P51: ='2. Income Statement (accum)'!M51 -> 0 | S51: ='2. Income Statement (accum)'!O51-'2. Income Statement (accum)'!M51 -> 181722 | T51: ='2. Income Statement (accum)'!P51 -> 0 | W51: ='2. Income Statement (accum)'!R51-'2. Income Statement (accum)'!P51 -> 0 | X51: ='2. Income Statement (accum)'!S51 -> 0
A52: Восстановление оценочного резерва под ОКУ по финансовым активам | B52: ='2. Income Statement (accum)'!B52 -> 0 | C52: ='2. Income Statement (accum)'!C52 -> 0 | D52: ='2. Income Statement (accum)'!D52 -> 0 | E52: ='2. Income Statement (accum)'!E52-'2. Income Statement (accum)'!D52 -> 0 | F52: ='2. Income Statement (accum)'!F52-'2. Income Statement (accum)'!E52 -> 0 | G52: =F52+E52 -> 0 | H52: ='2. Income Statement (accum)'!G52 -> 0 | I52: ='2. Income Statement (accum)'!H52-'2. Income Statement (accum)'!G52 -> 0 | J52: ='2. Income Statement (accum)'!I52-'2. Income Statement (accum)'!H52 -> 0 | K52: =J52+I52 -> 0 | L52: ='2. Income Statement (accum)'!J52 -> 0 | M52: ='2. Income Statement (accum)'!K52-'2. Income Statement (accum)'!J52 -> 0 | N52: ='2. Income Statement (accum)'!L52-'2. Income Statement (accum)'!K52 -> 0 | O52: =N52+M52 -> 0 | P52: ='2. Income Statement (accum)'!M52 -> 0 | S52: ='2. Income Statement (accum)'!O52-'2. Income Statement (accum)'!M52 -> 2032 | T52: ='2. Income Statement (accum)'!P52 -> 3678 | W52: ='2. Income Statement (accum)'!R52-'2. Income Statement (accum)'!P52 -> 44516 | X52: ='2. Income Statement (accum)'!S52 -> 7575
A53: Процентный доход по займам | B53: ='2. Income Statement (accum)'!B53 -> 0 | C53: ='2. Income Statement (accum)'!C53 -> 0 | D53: ='2. Income Statement (accum)'!D53 -> 0 | E53: ='2. Income Statement (accum)'!E53-'2. Income Statement (accum)'!D53 -> 0 | F53: ='2. Income Statement (accum)'!F53-'2. Income Statement (accum)'!E53 -> 0 | G53: =F53+E53 -> 0 | H53: ='2. Income Statement (accum)'!G53 -> 4805 | I53: ='2. Income Statement (accum)'!H53-'2. Income Statement (accum)'!G53 -> 6744 | J53: ='2. Income Statement (accum)'!I53-'2. Income Statement (accum)'!H53 -> 194 | K53: =J53+I53 -> 6938 | L53: ='2. Income Statement (accum)'!J53 -> 5655 | M53: ='2. Income Statement (accum)'!K53-'2. Income Statement (accum)'!J53 -> 1738 | N53: ='2. Income Statement (accum)'!L53-'2. Income Statement (accum)'!K53 -> 5186 | O53: =N53+M53 -> 6924 | P53: ='2. Income Statement (accum)'!M53 -> 13832 | S53: ='2. Income Statement (accum)'!O53-'2. Income Statement (accum)'!M53 -> 9790 | T53: ='2. Income Statement (accum)'!P53 -> 4689 | W53: ='2. Income Statement (accum)'!R53-'2. Income Statement (accum)'!P53 -> -1222 | X53: ='2. Income Statement (accum)'!S53 -> 2071
A54: Прочее | X54: ='2. Income Statement (accum)'!S54 -> 349
A55: Финансовые расходы | B55: -647 | C55: -13707 | D55: -78690 | E55: -50228 | F55: -39572 | G55: -89800 | H55: -548147 | I55: -148965 | J55: 20436 | K55: -128529 | L55: -487985 | M55: -539139 | N55: -277648 | O55: -816787 | P55: -1162718 | Q55: ='2. Income Statement (accum)'!N55-'2. Income Statement (accum)'!M55 -> -77059 | R55: ='2. Income Statement (accum)'!O55-'2. Income Statement (accum)'!N55 -> -641310 | S55: -718369 | T55: -1366378 | U55: ='2. Income Statement (accum)'!Q55-'2. Income Statement (accum)'!P55 -> -863565 | V55: ='2. Income Statement (accum)'!R55-'2. Income Statement (accum)'!Q55 -> -1066268 | W55: =SUM(W56:W65) -> -1929833 | X55: ='2. Income Statement (accum)'!S55 -> -1363149
A56: Процентные расходы по облигациям | B56: ='2. Income Statement (accum)'!B56 -> 0 | C56: ='2. Income Statement (accum)'!C56 -> 0 | D56: ='2. Income Statement (accum)'!D56 -> 0 | E56: ='2. Income Statement (accum)'!E56-'2. Income Statement (accum)'!D56 -> 0 | F56: ='2. Income Statement (accum)'!F56-'2. Income Statement (accum)'!E56 -> 0 | G56: =F56+E56 -> 0 | H56: ='2. Income Statement (accum)'!G56 -> 0 | I56: ='2. Income Statement (accum)'!H56-'2. Income Statement (accum)'!G56 -> -128609 | J56: ='2. Income Statement (accum)'!I56-'2. Income Statement (accum)'!H56 -> -127226 | K56: =J56+I56 -> -255835 | L56: ='2. Income Statement (accum)'!J56 -> -250303 | M56: ='2. Income Statement (accum)'!K56-'2. Income Statement (accum)'!J56 -> -209400 | N56: ='2. Income Statement (accum)'!L56-'2. Income Statement (accum)'!K56 -> -242679 | O56: =N56+M56 -> -452079 | P56: ='2. Income Statement (accum)'!M56 -> -480571 | S56: ='2. Income Statement (accum)'!O56-'2. Income Statement (accum)'!M56 -> -770549 | T56: ='2. Income Statement (accum)'!P56 -> -974632 | W56: ='2. Income Statement (accum)'!R56-'2. Income Statement (accum)'!P56 -> -1147521 | X56: ='2. Income Statement (accum)'!S56 -> -1210229
A57: Убыток от курсовых разниц | B57: ='2. Income Statement (accum)'!B57 -> 0 | C57: ='2. Income Statement (accum)'!C57 -> 0 | D57: ='2. Income Statement (accum)'!D57 -> -778 | E57: ='2. Income Statement (accum)'!E57-'2. Income Statement (accum)'!D57 -> -461 | F57: ='2. Income Statement (accum)'!F57-'2. Income Statement (accum)'!E57 -> 1239 | G57: =F57+E57 -> 778 | H57: ='2. Income Statement (accum)'!G57 -> -174319 | I57: ='2. Income Statement (accum)'!H57-'2. Income Statement (accum)'!G57 -> -12705 | J57: ='2. Income Statement (accum)'!I57-'2. Income Statement (accum)'!H57 -> 187024 | K57: =J57+I57 -> 174319 | L57: ='2. Income Statement (accum)'!J57 -> 0 | M57: ='2. Income Statement (accum)'!K57-'2. Income Statement (accum)'!J57 -> 0 | N57: ='2. Income Statement (accum)'!L57-'2. Income Statement (accum)'!K57 -> 0 | O57: =N57+M57 -> 0 | P57: ='2. Income Statement (accum)'!M57 -> -357500 | S57: ='2. Income Statement (accum)'!O57-'2. Income Statement (accum)'!M57 -> 357500 | T57: ='2. Income Statement (accum)'!P57 -> -116069 | W57: ='2. Income Statement (accum)'!R57-'2. Income Statement (accum)'!P57 -> 57696 | X57: ='2. Income Statement (accum)'!S57 -> -21289
A58: Процентные расходы по банковским кредитам | B58: ='2. Income Statement (accum)'!B58 -> 0 | C58: ='2. Income Statement (accum)'!C58 -> -9815 | D58: ='2. Income Statement (accum)'!D58 -> -70065 | E58: ='2. Income Statement (accum)'!E58-'2. Income Statement (accum)'!D58 -> -45782 | F58: ='2. Income Statement (accum)'!F58-'2. Income Statement (accum)'!E58 -> -35788 | G58: =F58+E58 -> -81570 | H58: ='2. Income Statement (accum)'!G58 -> -355192 | I58: ='2. Income Statement (accum)'!H58-'2. Income Statement (accum)'!G58 -> -541 | J58: ='2. Income Statement (accum)'!I58-'2. Income Statement (accum)'!H58 -> -33082 | K58: =J58+I58 -> -33623 | L58: ='2. Income Statement (accum)'!J58 -> -124369 | M58: ='2. Income Statement (accum)'!K58-'2. Income Statement (accum)'!J58 -> -46649 | N58: ='2. Income Statement (accum)'!L58-'2. Income Statement (accum)'!K58 -> -59795 | O58: =N58+M58 -> -106444 | P58: ='2. Income Statement (accum)'!M58 -> -226227 | S58: ='2. Income Statement (accum)'!O58-'2. Income Statement (accum)'!M58 -> -107396 | T58: ='2. Income Statement (accum)'!P58 -> -120065 | W58: ='2. Income Statement (accum)'!R58-'2. Income Statement (accum)'!P58 -> -137447 | X58: ='2. Income Statement (accum)'!S58 -> -27363
A59: Процентные расходы по обязательствам по аренде | B59: ='2. Income Statement (accum)'!B59 -> -30 | C59: ='2. Income Statement (accum)'!C59 -> -637 | D59: ='2. Income Statement (accum)'!D59 -> -3959 | E59: ='2. Income Statement (accum)'!E59-'2. Income Statement (accum)'!D59 -> -3985 | F59: ='2. Income Statement (accum)'!F59-'2. Income Statement (accum)'!E59 -> -5023 | G59: =F59+E59 -> -9008 | H59: ='2. Income Statement (accum)'!G59 -> -17253 | I59: ='2. Income Statement (accum)'!H59-'2. Income Statement (accum)'!G59 -> -6396 | J59: ='2. Income Statement (accum)'!I59-'2. Income Statement (accum)'!H59 -> -8377 | K59: =J59+I59 -> -14773 | L59: ='2. Income Statement (accum)'!J59 -> -54178 | M59: ='2. Income Statement (accum)'!K59-'2. Income Statement (accum)'!J59 -> -35784 | N59: ='2. Income Statement (accum)'!L59-'2. Income Statement (accum)'!K59 -> -11881 | O59: =N59+M59 -> -47665 | P59: ='2. Income Statement (accum)'!M59 -> -66198 | S59: ='2. Income Statement (accum)'!O59-'2. Income Statement (accum)'!M59 -> -86748 | T59: ='2. Income Statement (accum)'!P59 -> -81017 | W59: ='2. Income Statement (accum)'!R59-'2. Income Statement (accum)'!P59 -> -116502 | X59: ='2. Income Statement (accum)'!S59 -> -94817
A60: Создание оценочного резерва под ОКУ по финансовым активам | B60: ='2. Income Statement (accum)'!B60 -> 0 | C60: ='2. Income Statement (accum)'!C60 -> 0 | D60: ='2. Income Statement (accum)'!D60 -> 0 | E60: ='2. Income Statement (accum)'!E60-'2. Income Statement (accum)'!D60 -> 0 | F60: ='2. Income Statement (accum)'!F60-'2. Income Statement (accum)'!E60 -> 0 | G60: =F60+E60 -> 0 | H60: ='2. Income Statement (accum)'!G60 -> 0 | I60: ='2. Income Statement (accum)'!H60-'2. Income Statement (accum)'!G60 -> 0 | J60: ='2. Income Statement (accum)'!I60-'2. Income Statement (accum)'!H60 -> 0 | K60: =J60+I60 -> 0 | L60: ='2. Income Statement (accum)'!J60 -> -59135 | M60: ='2. Income Statement (accum)'!K60-'2. Income Statement (accum)'!J60 -> -247306 | N60: ='2. Income Statement (accum)'!L60-'2. Income Statement (accum)'!K60 -> 54044 | O60: =N60+M60 -> -193262 | P60: ='2. Income Statement (accum)'!M60 -> -24930 | S60: ='2. Income Statement (accum)'!O60-'2. Income Statement (accum)'!M60 -> -110604 | T60: ='2. Income Statement (accum)'!P60 -> 0 | W60: ='2. Income Statement (accum)'!R60-'2. Income Statement (accum)'!P60 -> -194307 | X60: ='2. Income Statement (accum)'!S60 -> 0
A61: Признание займов третьим лицам по справедливой стоимости | B61: ='2. Income Statement (accum)'!B61 -> 0 | C61: ='2. Income Statement (accum)'!C61 -> 0 | D61: ='2. Income Statement (accum)'!D61 -> 0 | E61: ='2. Income Statement (accum)'!E61-'2. Income Statement (accum)'!D61 -> 0 | F61: ='2. Income Statement (accum)'!F61-'2. Income Statement (accum)'!E61 -> 0 | G61: =F61+E61 -> 0 | H61: ='2. Income Statement (accum)'!G61 -> 0 | I61: ='2. Income Statement (accum)'!H61-'2. Income Statement (accum)'!G61 -> 0 | J61: ='2. Income Statement (accum)'!I61-'2. Income Statement (accum)'!H61 -> 0 | K61: =J61+I61 -> 0 | L61: ='2. Income Statement (accum)'!J61 -> 0 | M61: ='2. Income Statement (accum)'!K61-'2. Income Statement (accum)'!J61 -> 0 | N61: ='2. Income Statement (accum)'!L61-'2. Income Statement (accum)'!K61 -> -16959 | O61: =N61+M61 -> -16959 | P61: ='2. Income Statement (accum)'!M61 -> -6848 | S61: ='2. Income Statement (accum)'!O61-'2. Income Statement (accum)'!M61 -> -365 | T61: ='2. Income Statement (accum)'!P61 -> 0 | W61: ='2. Income Statement (accum)'!R61-'2. Income Statement (accum)'!P61 -> 0 | X61: ='2. Income Statement (accum)'!S61 -> 0
A62: Процентные расходы по займам от третьих сторон | B62: ='2. Income Statement (accum)'!B62 -> 0 | C62: ='2. Income Statement (accum)'!C62 -> 0 | D62: ='2. Income Statement (accum)'!D62 -> 0 | E62: ='2. Income Statement (accum)'!E62-'2. Income Statement (accum)'!D62 -> 0 | F62: ='2. Income Statement (accum)'!F62-'2. Income Statement (accum)'!E62 -> 0 | G62: =F62+E62 -> 0 | H62: ='2. Income Statement (accum)'!G62 -> 0 | I62: ='2. Income Statement (accum)'!H62-'2. Income Statement (accum)'!G62 -> 0 | J62: ='2. Income Statement (accum)'!I62-'2. Income Statement (accum)'!H62 -> 0 | K62: =J62+I62 -> 0 | L62: ='2. Income Statement (accum)'!J62 -> 0 | M62: ='2. Income Statement (accum)'!K62-'2. Income Statement (accum)'!J62 -> 0 | N62: ='2. Income Statement (accum)'!L62-'2. Income Statement (accum)'!K62 -> -378 | O62: =N62+M62 -> -378 | P62: ='2. Income Statement (accum)'!M62 -> -444 | S62: ='2. Income Statement (accum)'!O62-'2. Income Statement (accum)'!M62 -> -207 | T62: ='2. Income Statement (accum)'!P62 -> -626 | W62: ='2. Income Statement (accum)'!R62-'2. Income Statement (accum)'!P62 -> 431 | X62: ='2. Income Statement (accum)'!S62 -> 0
A63: Процентные расходы по займам от связанных сторон | B63: ='2. Income Statement (accum)'!B63 -> -616 | C63: ='2. Income Statement (accum)'!C63 -> -3255 | D63: ='2. Income Statement (accum)'!D63 -> -3888 | E63: ='2. Income Statement (accum)'!E63-'2. Income Statement (accum)'!D63 -> 0 | F63: ='2. Income Statement (accum)'!F63-'2. Income Statement (accum)'!E63 -> 0 | G63: =F63+E63 -> 0 | H63: ='2. Income Statement (accum)'!G63 -> -1383 | I63: ='2. Income Statement (accum)'!H63-'2. Income Statement (accum)'!G63 -> -714 | J63: ='2. Income Statement (accum)'!I63-'2. Income Statement (accum)'!H63 -> 2097 | K63: =J63+I63 -> 1383 | L63: ='2. Income Statement (accum)'!J63 -> 0 | M63: ='2. Income Statement (accum)'!K63-'2. Income Statement (accum)'!J63 -> 0 | N63: ='2. Income Statement (accum)'!L63-'2. Income Statement (accum)'!K63 -> 0 | O63: =N63+M63 -> 0 | P63: ='2. Income Statement (accum)'!M63 -> 0 | S63: ='2. Income Statement (accum)'!O63-'2. Income Statement (accum)'!M63 -> 0 | T63: ='2. Income Statement (accum)'!P63 -> 0 | W63: ='2. Income Statement (accum)'!R63-'2. Income Statement (accum)'!P63 -> 0 | X63: ='2. Income Statement (accum)'!S63 -> -1605
A64: Убыток по форвардным контрактам | B64: ='2. Income Statement (accum)'!B64 -> 0 | C64: ='2. Income Statement (accum)'!C64 -> 0 | D64: ='2. Income Statement (accum)'!D64 -> 0 | E64: ='2. Income Statement (accum)'!E64-'2. Income Statement (accum)'!D64 -> 0 | F64: ='2. Income Statement (accum)'!F64-'2. Income Statement (accum)'!E64 -> 0 | G64: =F64+E64 -> 0 | H64: ='2. Income Statement (accum)'!G64 -> 0 | I64: ='2. Income Statement (accum)'!H64-'2. Income Statement (accum)'!G64 -> 0 | J64: ='2. Income Statement (accum)'!I64-'2. Income Statement (accum)'!H64 -> 0 | K64: =J64+I64 -> 0 | L64: ='2. Income Statement (accum)'!J64 -> 0 | M64: ='2. Income Statement (accum)'!K64-'2. Income Statement (accum)'!J64 -> 0 | N64: ='2. Income Statement (accum)'!L64-'2. Income Statement (accum)'!K64 -> 0 | O64: =N64+M64 -> 0 | P64: ='2. Income Statement (accum)'!M64 -> 0 | S64: ='2. Income Statement (accum)'!O64-'2. Income Statement (accum)'!M64 -> 0 | T64: ='2. Income Statement (accum)'!P64 -> -73969 | W64: ='2. Income Statement (accum)'!R64-'2. Income Statement (accum)'!P64 -> -336107 | X64: ='2. Income Statement (accum)'!S64 -> -6599
A65: Прочее | S65: ='2. Income Statement (accum)'!O65-'2. Income Statement (accum)'!M65 -> 0 | T65: ='2. Income Statement (accum)'!P65 -> 0 | W65: ='2. Income Statement (accum)'!R65-'2. Income Statement (accum)'!P65 -> -56076 | X65: ='2. Income Statement (accum)'!S65 -> -1247
A66: Прибыль (убыток) до налогообложения | B66: 25430 | C66: 223533 | D66: 1056911 | E66: 749507 | F66: -9992 | G66: 739515 | H66: 384896 | I66: 1246627 | J66: -811780 | K66: 434847 | L66: 1376370 | M66: 2036254 | N66: -1330588 | O66: 705666 | P66: 428559 | Q66: 2641470 | R66: -1154250 | S66: 1487220 | T66: -1783154 | U66: 800050 | V66: =V47+V49+V55 -> -1631491.9 | W66: =W47+W49+W55 -> -831441.88 | X66: ='2. Income Statement (accum)'!S66 -> -1675587
A68: Текущий налог на прибыль | B68: -3834 | C68: 0 | D68: 0 | E68: 0 | F68: 0 | G68: 0 | H68: 0 | I68: 0 | J68: -4475 | K68: -4475 | L68: -2629 | M68: -99 | N68: -3479 | O68: -3578 | P68: 5911 | Q68: ='2. Income Statement (accum)'!N68-'2. Income Statement (accum)'!M68 -> -5 | R68: ='2. Income Statement (accum)'!O68-'2. Income Statement (accum)'!N68 -> -7153 | S68: -7158 | T68: -50925 | U68: ='2. Income Statement (accum)'!Q68-'2. Income Statement (accum)'!P68 -> -19297 | V68: ='2. Income Statement (accum)'!R68-'2. Income Statement (accum)'!Q68 -> -106661 | W68: =U68+V68 -> -125958 | X68: ='2. Income Statement (accum)'!S68 -> -84708
A69: Отложенный налог на прибыль | B69: 0 | C69: 0 | D69: 0 | E69: 0 | F69: 0 | G69: 0 | H69: 0 | I69: 254 | J69: 14982 | K69: 15236 | L69: -111218 | M69: -209726 | N69: 185277 | O69: -24449 | P69: -175775 | Q69: ='2. Income Statement (accum)'!N69-'2. Income Statement (accum)'!M69 -> 5715 | R69: ='2. Income Statement (accum)'!O69-'2. Income Statement (accum)'!N69 -> 241676 | S69: 247391 | T69: -58869 | U69: ='2. Income Statement (accum)'!Q69-'2. Income Statement (accum)'!P69 -> -50981 | V69: ='2. Income Statement (accum)'!R69-'2. Income Statement (accum)'!Q69 -> -30779 | W69: =U69+V69 -> -81760 | X69: ='2. Income Statement (accum)'!S69 -> -5330
A70: Прибыль (убыток) за отчетный период | B70: 21596 | C70: 223533 | D70: 1056911 | E70: 749507 | F70: -9992 | G70: 739515 | H70: 384896 | I70: 1246881 | J70: -801273 | K70: 445608 | L70: 1262523 | M70: 1826429 | N70: -1148790 | O70: 677639 | P70: 258695 | Q70: 2647180 | R70: -919727 | S70: 1727453 | T70: -1892948 | U70: 729772 | V70: =V66+V68+V69 -> -1768931.9 | W70: =W66+W68+W69 -> -1039159.9 | X70: ='2. Income Statement (accum)'!S70 -> -1765625
A72: Статьи, которые были или могут быть впоследствии раклассифицированы в состав прибыли или убытка | B72: 0 | C72: 0 | D72: 0 | E72: 0 | F72: 0 | G72: 0 | H72: 0 | I72: 0 | J72: 0 | K72: 0 | L72: 0 | M72: 0 | N72: 0 | O72: 0 | P72: 0 | Q72: 0 | R72: 0 | S72: 0 | T72: 0 | U72: 0 | X72: ='2. Income Statement (accum)'!S72 -> 0
A73: Резерв по инструментам хеджирования | B73: 0 | C73: 0 | D73: 0 | E73: 0 | F73: 0 | G73: 0 | H73: 0 | I73: 0 | J73: 0 | K73: 0 | L73: 0 | M73: 0 | N73: 0 | O73: 0 | P73: -353673 | Q73: 259232 | R73: 70517 | S73: 329749 | T73: -327840 | U73: 117800 | V73: ='2. Income Statement (accum)'!R73-'2. Income Statement (accum)'!Q73 -> 233964 | W73: =U73+V73 -> 351764 | X73: ='2. Income Statement (accum)'!S73 -> 0
A74: Резерв под пересчет в валюту представления | B74: 0 | C74: 0 | D74: 0 | E74: 0 | F74: 0 | G74: 0 | H74: 0 | I74: -1310 | J74: -6856 | K74: -8166 | L74: 104011 | M74: 31412 | N74: -34313 | O74: -2901 | P74: 37564 | Q74: -46333 | R74: -102773 | S74: -149106 | T74: -401488 | U74: 212031 | V74: ='2. Income Statement (accum)'!R74-'2. Income Statement (accum)'!Q74 -> -339678 | W74: =U74+V74 -> -127647 | X74: ='2. Income Statement (accum)'!S74 -> 84349
A75: Прочий совокупный доход (расход)за отчетный период | B75: =B73+B74 -> 0 | C75: =C73+C74 -> 0 | D75: =D73+D74 -> 0 | E75: =E73+E74 -> 0 | F75: =F73+F74 -> 0 | G75: =G73+G74 -> 0 | H75: =H73+H74 -> 0 | I75: =I73+I74 -> -1310 | ... W75: =W73+W74 -> 224117 | X75: ='2. Income Statement (accum)'!S75 -> 84349
A76: Общий совокупный доход (расход) за отчетный период | B76: 21596 | C76: 223533 | D76: 1056911 | E76: 749507 | F76: -9992 | G76: 739515 | H76: 384896 | I76: 1245571 | J76: -808129 | K76: 437442 | L76: 1366534 | M76: 1857841 | N76: -1183103 | O76: 674738 | P76: -57414 | Q76: 2860079 | R76: -951983 | S76: 1908096 | T76: =T70+T75 -> -2622276 | U76: =U70+U75 -> 1059603 | V76: =V70+V75 -> -1874645.9 | W76: =W70+W75 -> -815042.88 | X76: ='2. Income Statement (accum)'!S76 -> -1681276

Sheet 4. Cash Flow Statement (accum)
A1: Отчет о движении денежных средств
A2: Назад к оглавлению
A3: тыс. руб., если не указано иное | B3: 12M 2019 | C3: 12M 2020 | D3: 6M 2021 | E3: 9M 2021 | F3: 12M 2021 | G3: 6M 2022 | H3: 9M 2022 | I3: 12M 2022 | J3: 6M 2023 | K3: 9M 2023 | L3: 12M 2023 | M3: 6M 2024 | N3: 9M 2024 | O3: 12M 2024 | P3: 6M 2025 | Q3: 9M 2025 | R3: 12M 2025 | S3: 6M 2026
A4: Денежные потоки от операционной деятельности
A5: Прибыль (убыток) до налогообложения | B5: 25430 | C5: 223533 | D5: 1056911 | E5: 1806418 | F5: 1796426 | G5: 384896 | H5: 1631523 | I5: 819743 | J5: 1376370 | K5: 3412624 | L5: 2082036 | M5: 428559 | N5: 3070029 | O5: 1986148 | P5: ='2. Income Statement (accum)'!P70 -> -1892948 | Q5: ='2. Income Statement (accum)'!Q70 -> -1163176 | R5: ='2. Income Statement (accum)'!R70 -> -2932107.9 | S5: ='2. Income Statement (accum)'!S70 -> -1765625
A6: Сверка показателя прибыли (убытка) до налогообложения с величиной денежных средств от операционной деятельности:
A7: Амортизация основных средств | B7: 2297 | C7: 78410 | D7: 284083 | E7: 555608 | F7: 660600 | G7: 458063 | H7: 954783 | I7: 1111037 | J7: 752994 | K7: 1482938 | L7: 1776800 | M7: 1215709 | N7: 2336204 | O7: 2586353 | P7: 1282694 | Q7: 2415951 | R7: 2779813.7 | S7: 1264742
A8: Убыток от выбытия основных средств | B8: 0 | C8: 6084 | D8: 3904 | E8: 5843 | F8: 21734 | G8: 3815 | H8: 6981 | I8: 4873 | J8: 16252 | K8: 10545 | L8: 13058 | M8: 2185 | N8: 5083 | O8: 37193 | P8: 273697 | Q8: 270123 | R8: 246453.58 | S8: 469977
A9: Амортизация нематериальных активов | B9: 0 | C9: 3893 | D9: 3269 | E9: 4975 | F9: 6679 | G9: 3410 | H9: 5398 | I9: 7466 | J9: 3552 | K9: 4513 | L9: 5773 | M9: 11066 | N9: 11066 | O9: 39978 | P9: 61140 | Q9: 89916 | R9: 134945 | S9: 113773
A10: Финансовые (доходы) / расходы, нетто | B10: 646 | C10: 5667 | D10: 73418 | E10: 110756 | F10: 138023 | G10: 524975 | H10: 655269 | I10: 559189 | J10: -91900 | K10: 22210 | L10: 586066 | M10: 972765 | N10: 1284271 | O10: 1004229 | P10: 1053548 | Q10: 1901076 | R10: 2869135.1 | S10: 1264919
A11: Прибыль от курсовой разницы по операционной деятельности | B11: 0 | C11: 11828 | D11: 0 | E11: 0 | F11: -7196 | G11: 0 | H11: 0 | I11: 0 | J11: 0 | K11: 0 | L11: 0 | M11: 0 | N11: 0 | O11: 0 | P11: 0 | Q11: 0 | S11: 0
A12: Резерв по платежам, основанным на акциях | B12: 0 | C12: 0 | D12: 0 | E12: 0 | F12: 0 | G12: 0 | H12: 0 | I12: 574546 | J12: 0 | K12: 0 | L12: 0 | M12: 0 | N12: 0 | O12: 212414 | P12: 0 | Q12: 0 | R12: 141891 | S12: 0
A13: Прочие (доходы) / расходы | B13: 0 | C13: 0 | D13: -2357 | E13: -2938 | F13: -1987 | G13: -12107 | H13: -28794 | I13: 13427 | J13: -1188 | K13: -9879 | L13: 13587 | M13: -5407 | N13: -8253 | O13: -11382 | P13: -8994 | Q13: 0 | S13: -17400
A14: (Доход)/расход по налогу на прибыль | B14: 0 | C14: 0 | D14: 0 | E14: 0 | F14: 0 | G14: 0 | H14: 0 | I14: 0 | J14: 0 | K14: 0 | L14: 0 | M14: 0 | N14: 0 | O14: -71616 | P14: 109794 | Q14: 180072 | R14: 317512 | S14: 90038
A16: Изменения:
A17: Запасы | B17: -81508 | C17: 55961 | D17: -30260 | E17: -86016 | F17: -305188 | G17: -87259 | H17: -109862 | I17: -157103 | J17: -285479 | K17: -325264 | L17: -845801 | M17: -48029 | N17: -84063 | O17: -515957 | P17: 101482 | Q17: 231536 | R17: 332628 | S17: 244065
A18: Торговая и прочая дебиторская задолженность | B18: -5727 | C18: -2866 | D18: -106585 | E18: -31496 | F18: -445198 | G18: -171048 | H18: -289234 | I18: -358072 | J18: 107628 | K18: 159605 | L18: 8768 | M18: -117420 | N18: -236647 | O18: -149830 | P18: -219740 | Q18: -97703 | R18: 272050 | S18: -287421
A19: Торговая и прочая кредиторская задолженность | B19: 157295 | C19: -94382 | D19: 45946 | E19: 82688 | F19: -15156 | G19: 162609 | H19: 106782 | I19: 157297 | J19: 89957 | K19: 176839 | L19: 160741 | M19: 479865 | N19: 416731 | O19: 365773 | P19: 530716 | Q19: 260806 | R19: -241829 | S19: 248825
A21: Проценты уплаченные | B21: 0 | C21: -9388 | D21: -55642 | E21: -102850 | F21: -121173 | G21: -274374 | H21: -452239 | I21: -581111 | J21: -415019 | K21: -614076 | L21: -920303 | M21: -762609 | N21: -1107794 | O21: -1639227 | P21: -1133592 | Q21: -1846110 | R21: -2532351 | S21: -1324121
A22: Налог на прибыль уплаченный | B22: -3834 | C22: 0 | D22: 0 | E22: 0 | F22: 0 | G22: 0 | H22: 0 | I22: 0 | J22: 0 | K22: 0 | L22: 0 | M22: 0 | N22: 0 | O22: 0 | P22: 0 | Q22: 0
A23: Чистый поток денежных средств от операционной деятельности | B23: 94599 | C23: 278740 | D23: 1272687 | E23: 2342988 | F23: 1727564 | G23: 992980 | H23: 2480607 | I23: 2151292 | J23: 1553167 | K23: 4320055 | L23: 2880725 | M23: 2176684 | N23: 5686627 | O23: =SUM(O5:O22) -> 3844076 | P23: =SUM(P5:P22) -> 157797 | Q23: =SUM(Q5:Q22) -> 2242491 | R23: =SUM(R5:R22) -> 1388140.6 | S23: =SUM(S5:S22) -> 301772
A25: Денежные потоки от инвестиционной деятельности
A26: Приобретение основных средств | B26: -39113 | C26: -1273449 | D26: -1610251 | E26: -1888042 | F26: -3203042 | G26: -1594835 | H26: -1808269 | I26: -3746664 | J26: -2206698 | K26: -3330898 | L26: -6310209 | M26: -3376830 | N26: -3818582 | O26: -4628491 | P26: -2255468 | Q26: -3200750 | R26: -3410448 | S26: -493721
A27: Приобретение нематериальных активов | B27: -11584 | C27: -5313 | D27: -905 | E27: -906 | F27: -1910 | G27: -8406 | H27: -15218 | I27: -18715 | J27: -19496 | K27: -35881 | L27: -52656 | M27: -82148 | N27: -205957 | O27: -262516 | P27: -155979 | Q27: -230404 | R27: -264628 | S27: -124954
A28: Приобретение дочерних компаний за вычетом имеющихся у них денежных средств | B28: 0 | C28: 0 | D28: 0 | E28: 0 | F28: 0 | G28: 0 | H28: 65795 | I28: 65795 | J28: 0 | K28: 0 | L28: 0 | M28: 0 | N28: 0 | O28: 0 | P28: 0 | Q28: 0 | R28: 0
A29: Выдача займа | B29: 0 | C29: 0 | D29: 0 | E29: 0 | F29: 0 | G29: -208722 | H29: -229340 | I29: -339751 | J29: -100710 | K29: -110352 | L29: -230352 | M29: -96000 | N29: -339100 | O29: -350300 | P29: -5500 | Q29: -5500 | R29: -5500
A30: Погашение займа | B30: 0 | C30: 0 | D30: 0 | E30: 0 | F30: 0 | G30: 3600 | H30: 403 | I30: 5012 | J30: 0 | K30: 0 | L30: 0 | M30: 0 | N30: 228391 | O30: 229103 | P30: 0 | Q30: 0 | R30: 0
A31: Размещение депозитов на срок более трех месяцев | B31: 0 | C31: 0 | D31: 0 | E31: 0 | F31: 0 | G31: 0 | H31: 0 | I31: 0 | J31: 0 | K31: -2577814 | L31: -2577814 | M31: 0 | N31: -2000000 | O31: 0 | P31: 0 | Q31: -2033456 | R31: -2228572 | S31: -225000
A32: Погашение депозитов на срок более трех месяцев | B32: 0 | C32: 0 | D32: 0 | E32: 0 | F32: 0 | G32: 0 | H32: 0 | I32: 0 | J32: 0 | K32: 0 | L32: 2522522 | M32: 0 | N32: 0 | O32: 0 | P32: 0 | Q32: 0 | R32: 1326634 | S32: 900000
A33: Проценты полученные | B33: 0 | C33: 4784 | D33: 5272 | E33: 18162 | F33: 30467 | G33: 19454 | H33: 41843 | I33: 68277 | J33: 20683 | K33: 95000 | L33: 194420 | M33: 30788 | N33: 71458 | O33: 377853 | P33: 186735 | Q33: 282260 | R33: 373478 | S33: 161841
A34: Чистый поток денежных средств, полученных от / (использованных в) инвестиционной деятельности | B34: -50697 | C34: -1273978 | D34: -1605884 | E34: -1870786 | F34: -3174485 | G34: -1788909 | H34: -1944786 | I34: -3966046 | J34: -2306221 | K34: -5959945 | L34: -6454089 | M34: -3524190 | N34: -6063790 | O34: =SUM(O26:O33) -> -4634351 | P34: =SUM(P26:P33) -> -2230212 | Q34: =SUM(Q26:Q33) -> -5187850 | R34: =SUM(R26:R33) -> -4209036 | S34: =SUM(S26:S33) -> 218166
A36: Денежные потоки от финансовой деятельности
A37: Увеличение уставного капитала и взносы участников | B37: 0 | C37: 74734 | D37: 500000 | E37: 500000 | F37: 500000 | G37: 0 | H37: 1000 | I37: 2106750 | J37: 0 | K37: 0 | L37: 0 | M37: 0 | N37: 0 | O37: 0 | P37: 0 | Q37: 0 | R37: 0 | S37: 0
A38: Собственные акции, выкупленные у акционеров | B38: 0 | C38: 0 | D38: 0 | E38: 0 | F38: 0 | G38: 0 | H38: 0 | I38: 0 | J38: 0 | K38: 0 | L38: -35986 | M38: -113264 | N38: -151194 | O38: -281617 | P38: 0 | Q38: 41841 | R38: -30783 | S38: -878
A39: Продажа собственных акций | R39: 48328
A40: Дивиденды, выплаченные участникам | B40: 0 | C40: -110500 | D40: 0 | E40: 0 | F40: -88995 | G40: 0 | H40: -1011005 | I40: -1011005 | J40: 0 | K40: 0 | L40: -1141670 | M40: 0 | N40: 0 | O40: -235077 | P40: 0 | Q40: 0 | R40: 0
A41: Поступление от займов, кредитов банков и облигаций | B41: 4503 | C41: 1067942 | D41: 788185 | E41: 789324 | F41: 2177854 | G41: 5577654 | H41: 5639629 | I41: 8057393 | J41: 1439244 | K41: 6090147 | L41: 7333140 | M41: 1296200 | N41: 5296200 | O41: 5296200 | P41: 6882920 | Q41: 6882927 | R41: 6882927 | S41: 3057644
A42: Выплаты по производным финансовым инструментам | N42: 0 | Q42: -135700 | R42: -410076 | S42: -6803
A43: Затраты на привлечение и досрочное погашение кредитов | B43: 0 | C43: 0 | D43: 0 | E43: 0 | F43: -16427 | G43: 0 | H43: 0 | I43: -35057 | J43: 0 | K43: 0 | L43: 0 | M43: 0 | N43: 0 | O43: 0 | P43: 0 | Q43: 0
A44: Затраты, связанные с выпуском облигаций | B44: 0 | C44: 0 | D44: 0 | E44: 0 | F44: 0 | G44: 0 | H44: -23505 | I44: -23505 | J44: 0 | K44: -34909 | L44: -34909 | M44: 0 | N44: -2107 | O44: -30107 | P44: -2464 | Q44: -2464 | R44: -2464 | S44: -15000
A45: Погашение займов и кредитов банков | B45: -13000 | C45: -32373 | D45: -214096 | E45: -390849 | F45: -720783 | G45: -4583562 | H45: -4626162 | I45: -4883447 | J45: -1612594 | K45: -2261330 | L45: -2265430 | M45: -1633693 | N45: -3380143 | O45: -3385289 | P45: -5701411 | Q45: -6179136 | R45: -6179136 | S45: -150320
A46: Платежи по обязательствам по аренде | B46: -576 | C46: -2835 | D46: -12788 | E46: -22507 | F46: -48563 | G46: -46475 | H46: -48601 | I46: -76955 | J46: -68587 | K46: -101774 | L46: -138030 | M46: -107435 | N46: -69373 | O46: -216391 | P46: -133159 | Q46: -221378 | R46: -301349 | S46: -99705
A47: Чистый поток денежных средств от финансовой деятельности | B47: -9073 | C47: 996968 | D47: 1061301 | E47: 875968 | F47: 1803086 | G47: 947617 | H47: -68644 | I47: 4134174 | J47: -241937 | K47: 3692134 | L47: 3717115 | M47: -558192 | N47: 1693383 | O47: =SUM(O37:O46) -> 1147719 | P47: =SUM(P37:P46) -> 1045886 | Q47: =SUM(Q37:Q46) -> 386090 | R47: =SUM(R37:R46) -> 7447 | S47: =SUM(S37:S46) -> 2784938
A49: Влияние изменений валютных курсов на денежные средства и их эквиваленты | B49: 0 | C49: -9741 | D49: 921 | E49: -788 | F49: 7165 | G49: -44215 | H49: -74756 | I49: 14641 | J49: 289643 | K49: 460714 | L49: 290803 | M49: -82683 | N49: -82178 | O49: 62189 | P49: -102674 | Q49: -62246 | R49: -94177 | S49: -110740
A50: Нетто изменения денежных средств и их эквивалентов | B50: 34829 | C50: -8011 | D50: 729025 | E50: 1347382 | F50: 363330 | G50: 107473 | H50: 392421 | I50: 2334061 | J50: -705348 | K50: 2512958 | L50: 434554 | M50: -1988381 | N50: 1234042 | O50: 419633 | P50: -1129203 | Q50: -2621515 | R50: -2907625.4 | S50: 3194136
A52: Денежные средства и их эквиваленты на начало отчетного периода | B52: 2269 | C52: 37098 | D52: 29087 | E52: 29087 | F52: 29087 | G52: 392417 | H52: 392417 | I52: 392417 | J52: 2726478 | K52: 2726478 | L52: 2726478 | M52: 3161032 | N52: 3161032 | O52: 3161032 | P52: 3580665 | Q52: 3580665 | R52: 3580665 | S52: 673040
A53: Денежные средства и их эквиваленты на конец отчетного периода | B53: 37098 | C53: 29087 | D53: 763067 | E53: 1376469 | F53: 392417 | G53: 499890 | H53: 784838 | I53: 2726478 | J53: 2021130 | K53: 5239436 | L53: 3161032 | M53: =SUM(M50:M52) -> 1172651 | N53: =SUM(N50:N52) -> 4395074 | O53: =SUM(O50:O52) -> 3580665 | P53: =SUM(P50:P52) -> 2451462 | Q53: =SUM(Q50:Q52) -> 959150 | R53: =SUM(R50:R52) -> 673039.62 | S53: =SUM(S50:S52) -> 3867176

Sheet 5. Cash Flow Statement (period)
A1: Отчет о движении денежных средств
A2: Назад к оглавлению
A3: тыс. руб., если не указано иное | B3: 2019 | C3: 2020 | D3: 1H'21 | E3: 3Q'21 | F3: 4Q'21 | G3: 2H'21 | H3: 1H'22 | I3: 3Q'22 | J3: 4Q'22 | K3: 2H'22 | L3: 1H'23 | M3: 3Q'23 | N3: 4Q'23 | O3: 2H'23 | P3: 1H'24 | Q3: 3Q'24 | R3: 4Q'24 | S3: 2H'24 | T3: 1H'25 | U3: 3Q'25 | V3: 4Q'25 | W3: 1H'26
A4: Денежные потоки от операционной деятельности
A5: Прибыль (убыток) до налогообложения | B5: 25430 | C5: 223533 | D5: 1056911 | E5: 749507 | F5: -9992 | G5: 739515 | H5: 384896 | I5: 1246627 | J5: -811780 | K5: 434847 | L5: 1376370 | M5: 2036254 | N5: -1330588 | O5: 705666 | P5: 428559 | Q5: 2641470 | R5: -1083881 | S5: 1557589 | T5: -1783154 | U5: ='4. Cash Flow Statement (accum)'!Q5-'4. Cash Flow Statement (accum)'!P5 -> 729772 | V5: ='4. Cash Flow Statement (accum)'!R5-'4. Cash Flow Statement (accum)'!Q5 -> -1768931.9 | W5: ='4. Cash Flow Statement (accum)'!S5 -> -1765625
A6: Сверка показателя прибыли (убытка) до налогообложения с величиной денежных средств от операционной деятельности: | U6: ='4. Cash Flow Statement (accum)'!Q6-'4. Cash Flow Statement (accum)'!P6 -> 0 | V6: ='4. Cash Flow Statement (accum)'!R6-'4. Cash Flow Statement (accum)'!Q6 -> 0 | W6: ='4. Cash Flow Statement (accum)'!S6 -> 0
A7: Амортизация основных средств | B7: 2297 | C7: 78410 | D7: 284083 | E7: 271525 | F7: 104992 | G7: 376517 | H7: 458063 | I7: 496720 | J7: 156254 | K7: 652974 | L7: 752994 | M7: 729944 | N7: 293862 | O7: 1023806 | P7: 1215709 | Q7: 1120495 | R7: 250149 | S7: 1370644 | T7: 1282694 | U7: ='4. Cash Flow Statement (accum)'!Q7-'4. Cash Flow Statement (accum)'!P7 -> 1133257 | V7: ='4. Cash Flow Statement (accum)'!R7-'4. Cash Flow Statement (accum)'!Q7 -> 363862.74 | W7: ='4. Cash Flow Statement (accum)'!S7 -> 1264742
A8: Убыток от выбытия основных средств | B8: 0 | C8: 6084 | D8: 3904 | E8: 1939 | F8: 15891 | G8: 17830 | H8: 3815 | I8: 3166 | J8: -2108 | K8: 1058 | L8: 16252 | M8: -5707 | N8: 2513 | O8: -3194 | P8: 2185 | Q8: 2898 | R8: 32110 | S8: 35008 | T8: 273697 | U8: ='4. Cash Flow Statement (accum)'!Q8-'4. Cash Flow Statement (accum)'!P8 -> -3574 | V8: ='4. Cash Flow Statement (accum)'!R8-'4. Cash Flow Statement (accum)'!Q8 -> -23669.424 | W8: ='4. Cash Flow Statement (accum)'!S8 -> 469977
A9: Амортизация нематериальных активов | B9: 0 | C9: 3893 | D9: 3269 | E9: 1706 | F9: 1704 | G9: 3410 | H9: 3410 | I9: 1988 | J9: 2068 | K9: 4056 | L9: 3552 | M9: 961 | N9: 1260 | O9: 2221 | P9: 11066 | Q9: 0 | R9: 28912 | S9: 28912 | T9: 61140 | U9: ='4. Cash Flow Statement (accum)'!Q9-'4. Cash Flow Statement (accum)'!P9 -> 28776 | V9: ='4. Cash Flow Statement (accum)'!R9-'4. Cash Flow Statement (accum)'!Q9 -> 45029 | W9: ='4. Cash Flow Statement (accum)'!S9 -> 113773
A10: Финансовые (доходы) / расходы, нетто | B10: 646 | C10: 5667 | D10: 73418 | E10: 37338 | F10: 27267 | G10: 64605 | H10: 524975 | I10: 130294 | J10: -96080 | K10: 34214 | L10: -91900 | M10: 114110 | N10: 563856 | O10: 677966 | P10: 972765 | Q10: 311506 | R10: -280042 | S10: 31464 | T10: 1053548 | U10: ='4. Cash Flow Statement (accum)'!Q10-'4. Cash Flow Statement (accum)'!P10 -> 847528 | V10: ='4. Cash Flow Statement (accum)'!R10-'4. Cash Flow Statement (accum)'!Q10 -> 968059.13 | W10: ='4. Cash Flow Statement (accum)'!S10 -> 1264919
A11: Прибыль от курсовой разницы по операционной деятельности | B11: 0 | C11: 11828 | D11: 0 | E11: 0 | F11: -7196 | G11: -7196 | H11: 0 | I11: 0 | J11: 0 | K11: 0 | L11: 0 | M11: 0 | N11: 0 | O11: 0 | P11: 0 | Q11: 0 | R11: 0 | S11: 0 | T11: 0 | U11: ='4. Cash Flow Statement (accum)'!Q11-'4. Cash Flow Statement (accum)'!P11 -> 0 | V11: ='4. Cash Flow Statement (accum)'!R11-'4. Cash Flow Statement (accum)'!Q11 -> 0 | W11: ='4. Cash Flow Statement (accum)'!S11 -> 0
A12: Резерв по платежам, основанным на акциях | B12: 0 | C12: 0 | D12: 0 | E12: 0 | F12: 0 | G12: 0 | H12: 0 | I12: 0 | J12: 574546 | K12: 574546 | L12: 0 | M12: 0 | N12: 0 | O12: 0 | P12: 0 | Q12: 0 | R12: 212414 | S12: 212414 | T12: 0 | U12: ='4. Cash Flow Statement (accum)'!Q12-'4. Cash Flow Statement (accum)'!P12 -> 0 | V12: ='4. Cash Flow Statement (accum)'!R12-'4. Cash Flow Statement (accum)'!Q12 -> 141891 | W12: ='4. Cash Flow Statement (accum)'!S12 -> 0
A13: Прочие (доходы) / расходы | B13: 0 | C13: 0 | D13: -2357 | E13: -581 | F13: 951 | G13: 370 | H13: -12107 | I13: -16687 | J13: 42221 | K13: 25534 | L13: -1188 | M13: -8691 | N13: 23466 | O13: 14775 | P13: -5407 | Q13: -2846 | R13: -3129 | S13: -5975 | T13: -8994 | U13: ='4. Cash Flow Statement (accum)'!Q13-'4. Cash Flow Statement (accum)'!P13 -> 8994 | V13: ='4. Cash Flow Statement (accum)'!R13-'4. Cash Flow Statement (accum)'!Q13 -> 0 | W13: ='4. Cash Flow Statement (accum)'!S13 -> -17400
A14: (Доход)/расход по налогу на прибыль | B14: 0 | C14: 0 | D14: 0 | E14: 0 | F14: 0 | G14: 0 | H14: 0 | I14: 0 | J14: 0 | K14: 0 | L14: 0 | M14: 0 | N14: 0 | O14: 0 | P14: 0 | Q14: 0 | R14: -71616 | S14: -71616 | T14: 0 | U14: ='4. Cash Flow Statement (accum)'!Q14-'4. Cash Flow Statement (accum)'!P14 -> 70278 | V14: ='4. Cash Flow Statement (accum)'!R14-'4. Cash Flow Statement (accum)'!Q14 -> 137440 | W14: ='4. Cash Flow Statement (accum)'!S14 -> 90038
U15: ='4. Cash Flow Statement (accum)'!Q15-'4. Cash Flow Statement (accum)'!P15 -> 0 | V15: ='4. Cash Flow Statement (accum)'!R15-'4. Cash Flow Statement (accum)'!Q15 -> 0 | W15: ='4. Cash Flow Statement (accum)'!S15 -> 0
A16: Изменения: | U16: ='4. Cash Flow Statement (accum)'!Q16-'4. Cash Flow Statement (accum)'!P16 -> 0 | V16: ='4. Cash Flow Statement (accum)'!R16-'4. Cash Flow Statement (accum)'!Q16 -> 0 | W16: ='4. Cash Flow Statement (accum)'!S16 -> 0
A17: Запасы | B17: -81508 | C17: 55961 | D17: -30260 | E17: -55756 | F17: -219172 | G17: -274928 | H17: -87259 | I17: -22603 | J17: -47241 | K17: -69844 | L17: -285479 | M17: -39785 | N17: -520537 | O17: -560322 | P17: -48029 | Q17: -36034 | R17: -431894 | S17: -467928 | T17: 101482 | U17: ='4. Cash Flow Statement (accum)'!Q17-'4. Cash Flow Statement (accum)'!P17 -> 130054 | V17: ='4. Cash Flow Statement (accum)'!R17-'4. Cash Flow Statement (accum)'!Q17 -> 101092 | W17: ='4. Cash Flow Statement (accum)'!S17 -> 244065
A18: Торговая и прочая дебиторская задолженность | B18: -5727 | C18: -2866 | D18: -106585 | E18: 75089 | F18: -413702 | G18: -338613 | H18: -171048 | I18: -118186 | J18: -68838 | K18: -187024 | L18: 107628 | M18: 51977 | N18: -150837 | O18: -98860 | P18: -117420 | Q18: -119227 | R18: 86817 | S18: -32410 | T18: -219740 | U18: ='4. Cash Flow Statement (accum)'!Q18-'4. Cash Flow Statement (accum)'!P18 -> 122037 | V18: ='4. Cash Flow Statement (accum)'!R18-'4. Cash Flow Statement (accum)'!Q18 -> 369753 | W18: ='4. Cash Flow Statement (accum)'!S18 -> -287421
A19: Торговая и прочая кредиторская задолженность | B19: 157295 | C19: -94382 | D19: 45946 | E19: 36742 | F19: -97844 | G19: -61102 | H19: 162609 | I19: -55827 | J19: 50515 | K19: -5312 | L19: 89957 | M19: 86882 | N19: -16098 | O19: 70784 | P19: 479865 | Q19: -63134 | R19: -50958 | S19: -114092 | T19: ='4. Cash Flow Statement (accum)'!P19 -> 530716 | U19: ='4. Cash Flow Statement (accum)'!Q19 -> 260806 | V19: ='4. Cash Flow Statement (accum)'!R19 -> -241829 | W19: ='4. Cash Flow Statement (accum)'!S19 -> 248825
U20: ='4. Cash Flow Statement (accum)'!Q20-'4. Cash Flow Statement (accum)'!P20 -> 0 | V20: ='4. Cash Flow Statement (accum)'!R20-'4. Cash Flow Statement (accum)'!Q20 -> 0 | W20: ='4. Cash Flow Statement (accum)'!S20 -> 0
A21: Проценты уплаченные | B21: 0 | C21: -9388 | D21: -55642 | E21: -47208 | F21: -18323 | G21: -65531 | H21: -274374 | I21: -177865 | J21: -128872 | K21: -306737 | L21: -415019 | M21: -199057 | N21: -306227 | O21: -505284 | P21: -762609 | Q21: -345185 | R21: -531433 | S21: -876618 | T21: -1133592 | U21: ='4. Cash Flow Statement (accum)'!Q21-'4. Cash Flow Statement (accum)'!P21 -> -712518 | V21: ='4. Cash Flow Statement (accum)'!R21-'4. Cash Flow Statement (accum)'!Q21 -> -686241 | W21: ='4. Cash Flow Statement (accum)'!S21 -> -1324121
A22: Налог на прибыль уплаченный | B22: -3834 | C22: 0 | D22: 0 | E22: 0 | F22: 0 | G22: 0 | H22: 0 | I22: 0 | J22: 0 | K22: 0 | L22: 0 | M22: 0 | N22: 0 | O22: 0 | P22: 0 | Q22: 0 | R22: 0 | S22: 0 | T22: 0 | U22: ='4. Cash Flow Statement (accum)'!Q22-'4. Cash Flow Statement (accum)'!P22 -> 0 | V22: ='4. Cash Flow Statement (accum)'!R22-'4. Cash Flow Statement (accum)'!Q22 -> 0 | W22: ='4. Cash Flow Statement (accum)'!S22 -> 0
A23: Чистый поток денежных средств от операционной деятельности | B23: 94599 | C23: 278740 | D23: 1272687 | E23: 1070301 | F23: -615424 | G23: 454877 | H23: 992980 | I23: 1487627 | J23: -329315 | K23: 1158312 | L23: 1553167 | M23: 2766888 | N23: -1439330 | O23: 1327558 | P23: 2176684 | Q23: 3509943 | R23: -1842551 | S23: 1667392 | T23: ='4. Cash Flow Statement (accum)'!P23 -> 157797 | U23: ='4. Cash Flow Statement (accum)'!Q23 -> 2242491 | V23: ='4. Cash Flow Statement (accum)'!R23 -> 1388140.6 | W23: ='4. Cash Flow Statement (accum)'!S23 -> 301772
A25: Денежные потоки от инвестиционной деятельности
A26: Приобретение основных средств | B26: -39113 | C26: -1273449 | D26: -1610251 | E26: -277791 | F26: -1315000 | G26: -1592791 | H26: -1594835 | I26: -213434 | J26: -1938395 | K26: -2151829 | L26: -2206698 | M26: -1124200 | N26: -2979311 | O26: -4103511 | P26: -3376830 | Q26: -441752 | R26: -809909 | S26: -1251661 | T26: -2255468 | U26: ='4. Cash Flow Statement (accum)'!Q26-'4. Cash Flow Statement (accum)'!P26 -> -945282 | V26: ='4. Cash Flow Statement (accum)'!R26-'4. Cash Flow Statement (accum)'!Q26 -> -209698 | W26: ='4. Cash Flow Statement (accum)'!S26 -> -493721
A27: Приобретение нематериальных активов | B27: -11584 | C27: -5313 | D27: -905 | E27: -1 | F27: -1004 | G27: -1005 | H27: -8406 | I27: -6812 | J27: -3497 | K27: -10309 | L27: -19496 | M27: -16385 | N27: -16775 | O27: -33160 | P27: -82148 | Q27: -123809 | R27: -56559 | S27: -180368 | T27: -155979 | U27: ='4. Cash Flow Statement (accum)'!Q27-'4. Cash Flow Statement (accum)'!P27 -> -74425 | V27: ='4. Cash Flow Statement (accum)'!R27-'4. Cash Flow Statement (accum)'!Q27 -> -34224 | W27: ='4. Cash Flow Statement (accum)'!S27 -> -124954
A28: Приобретение дочерних компаний за вычетом имеющихся у них денежных средств | B28: 0 | C28: 0 | D28: 0 | E28: 0 | F28: 0 | G28: 0 | H28: 0 | I28: 65795 | J28: 0 | K28: 65795 | L28: 0 | M28: 0 | N28: 0 | O28: 0 | P28: 0 | Q28: 0 | R28: 0 | S28: 0 | T28: 0 | U28: ='4. Cash Flow Statement (accum)'!Q28-'4. Cash Flow Statement (accum)'!P28 -> 0 | V28: ='4. Cash Flow Statement (accum)'!R28-'4. Cash Flow Statement (accum)'!Q28 -> 0 | W28: ='4. Cash Flow Statement (accum)'!S28 -> 0
A29: Выдача займа | B29: 0 | C29: 0 | D29: 0 | E29: 0 | F29: 0 | G29: 0 | H29: -208722 | I29: -20618 | J29: -110411 | K29: -131029 | L29: -100710 | M29: -9642 | N29: -120000 | O29: -129642 | P29: -96000 | Q29: -243100 | R29: -11200 | S29: -254300 | T29: -5500 | U29: ='4. Cash Flow Statement (accum)'!Q29-'4. Cash Flow Statement (accum)'!P29 -> 0 | V29: ='4. Cash Flow Statement (accum)'!R29-'4. Cash Flow Statement (accum)'!Q29 -> 0 | W29: ='4. Cash Flow Statement (accum)'!S29 -> 0
A30: Погашение займа | B30: 0 | C30: 0 | D30: 0 | E30: 0 | F30: 0 | G30: 0 | H30: 3600 | I30: -3197 | J30: 4609 | K30: 1412 | L30: 0 | M30: 0 | N30: 0 | O30: 0 | P30: 0 | Q30: 228391 | R30: 712 | S30: 229103 | T30: 0 | U30: ='4. Cash Flow Statement (accum)'!Q30-'4. Cash Flow Statement (accum)'!P30 -> 0 | V30: ='4. Cash Flow Statement (accum)'!R30-'4. Cash Flow Statement (accum)'!Q30 -> 0 | W30: ='4. Cash Flow Statement (accum)'!S30 -> 0
A31: Размещение депозитов на срок более трех месяцев | B31: 0 | C31: 0 | D31: 0 | E31: 0 | F31: 0 | G31: 0 | H31: 0 | I31: 0 | J31: 0 | K31: 0 | L31: 0 | M31: -2577814 | N31: 0 | O31: -2577814 | P31: 0 | Q31: -2000000 | R31: 2000000 | S31: 0 | T31: 0 | U31: ='4. Cash Flow Statement (accum)'!Q31-'4. Cash Flow Statement (accum)'!P31 -> -2033456 | V31: ='4. Cash Flow Statement (accum)'!R31-'4. Cash Flow Statement (accum)'!Q31 -> -195116 | W31: ='4. Cash Flow Statement (accum)'!S31 -> -225000
A32: Погашение депозитов на срок более трех месяцев | B32: 0 | C32: 0 | D32: 0 | E32: 0 | F32: 0 | G32: 0 | H32: 0 | I32: 0 | J32: 0 | K32: 0 | L32: 0 | M32: 0 | N32: 2522522 | O32: 2522522 | P32: 0 | Q32: 0 | R32: 0 | S32: 0 | T32: 0 | U32: ='4. Cash Flow Statement (accum)'!Q32-'4. Cash Flow Statement (accum)'!P32 -> 0 | V32: ='4. Cash Flow Statement (accum)'!R32-'4. Cash Flow Statement (accum)'!Q32 -> 1326634 | W32: ='4. Cash Flow Statement (accum)'!S32 -> 900000
A33: Проценты полученные | B33: 0 | C33: 4784 | D33: 5272 | E33: 12890 | F33: 12305 | G33: 25195 | H33: 19454 | I33: 22389 | J33: 26434 | K33: 48823 | L33: 20683 | M33: 74317 | N33: 99420 | O33: 173737 | P33: 30788 | Q33: 40670 | R33: 306395 | S33: 347065 | T33: 186735 | U33: ='4. Cash Flow Statement (accum)'!Q33-'4. Cash Flow Statement (accum)'!P33 -> 95525 | V33: ='4. Cash Flow Statement (accum)'!R33-'4. Cash Flow Statement (accum)'!Q33 -> 91218 | W33: ='4. Cash Flow Statement (accum)'!S33 -> 161841
A34: Чистый поток денежных средств, использованных в инвестиционной деятельности | B34: -50697 | C34: -1273978 | D34: -1605884 | E34: -264902 | F34: -1303699 | G34: -1568601 | H34: -1788909 | I34: -155877 | J34: -2021260 | K34: -2177137 | L34: -2306221 | M34: -3653724 | N34: -494144 | O34: -4147868 | P34: -3524190 | Q34: -2539600 | R34: 1429439 | S34: -1110161 | T34: -2230212 | U34: =SUM(U26:U33) -> -2957638 | V34: =SUM(V26:V33) -> 978814 | W34: ='4. Cash Flow Statement (accum)'!S34 -> 218166
A36: Денежные потоки от финансовой деятельности
A37: Увеличение уставного капитала и взносы участников | B37: 0 | C37: 74734 | D37: 500000 | E37: 0 | F37: 0 | G37: 0 | H37: 0 | I37: 1000 | J37: 2105750 | K37: 2106750 | L37: 0 | M37: 0 | N37: 0 | O37: 0 | P37: 0 | Q37: 0 | R37: 0 | S37: 0 | T37: 0 | U37: ='4. Cash Flow Statement (accum)'!Q37-'4. Cash Flow Statement (accum)'!P37 -> 0 | V37: ='4. Cash Flow Statement (accum)'!R37-'4. Cash Flow Statement (accum)'!Q37 -> 0 | W37: ='4. Cash Flow Statement (accum)'!S37 -> 0
A38: Собственные акции, выкупленные у акционеров | B38: 0 | C38: 0 | D38: 0 | E38: 0 | F38: 0 | G38: 0 | H38: 0 | I38: 0 | J38: 0 | K38: 0 | L38: 0 | M38: 0 | N38: -35986 | O38: -35986 | P38: -113264 | Q38: -37930 | R38: -130423 | S38: -168353 | T38: 0 | U38: ='4. Cash Flow Statement (accum)'!Q38-'4. Cash Flow Statement (accum)'!P38 -> 41841 | V38: ='4. Cash Flow Statement (accum)'!R38-'4. Cash Flow Statement (accum)'!Q38 -> -72624 | W38: ='4. Cash Flow Statement (accum)'!S38 -> -878
A39: Продажа собственных акций | U39: ='4. Cash Flow Statement (accum)'!Q39-'4. Cash Flow Statement (accum)'!P39 -> 0 | V39: ='4. Cash Flow Statement (accum)'!R39-'4. Cash Flow Statement (accum)'!Q39 -> 48328 | W39: ='4. Cash Flow Statement (accum)'!S39 -> 0
A40: Дивиденды, выплаченные участникам | B40: 0 | C40: -110500 | D40: 0 | E40: 0 | F40: -88995 | G40: -88995 | H40: 0 | I40: -1011005 | J40: 0 | K40: -1011005 | L40: 0 | M40: 0 | N40: -1141670 | O40: -1141670 | P40: 0 | Q40: 0 | R40: -235077 | S40: -235077 | T40: 0 | U40: ='4. Cash Flow Statement (accum)'!Q40-'4. Cash Flow Statement (accum)'!P40 -> 0 | V40: ='4. Cash Flow Statement (accum)'!R40-'4. Cash Flow Statement (accum)'!Q40 -> 0 | W40: ='4. Cash Flow Statement (accum)'!S40 -> 0
A41: Поступление от займов, кредитов банков и облигаций | B41: 4503 | C41: 1067942 | D41: 788185 | E41: 1139 | F41: 1388530 | G41: 1389669 | H41: 5577654 | I41: 61975 | J41: 2417764 | K41: 2479739 | L41: 1439244 | M41: 4650903 | N41: 1242993 | O41: 5893896 | P41: 1296200 | Q41: 4000000 | R41: 0 | S41: 4000000 | T41: 6882920 | U41: ='4. Cash Flow Statement (accum)'!Q41-'4. Cash Flow Statement (accum)'!P41 -> 7 | V41: ='4. Cash Flow Statement (accum)'!R41-'4. Cash Flow Statement (accum)'!Q41 -> 0 | W41: ='4. Cash Flow Statement (accum)'!S41 -> 3057644
A42: Выплаты по производным финансовым инструментам | U42: ='4. Cash Flow Statement (accum)'!Q42-'4. Cash Flow Statement (accum)'!P42 -> -135700 | V42: ='4. Cash Flow Statement (accum)'!R42-'4. Cash Flow Statement (accum)'!Q42 -> -274376 | W42: ='4. Cash Flow Statement (accum)'!S42 -> -6803
A43: Затраты на привлечение и досрочное погашение кредитов | B43: 0 | C43: 0 | D43: 0 | E43: 0 | F43: -16427 | G43: -16427 | H43: 0 | I43: 0 | J43: -35057 | K43: -35057 | L43: 0 | M43: 0 | N43: 0 | O43: 0 | P43: 0 | Q43: 0 | R43: 0 | S43: 0 | T43: 0 | U43: ='4. Cash Flow Statement (accum)'!Q43-'4. Cash Flow Statement (accum)'!P43 -> 0 | V43: ='4. Cash Flow Statement (accum)'!R43-'4. Cash Flow Statement (accum)'!Q43 -> 0 | W43: ='4. Cash Flow Statement (accum)'!S43 -> 0
A44: Затраты, связанные с выпуском облигаций | B44: 0 | C44: 0 | D44: 0 | E44: 0 | F44: 0 | G44: 0 | H44: 0 | I44: -23505 | J44: 0 | K44: -23505 | L44: 0 | M44: -34909 | N44: 0 | O44: -34909 | P44: 0 | Q44: -2107 | R44: -28000 | S44: -30107 | T44: -2464 | U44: ='4. Cash Flow Statement (accum)'!Q44-'4. Cash Flow Statement (accum)'!P44 -> 0 | V44: ='4. Cash Flow Statement (accum)'!R44-'4. Cash Flow Statement (accum)'!Q44 -> 0 | W44: ='4. Cash Flow Statement (accum)'!S44 -> -15000
A45: Погашение займов и кредитов банков | B45: -13000 | C45: -32373 | D45: -214096 | E45: -176753 | F45: -329934 | G45: -506687 | H45: -4583562 | I45: -42600 | J45: -257285 | K45: -299885 | L45: -1612594 | M45: -648736 | N45: -4100 | O45: -652836 | P45: -1633693 | Q45: -1746450 | R45: -5146 | S45: -1751596 | T45: -5701411 | U45: ='4. Cash Flow Statement (accum)'!Q45-'4. Cash Flow Statement (accum)'!P45 -> -477725 | V45: ='4. Cash Flow Statement (accum)'!R45-'4. Cash Flow Statement (accum)'!Q45 -> 0 | W45: ='4. Cash Flow Statement (accum)'!S45 -> -150320
A46: Платежи по обязательствам по аренде | B46: -576 | C46: -2835 | D46: -12788 | E46: -9719 | F46: -26056 | G46: -35775 | H46: -46475 | I46: -2126 | J46: -28354 | K46: -30480 | L46: -68587 | M46: -33187 | N46: -36256 | O46: -69443 | P46: -107435 | Q46: 38062 | R46: -147018 | S46: -108956 | T46: -133159 | U46: ='4. Cash Flow Statement (accum)'!Q46-'4. Cash Flow Statement (accum)'!P46 -> -88219 | V46: ='4. Cash Flow Statement (accum)'!R46-'4. Cash Flow Statement (accum)'!Q46 -> -79971 | W46: ='4. Cash Flow Statement (accum)'!S46 -> -99705
A47: Чистый поток денежных средств от финансовой деятельности | B47: -9073 | C47: 996968 | D47: 1061301 | E47: -185333 | F47: 927118 | G47: 741785 | H47: 947617 | I47: -1016261 | J47: 4202818 | K47: 3186557 | L47: -241937 | M47: 3934071 | N47: 24981 | O47: 3959052 | P47: -558192 | Q47: 2251575 | R47: -545664 | S47: 1705911 | T47: ='4. Cash Flow Statement (accum)'!P47 -> 1045886 | U47: ='4. Cash Flow Statement (accum)'!Q47 -> 386090 | V47: ='4. Cash Flow Statement (accum)'!R47 -> 7447 | W47: ='4. Cash Flow Statement (accum)'!S47 -> 2784938
A49: Влияние изменений валютных курсов на денежные средства и их эквиваленты | B49: 0 | C49: -9741 | D49: 921 | E49: -1709 | F49: 7953 | G49: 6244 | H49: -44215 | I49: -30541 | J49: 89397 | K49: 58856 | L49: 289643 | M49: 171071 | N49: -169911 | O49: 1160 | P49: -82683 | Q49: 505 | R49: 144367 | S49: 144872 | T49: -102674 | U49: ='4. Cash Flow Statement (accum)'!Q49-'4. Cash Flow Statement (accum)'!P49 -> 40428 | V49: ='4. Cash Flow Statement (accum)'!R49-'4. Cash Flow Statement (accum)'!Q49 -> -31931 | W49: ='4. Cash Flow Statement (accum)'!S49 -> -110740
A50: Нетто изменение денежных средств и их эквивалентов | B50: 34829 | C50: -8011 | D50: 729025 | E50: 618357 | F50: -984052 | G50: -365695 | H50: 107473 | I50: 284948 | J50: 1941640 | K50: 2226588 | L50: -705348 | M50: 3218306 | N50: -2078404 | O50: 1139902 | P50: -1988381 | Q50: 3222423 | R50: -814409 | S50: 2408014 | T50: -1129203 | U50: ='4. Cash Flow Statement (accum)'!Q50-'4. Cash Flow Statement (accum)'!P50 -> -1492312 | V50: ='4. Cash Flow Statement (accum)'!R50-'4. Cash Flow Statement (accum)'!Q50 -> -286110.38 | W50: ='4. Cash Flow Statement (accum)'!S50 -> 3194136
A52: Денежные средства и их эквиваленты на начало отчетного периода | B52: 2269 | C52: 37098 | D52: 29087 | E52: 763067 | F52: 1376469 | G52: 2139536 | H52: 392417 | I52: 499890 | J52: 784838 | K52: 1284728 | L52: 2726478 | M52: 2021130 | N52: 5239436 | O52: 7260566 | P52: 3161032 | Q52: 1172651 | R52: 4395074 | S52: 5567725 | T52: 3580665 | U52: =T53 -> 2451462 | V52: =U53 -> 959150 | W52: ='4. Cash Flow Statement (accum)'!S52 -> 673040
A53: Денежные средства и их эквиваленты на конец отчетного периода | B53: 37098 | C53: 29087 | D53: 763067 | E53: 1376469 | F53: 392417 | G53: 1768886 | H53: 499890 | I53: 784838 | J53: 2726478 | K53: 3511316 | L53: 2021130 | M53: 5239436 | N53: 3161032 | O53: 8400468 | P53: 1172651 | Q53: 4395074 | R53: 3580665 | S53: 7975739 | T53: 2451462 | U53: =U50+U52 -> 959150 | V53: =V50+V52 -> 673039.62 | W53: ='4. Cash Flow Statement (accum)'!S53 -> 3867176

Sheet 6. Key Financials (accum)
A1: Ключевые финансовые показатели
A2: Назад к оглавлению
A3: тыс. руб., если не указано иное
A4: Показатель | B4: Форма / Примечание / Формула | C4: 12M 2019 | D4: 12M 2020 | E4: 6M 2021 | F4: 9M 2021 | G4: 12M 2021 | H4: 6M 2022 | I4: 9M 2022 | J4: 12M 2022 | K4: 6M 2023 | L4: 9M 2023 | M4: 12M 2023 | N4: 6M 2024 | O4: 9M 2024 | P4: 12M 2024 | Q4: 6M 2025 | R4: 9M 2025 | S4: 12M 2025 | T4: 6M 2026
A5: Выручка | B5: Выручка | C5: ='2. Income Statement (accum)'!B4 -> 68777 | D5: ='2. Income Statement (accum)'!C4 -> 855477 | E5: ='2. Income Statement (accum)'!D4 -> 1965594 | F5: ='2. Income Statement (accum)'!E4 -> 3702247 | G5: ='2. Income Statement (accum)'!F4 -> 4128345 | H5: ='2. Income Statement (accum)'!G4 -> 3196660 | I5: ='2. Income Statement (accum)'!H4 -> 6294567 | J5: ='2. Income Statement (accum)'!I4 -> 6960851 | ... T5: ='2. Income Statement (accum)'!S4 -> 5564227
A7: Выручка кикшеринга | C7: =SUM(C8:C9) -> 60127 | D7: =SUM(D8:D9) -> 724950 | E7: =SUM(E8:E9) -> 1965594 | F7: =SUM(F8:F9) -> 3702247 | G7: =SUM(G8:G9) -> 4128345 | H7: =SUM(H8:H9) -> 2731551 | I7: =SUM(I8:I9) -> 5717519 | J7: =SUM(J8:J9) -> 6383803 | ... T7: =SUM(T8:T9) -> 5564227
A8: Выручка | B8: Выручка | C8: =C5 -> 68777 | D8: =D5 -> 855477 | E8: =E5 -> 1965594 | F8: =F5 -> 3702247 | G8: =G5 -> 4128345 | H8: =H5 -> 3196660 | I8: =I5 -> 6294567 | J8: =J5 -> 6960851 | ... T8: =T5 -> 5564227
A9: Реализация товаров | B9: Выручка | C9: -8650 | D9: -130527 | E9: 0 | F9: 0 | G9: 0 | H9: -465109 | I9: -577048 | J9: -577048 | K9: -68 | L9: -4624 | M9: -6373 | N9: -1561 | O9: -2914 | P9: -8392 | Q9: -6443 | R9: -2395 | S9: ='2. Income Statement (accum)'!R7*-1 -> -5323 | T9: =T6 -> 0
A11: EBITDA | C11: =SUM(C12:C21) -> 28374 | D11: =SUM(D12:D21) -> 411840 | E11: =SUM(E12:E21) -> 1467226 | F11: =SUM(F12:F21) -> 2527302 | G11: =SUM(G12:G21) -> 2651272 | H11: =SUM(H12:H21) -> 1371344 | I11: =SUM(I12:I21) -> 3246973 | J11: =SUM(J12:J21) -> 3230673 | ... P11: =SUM(P12:P21) -> 6053712 | Q11: =SUM(Q12:Q22) -> 1008920 | R11: =SUM(R12:R21) -> 3693959 | S11: =SUM(S12:S22) -> 3559579.7 | T11: =SUM(T12:T22) -> 1437824
A12: Прибыль за отчетный период | B12: Отчет о прибыли или убытке и прочем совокупном доходе | C12: ='2. Income Statement (accum)'!B70 -> 21597 | D12: ='2. Income Statement (accum)'!C70 -> 223533 | E12: ='2. Income Statement (accum)'!D70 -> 1056911 | F12: ='2. Income Statement (accum)'!E70 -> 1806418 | G12: ='2. Income Statement (accum)'!F70 -> 1796426 | H12: ='2. Income Statement (accum)'!G70 -> 384896 | I12: ='2. Income Statement (accum)'!H70 -> 1631777 | J12: ='2. Income Statement (accum)'!I70 -> 830504 | ... T12: ='2. Income Statement (accum)'!S70 -> -1765625
A13: Текущий налог на прибыль | B13: Отчет о прибыли или убытке и прочем совокупном доходе | C13: =-('2. Income Statement (accum)'!B68) -> 3834 | D13: =-('2. Income Statement (accum)'!C68) -> 0 | E13: =-('2. Income Statement (accum)'!D68) -> 0 | F13: =-('2. Income Statement (accum)'!E68) -> 0 | G13: =-('2. Income Statement (accum)'!F68) -> 0 | H13: =-('2. Income Statement (accum)'!G68) -> 0 | I13: =-('2. Income Statement (accum)'!H68) -> 0 | J13: =-('2. Income Statement (accum)'!I68) -> 4475 | ... R13: =-('2. Income Statement (accum)'!Q68) -> 70222 | S13: ='2. Income Statement (accum)'!R68*-1 -> 176883 | T13: =-('2. Income Statement (accum)'!S68) -> 84708
A14: Отложенный налог на прибыль | B14: Отчет о прибыли или убытке и прочем совокупном доходе | C14: =-('2. Income Statement (accum)'!B69) -> 0 | D14: =-('2. Income Statement (accum)'!C69) -> 0 | E14: =-('2. Income Statement (accum)'!D69) -> 0 | F14: =-('2. Income Statement (accum)'!E69) -> 0 | G14: =-('2. Income Statement (accum)'!F69) -> 0 | H14: =-('2. Income Statement (accum)'!G69) -> 0 | I14: =-('2. Income Statement (accum)'!H69) -> -254 | J14: =-('2. Income Statement (accum)'!I69) -> -15236 | ... R14: =-('2. Income Statement (accum)'!Q69) -> 109850 | S14: ='2. Income Statement (accum)'!R69*-1 -> 140629 | T14: =-('2. Income Statement (accum)'!S69) -> 5330
A15: Финансовые доходы | B15: Финансовые доходы и расходы | C15: =-('2. Income Statement (accum)'!B49) -> 0 | D15: =-('2. Income Statement (accum)'!C49) -> -8040 | E15: =-('2. Income Statement (accum)'!D49) -> -5272 | F15: =-('2. Income Statement (accum)'!E49) -> -18162 | G15: =-('2. Income Statement (accum)'!F49) -> -30467 | H15: =-('2. Income Statement (accum)'!G49) -> -23172 | I15: =-('2. Income Statement (accum)'!H49) -> -41843 | J15: =-('2. Income Statement (accum)'!I49) -> -89277 | ... T15: =-('2. Income Statement (accum)'!S49) -> -98230
A16: Финансовые расходы | B16: Финансовые доходы и расходы | C16: =-('2. Income Statement (accum)'!B55) -> 646 | D16: =-('2. Income Statement (accum)'!C55) -> 13707 | E16: =-('2. Income Statement (accum)'!D55) -> 78690 | F16: =-('2. Income Statement (accum)'!E55) -> 128918 | G16: =-('2. Income Statement (accum)'!F55) -> 168490 | H16: =-('2. Income Statement (accum)'!G55) -> 548147 | I16: =-('2. Income Statement (accum)'!H55) -> 697112 | J16: =-('2. Income Statement (accum)'!I55) -> 676676 | ... T16: =-('2. Income Statement (accum)'!S55) -> 1363149
A17: Государственные субсидии | B17: Прочие операционные доходы и расходы | C17: - | D17: - | E17: 0 | F17: 0 | G17: -35712 | H17: 0 | I17: 0 | J17: -22764 | K17: -5691 | L17: -8537 | M17: -11382 | N17: -5691 | O17: -8537 | P17: -11382 | Q17: 0 | R17: 0 | S17: 0 | T17: 0
A18: Амортизация (SG&A) | B18: Коммерческие, общехозяйственные и административные расходы | C18: - | D18: 953 | E18: 5618 | F18: 14283 | G18: 14377 | H18: 17233 | I18: 26020 | J18: 35163 | K18: 11686 | L18: 55332 | M18: 72272 | N18: 39975 | O18: 2347270 | P18: 81597 | Q18: 43395 | R18: =-('2. Income Statement (accum)'!Q30) -> 101292 | S18: =-('2. Income Statement (accum)'!R30) -> 105617 | T18: =-('2. Income Statement (accum)'!S30) -> 53336
A19: Амортизация (CoGS) | B19: Себестоимость продаж | C19: 2297 | D19: 81349 | E19: 281734 | F19: 546300 | G19: 652901 | H19: 444240 | I19: 934161 | J19: 1081272 | K19: 744860 | L19: 1432119 | M19: 1710301 | N19: 1186800 | O19: 0 | P19: 2521985 | Q19: 1300439 | R19: =-('2. Income Statement (accum)'!Q9) -> 2404575 | S19: =-('2. Income Statement (accum)'!R9) -> 2809142 | T19: =-('2. Income Statement (accum)'!S9) -> 1325179
A20: Прочее | D20: 100338 | E20: 49545 | F20: 49545 | G20: 85257 | H20: 0 | I20: 0 | J20: 155314 | K20: 0 | L20: 0 | M20: 0 | N20: 0 | O20: 0 | P20: 37461 | R20: 270123
A21: Резерв по платежам, основанным на акциях | C21: - | D21: - | E21: 0 | F21: 0 | G21: 0 | H21: 0 | I21: 0 | J21: 574546 | K21: 0 | L21: 0 | M21: 0 | N21: 0 | O21: 0 | P21: 212414 | Q21: 0 | R21: 0 | S21: ='4. Cash Flow Statement (accum)'!R12 -> 141891 | T21: ='4. Cash Flow Statement (accum)'!S12 -> 0
A22: Убыток от выбытия основных средств | Q22: 273697 | S22: ='4. Cash Flow Statement (accum)'!R8 -> 246453.58 | T22: ='2. Income Statement (accum)'!S43*-1 -> 469977
A23: EBITDA кикшеринга | C23: =C11-(C24+C25) -> 27486 | D23: =D11-(D24+D25) -> 377329 | E23: =E11-(E24+E25) -> 1467226 | F23: =F11-(F24+F25) -> 2527302 | G23: =G11 -> 2651272 | H23: =H11-(H24+H25) -> 1401299 | I23: =I11-(I24+I25) -> 3296857 | J23: =J11-(J24+J25) -> 3280703 | K23: =K11-(K24+K25) -> 2035283 | L23: =L11-(L24+L25) -> 4898789 | M23: =M11-(M24+M25) -> 4453802 | N23: =N11-(N24+N25) -> 2767068 | O23: =O11-(O24+O25) -> 6507392 | ... S23: =S11-(S24+S25) -> 3560177.1 | T23: =T11 -> 1437824
A24: Реализация товаров | B24: Выручка | C24: =-C9 -> 8650 | D24: =-D9 -> 130527 | E24: =-E9 -> 0 | F24: =-F9 -> 0 | G24: =-G9 -> 0 | H24: =-H9 -> 465109 | I24: =-I9 -> 577048 | J24: =-J9 -> 577048 | ... T24: =-T9 -> 0
A25: Себестоимость проданных товаров | B25: Себестоимость продаж | C25: -7762 | D25: -96016 | E25: 0 | F25: 0 | G25: - | H25: -495064 | I25: -626932 | J25: -627078 | K25: -26 | L25: -1418 | M25: -3806 | N25: -890 | O25: -5693 | P25: -8728 | Q25: -3844 | R25: -2475 | S25: ='2. Income Statement (accum)'!R20 -> -5920.3754 | T25: ='2. Income Statement (accum)'!S20 -> -
A27: EBITDA margin % | B27: = EBITDA / Выручка | C27: =C11/C5 -> 0.41255071 | D27: =D11/D5 -> 0.48141563 | E27: =E11/E5 -> 0.74645425 | F27: =F11/F5 -> 0.68264003 | G27: =G11/G5 -> 0.64221183 | H27: =H11/H5 -> 0.42899276 | I27: =I11/I5 -> 0.51583739 | J27: =J11/J5 -> 0.46412041 | ... T27: =T11/T5 -> 0.25840499
A29: EBITDA кикшеринга margin % | B29: = EBITDA кикшеринга / Выручка кикшеринга | C29: =C23/C7 -> 0.4571324 | D29: =D23/D7 -> 0.52048969 | E29: =E23/E7 -> 0.74645425 | F29: =F23/F7 -> 0.68264003 | G29: =G23/G7 -> 0.64221183 | H29: =H23/H7 -> 0.51300488 | I29: =I23/I7 -> 0.57662371 | J29: =J23/J7 -> 0.51391044 | ... T29: =T23/T7 -> 0.25840499
A31: Чистая прибыль за отчетный период, Net profit | B31: Отчет о прибыли или убытке и прочем совокупном доходе | C31: =C12 -> 21597 | D31: =D12 -> 223533 | E31: =E12 -> 1056911 | F31: =F12 -> 1806418 | G31: =G12 -> 1796426 | H31: =H12 -> 384896 | I31: =I12 -> 1631777 | J31: =J12 -> 830504 | ... T31: =T12 -> -1765625
A33: Скорректированная Чистая прибыль, Adj Net profit | B33: = Чистая прибыль + Резерв по платежам, основанным на акциях | C33: - | D33: - | E33: - | F33: - | G33: - | H33: - | I33: - | J33: =J31+J21 -> 1405050 | K33: - | L33: - | M33: - | N33: - | O33: - | P33: =P31+P21 -> 2198562 | Q33: =Q31+Q21-'2. Income Statement (accum)'!P64-'2. Income Statement (accum)'!P57 -> -1702910 | R33: 0 | S33: =S31+S21-'2. Income Statement (accum)'!R64-'2. Income Statement (accum)'!R57 -> -2321767.9 | T33: =T31+T21-'2. Income Statement (accum)'!S64-'2. Income Statement (accum)'!S57 -> -1737737
A35: Чистые денежные средства от операционной деятельности | B35: Отчет о движении денежных средств | C35: ='4. Cash Flow Statement (accum)'!B23 -> 94599 | D35: ='4. Cash Flow Statement (accum)'!C23 -> 278740 | E35: ='4. Cash Flow Statement (accum)'!D23 -> 1272687 | F35: ='4. Cash Flow Statement (accum)'!E23 -> 2342988 | G35: ='4. Cash Flow Statement (accum)'!F23 -> 1727564 | H35: ='4. Cash Flow Statement (accum)'!G23 -> 992980 | I35: ='4. Cash Flow Statement (accum)'!H23 -> 2480607 | J35: ='4. Cash Flow Statement (accum)'!I23 -> 2151292 | ... T35: ='4. Cash Flow Statement (accum)'!S23 -> 301772
A37: Расходы на приобретение основных средств и нематериальных активов, Capex | C37: =SUM(C38:C39) -> 50697 | D37: =SUM(D38:D39) -> 1278762 | E37: =SUM(E38:E39) -> 1611156 | F37: =SUM(F38:F39) -> 1888948 | G37: =SUM(G38:G39) -> 3204952 | H37: =SUM(H38:H39) -> 1603241 | I37: =SUM(I38:I39) -> 1823487 | J37: =SUM(J38:J39) -> 3765379 | ... T37: =SUM(T38:T39) -> 618675
A38: Приобретение основных средств | B38: Отчет о движении денежных средств | C38: =-('4. Cash Flow Statement (accum)'!B26) -> 39113 | D38: =-('4. Cash Flow Statement (accum)'!C26) -> 1273449 | E38: =-('4. Cash Flow Statement (accum)'!D26) -> 1610251 | F38: =-('4. Cash Flow Statement (accum)'!E26) -> 1888042 | G38: =-('4. Cash Flow Statement (accum)'!F26) -> 3203042 | H38: =-('4. Cash Flow Statement (accum)'!G26) -> 1594835 | I38: =-('4. Cash Flow Statement (accum)'!H26) -> 1808269 | J38: =-('4. Cash Flow Statement (accum)'!I26) -> 3746664 | ... T38: =-('4. Cash Flow Statement (accum)'!S26) -> 493721
A39: Приобретение нематериальных активов | B39: Отчет о движении денежных средств | C39: =-('4. Cash Flow Statement (accum)'!B27) -> 11584 | D39: =-('4. Cash Flow Statement (accum)'!C27) -> 5313 | E39: =-('4. Cash Flow Statement (accum)'!D27) -> 905 | F39: =-('4. Cash Flow Statement (accum)'!E27) -> 906 | G39: =-('4. Cash Flow Statement (accum)'!F27) -> 1910 | H39: =-('4. Cash Flow Statement (accum)'!G27) -> 8406 | I39: =-('4. Cash Flow Statement (accum)'!H27) -> 15218 | J39: =-('4. Cash Flow Statement (accum)'!I27) -> 18715 | ... T39: =-('4. Cash Flow Statement (accum)'!S27) -> 124954
A41: Свободный денежный поток, FCF | B41: = ЧДС от операционной деятельности - CAPEX | C41: =C35-C37 -> 43902 | D41: =D35-D37 -> -1000022 | E41: =E35-E37 -> -338469 | F41: =F35-F37 -> 454040 | G41: =G35-G37 -> -1477388 | H41: =H35-H37 -> -610261 | I41: =I35-I37 -> 657120 | J41: =J35-J37 -> -1614087 | ... T41: =T35-T37 -> -316903
A43: Чистый долг, Net Debt (на конец отчётного периода) | C43: =SUM(C44:C49) -> -5048 | D43: =SUM(D44:D49) -> 1022288 | G43: =SUM(G44:G49) -> 2289297 | H43: =SUM(H44:H49) -> 3331924 | I43: =SUM(I44:I49) -> 3036090 | J43: =SUM(J44:J49) -> 3511008 | K43: =SUM(K44:K49) -> 4628705 | L43: =SUM(L44:L49) -> 2764662 | M43: =SUM(M44:M49) -> 8471454 | N43: =SUM(N44:N49) -> 10364223 | ... T43: =SUM(T44:T49) -> 13566754
A44: Денежные средства и их эквиваленты | B44: Отчет о финансовом положении | C44: =-('1. Balance Sheet'!B15) -> -5878 | D44: =-('1. Balance Sheet'!C16) -> -29087 | G44: =-('1. Balance Sheet'!D16) -> -392417 | H44: =-('1. Balance Sheet'!E16) -> -499890 | I44: =-('1. Balance Sheet'!F16) -> -784838 | J44: =-('1. Balance Sheet'!G16) -> -2726478 | K44: =-('1. Balance Sheet'!H16) -> -2021130 | L44: =-('1. Balance Sheet'!I16) -> -5239436 | M44: =-('1. Balance Sheet'!J16) -> -3161032 | N44: =-('1. Balance Sheet'!K16) -> -1172651 | ... T44: =-('1. Balance Sheet'!Q16) -> -3867176
A45: Банковские депозиты | B45: Отчет о финансовом положении | C45: - | D45: - | G45: - | H45: - | I45: - | J45: - | K45: - | L45: -2693878 | M45: 0 | N45: 0 | O45: -2000000 | P45: 0 | Q45: 0 | R45: -2033456 | S45: =-('1. Balance Sheet'!P17) -> -900000 | T45: ='1. Balance Sheet'!Q17*-1 -> -226393
A46: Долгосрочные Кредиты и займы | B46: Отчет о финансовом положении | C46: ='1. Balance Sheet'!B34 -> 0 | D46: ='1. Balance Sheet'!C34 -> 589472 | G46: ='1. Balance Sheet'!D34 -> 1471664 | H46: ='1. Balance Sheet'!E34 -> 3530841 | I46: ='1. Balance Sheet'!F34 -> 3482987 | J46: ='1. Balance Sheet'!G34 -> 4111952 | K46: ='1. Balance Sheet'!H34 -> 4387807 | L46: ='1. Balance Sheet'!I34 -> 7842556 | M46: ='1. Balance Sheet'!J34 -> 8512035 | N46: ='1. Balance Sheet'!K34 -> 4614531 | ... T46: ='1. Balance Sheet'!Q34 -> 11125758
A47: Долгосрочные Обязательства по аренде | B47: Отчет о финансовом положении | C47: - | D47: ='1. Balance Sheet'!C35 -> 10022 | G47: ='1. Balance Sheet'!D35 -> 106454 | H47: ='1. Balance Sheet'!E35 -> 151796 | I47: ='1. Balance Sheet'!F35 -> 158191 | J47: ='1. Balance Sheet'!G35 -> 398162 | K47: ='1. Balance Sheet'!H35 -> 985792 | L47: ='1. Balance Sheet'!I35 -> 946521 | M47: ='1. Balance Sheet'!J35 -> 737178 | N47: ='1. Balance Sheet'!K35 -> 820520 | ... T47: ='1. Balance Sheet'!Q35 -> 781963
A48: Краткосрочные Кредиты и займы | B48: Отчет о финансовом положении | C48: 0 | D48: ='1. Balance Sheet'!C41 -> 446523 | G48: ='1. Balance Sheet'!D41 -> 1037338 | H48: ='1. Balance Sheet'!E41 -> 55836 | I48: ='1. Balance Sheet'!F41 -> 90599 | J48: ='1. Balance Sheet'!G41 -> 1503541 | K48: ='1. Balance Sheet'!H41 -> 1040028 | L48: ='1. Balance Sheet'!I41 -> 1693624 | M48: ='1. Balance Sheet'!J41 -> 2192772 | N48: ='1. Balance Sheet'!K41 -> 5865933 | ... T48: ='1. Balance Sheet'!Q41 -> 5342390
A49: Краткосрочные Обязательства по аренде | B49: Отчет о финансовом положении | C49: ='1. Balance Sheet'!B42 -> 830 | D49: ='1. Balance Sheet'!C42 -> 5358 | G49: ='1. Balance Sheet'!D42 -> 66258 | H49: ='1. Balance Sheet'!E42 -> 93341 | I49: ='1. Balance Sheet'!F42 -> 89151 | J49: ='1. Balance Sheet'!G42 -> 223831 | K49: ='1. Balance Sheet'!H42 -> 236208 | L49: ='1. Balance Sheet'!I42 -> 215275 | M49: ='1. Balance Sheet'!J42 -> 190501 | N49: ='1. Balance Sheet'!K42 -> 235890 | ... T49: ='1. Balance Sheet'!Q42 -> 410212
A51: Отношение чистого долга к EBITDA за предыдущие 12м Чистый долг / 12М EBITDA | B51: = Чистый долг / 12М EBITDA | C51: =C43/C11 -> -0.17790935 | D51: =D43/D11 -> 2.4822455 | G51: =G43/G11 -> 0.86347119 | H51: =H43/(H11+G11-E11) -> 1.3038808 | I51: =I43/(I11+G11-F11) -> 0.90066489 | J51: =J43/J11 -> 1.0867729 | K51: =K43/(K11+J11-H11) -> 1.1884766 | L51: =L43/(L11+J11-I11) -> 0.56586872 | M51: =M43/M11 -> 1.9009768 | N51: =N43/(N11+M11-K11) -> 1.9974285 | O51: =O43/(O11+M11-L11) -> 1.2193245 | P51: =P43/P11 -> 1.6964761 | Q51: =Q43/(Q11+P11-N11) -> 2.9928788 | R51: =R43/(R11+P11-O11) -> 3.5889861 | S51: =S43/S11 -> 3.685511 | T51: =T43/(T11+S11-Q11) -> 3.4014816

Sheet 7. Key Financials (period)
A1: Ключевые финансовые показатели
A2: Назад к оглавлению
A3: тыс. руб., если не указано иное
A4: Показатель | B4: Форма / Примечание / Формула | C4: 2019 | D4: 2020 | E4: 1H'21 | F4: 3Q'21 | G4: 4Q'21 | H4: 2H'21 | I4: 1H'22 | J4: 3Q'22 | K4: 4Q'22 | L4: 2H'22 | M4: 1H'23 | N4: 3Q'23 | O4: 4Q'23 | P4: 2H'23 | Q4: 1H'24 | R4: 3Q'24 | S4: 4Q'24 | T4: 2H'24 | U4: 1H'25 | V4: 3Q'25 | W4: 4Q'25 | X4: 2H'25 | Y4: 1H'26
A5: Выручка | B5: Выручка | C5: ='2. Income Statement (accum)'!B4 -> 68777 | D5: ='2. Income Statement (accum)'!C4 -> 855477 | E5: ='2. Income Statement (accum)'!D4 -> 1965594 | F5: ='6. Key Financials (accum)'!F5-'6. Key Financials (accum)'!E5 -> 1736653 | G5: ='6. Key Financials (accum)'!G5-'6. Key Financials (accum)'!F5 -> 426098 | H5: =G5+F5 -> 2162751 | I5: ='2. Income Statement (accum)'!G4 -> 3196660 | J5: ='6. Key Financials (accum)'!I5-'6. Key Financials (accum)'!H5 -> 3097907 | K5: ='6. Key Financials (accum)'!J5-'6. Key Financials (accum)'!I5 -> 666284 | L5: =K5+J5 -> 3764191 | M5: ='2. Income Statement (accum)'!J4 -> 4436504 | N5: ='6. Key Financials (accum)'!L5-'6. Key Financials (accum)'!K5 -> 5043408 | O5: ='6. Key Financials (accum)'!M5-'6. Key Financials (accum)'!L5 -> 1251303 | P5: =O5+N5 -> 6294711 | Q5: ='2. Income Statement (accum)'!M4 -> 6297554 | R5: ='6. Key Financials (accum)'!O5-'6. Key Financials (accum)'!N5 -> 6207233 | S5: ='6. Key Financials (accum)'!P5-'6. Key Financials (accum)'!O5 -> 1799514 | T5: =S5+R5 -> 8006747 | U5: ='2. Income Statement (accum)'!P4 -> 5368838 | V5: ='6. Key Financials (accum)'!R5-'6. Key Financials (accum)'!Q5 -> 5396344 | W5: ='6. Key Financials (accum)'!S5-'6. Key Financials (accum)'!R5 -> 1692960 | X5: =W5+V5 -> 7089304 | Y5: ='6. Key Financials (accum)'!T5 -> 5564227
Y6: ='6. Key Financials (accum)'!T6 -> 0
A7: Выручка кикшеринга | C7: =SUM(C8:C9) -> 60127 | D7: =SUM(D8:D9) -> 724950 | E7: =SUM(E8:E9) -> 1965594 | F7: ='6. Key Financials (accum)'!F7-'6. Key Financials (accum)'!E7 -> 1736653 | G7: ='6. Key Financials (accum)'!G7-'6. Key Financials (accum)'!F7 -> 426098 | H7: =G7+F7 -> 2162751 | I7: =SUM(I8:I9) -> 2731551 | J7: ='6. Key Financials (accum)'!I7-'6. Key Financials (accum)'!H7 -> 2985968 | K7: ='6. Key Financials (accum)'!J7-'6. Key Financials (accum)'!I7 -> 666284 | L7: =K7+J7 -> 3652252 | M7: =SUM(M8:M9) -> 4436436 | N7: ='6. Key Financials (accum)'!L7-'6. Key Financials (accum)'!K7 -> 5038852 | O7: ='6. Key Financials (accum)'!M7-'6. Key Financials (accum)'!L7 -> 1249554 | P7: =O7+N7 -> 6288406 | Q7: =SUM(Q8:Q9) -> 6295993 | R7: ='6. Key Financials (accum)'!O7-'6. Key Financials (accum)'!N7 -> 6205880 | S7: ='6. Key Financials (accum)'!P7-'6. Key Financials (accum)'!O7 -> 1794036 | T7: =S7+R7 -> 7999916 | U7: =SUM(U8:U9) -> 5362395 | V7: ='6. Key Financials (accum)'!R7-'6. Key Financials (accum)'!Q7 -> 5400392 | W7: ='6. Key Financials (accum)'!S7-'6. Key Financials (accum)'!R7 -> 1690032 | X7: =W7+V7 -> 7090424 | Y7: ='6. Key Financials (accum)'!T7 -> 5564227
A8: Выручка | B8: Выручка | C8: =C5 -> 68777 | D8: =D5 -> 855477 | E8: =E5 -> 1965594 | F8: ='6. Key Financials (accum)'!F8-'6. Key Financials (accum)'!E8 -> 1736653 | G8: ='6. Key Financials (accum)'!G8-'6. Key Financials (accum)'!F8 -> 426098 | H8: =G8+F8 -> 2162751 | I8: =I5 -> 3196660 | J8: ='6. Key Financials (accum)'!I8-'6. Key Financials (accum)'!H8 -> 3097907 | K8: ='6. Key Financials (accum)'!J8-'6. Key Financials (accum)'!I8 -> 666284 | L8: =K8+J8 -> 3764191 | M8: =M5 -> 4436504 | N8: ='6. Key Financials (accum)'!L8-'6. Key Financials (accum)'!K8 -> 5043408 | O8: ='6. Key Financials (accum)'!M8-'6. Key Financials (accum)'!L8 -> 1251303 | P8: =O8+N8 -> 6294711 | Q8: =Q5 -> 6297554 | R8: ='6. Key Financials (accum)'!O8-'6. Key Financials (accum)'!N8 -> 6207233 | S8: ='6. Key Financials (accum)'!P8-'6. Key Financials (accum)'!O8 -> 1799514 | T8: =S8+R8 -> 8006747 | U8: =U5 -> 5368838 | V8: =V5 -> 5396344 | W8: =W5 -> 1692960 | X8: =W8+V8 -> 7089304 | Y8: ='6. Key Financials (accum)'!T8 -> 5564227
A9: Реализация товаров | B9: Выручка | C9: -8650 | D9: -130527 | E9: 0 | F9: ='6. Key Financials (accum)'!F9-'6. Key Financials (accum)'!E9 -> 0 | G9: ='6. Key Financials (accum)'!G9-'6. Key Financials (accum)'!F9 -> 0 | H9: =G9+F9 -> 0 | I9: -465109 | J9: ='6. Key Financials (accum)'!I9-'6. Key Financials (accum)'!H9 -> -111939 | K9: ='6. Key Financials (accum)'!J9-'6. Key Financials (accum)'!I9 -> 0 | L9: =K9+J9 -> -111939 | M9: -68 | N9: ='6. Key Financials (accum)'!L9-'6. Key Financials (accum)'!K9 -> -4556 | O9: ='6. Key Financials (accum)'!M9-'6. Key Financials (accum)'!L9 -> -1749 | P9: =O9+N9 -> -6305 | Q9: -1561 | R9: ='6. Key Financials (accum)'!O9-'6. Key Financials (accum)'!N9 -> -1353 | S9: ='6. Key Financials (accum)'!P9-'6. Key Financials (accum)'!O9 -> -5478 | T9: =S9+R9 -> -6831 | U9: ='3. Income Statement (period)'!T7*-1 -> -6443 | V9: ='6. Key Financials (accum)'!R9-'6. Key Financials (accum)'!Q9 -> 4048 | W9: =W7-W8 -> -2928 | X9: =W9+V9 -> 1120 | Y9: ='6. Key Financials (accum)'!T9 -> 0
Y10: ='6. Key Financials (accum)'!T10 -> 0
A11: EBITDA | C11: =SUM(C12:C21) -> 28374 | D11: =SUM(D12:D21) -> 411840 | E11: =SUM(E12:E21) -> 1467226 | F11: ='6. Key Financials (accum)'!F11-'6. Key Financials (accum)'!E11 -> 1060076 | G11: ='6. Key Financials (accum)'!G11-'6. Key Financials (accum)'!F11 -> 123970 | H11: =G11+F11 -> 1184046 | I11: =SUM(I12:I21) -> 1371344 | J11: ='6. Key Financials (accum)'!I11-'6. Key Financials (accum)'!H11 -> 1875629 | K11: ='6. Key Financials (accum)'!J11-'6. Key Financials (accum)'!I11 -> -16300 | L11: =K11+J11 -> 1859329 | M11: =SUM(M12:M21) -> 2035325 | N11: ='6. Key Financials (accum)'!L11-'6. Key Financials (accum)'!K11 -> 2866670 | O11: ='6. Key Financials (accum)'!M11-'6. Key Financials (accum)'!L11 -> -445626 | P11: =O11+N11 -> 2421044 | Q11: =SUM(Q12:Q21) -> 2767739 | R11: ='6. Key Financials (accum)'!O11-'6. Key Financials (accum)'!N11 -> 3736874 | S11: ='6. Key Financials (accum)'!P11-'6. Key Financials (accum)'!O11 -> -450901 | T11: =S11+R11 -> 3285973 | U11: =SUM(U12:U22) -> 1008920 | V11: ='6. Key Financials (accum)'!R11-'6. Key Financials (accum)'!Q11 -> 2685039 | W11: ='6. Key Financials (accum)'!S11-'6. Key Financials (accum)'!R11 -> -134379.31 | X11: =W11+V11 -> 2550659.7 | Y11: ='6. Key Financials (accum)'!T11 -> 1437824
A12: Прибыль за отчетный период | B12: Отчет о прибыли или убытке и прочем совокупном доходе | C12: ='2. Income Statement (accum)'!B70 -> 21597 | D12: ='2. Income Statement (accum)'!C70 -> 223533 | E12: ='2. Income Statement (accum)'!D70 -> 1056911 | F12: ='6. Key Financials (accum)'!F12-'6. Key Financials (accum)'!E12 -> 749507 | G12: ='6. Key Financials (accum)'!G12-'6. Key Financials (accum)'!F12 -> -9992 | H12: =G12+F12 -> 739515 | I12: ='2. Income Statement (accum)'!G70 -> 384896 | J12: ='6. Key Financials (accum)'!I12-'6. Key Financials (accum)'!H12 -> 1246881 | K12: ='6. Key Financials (accum)'!J12-'6. Key Financials (accum)'!I12 -> -801273 | L12: =K12+J12 -> 445608 | M12: ='2. Income Statement (accum)'!J70 -> 1262523 | N12: ='6. Key Financials (accum)'!L12-'6. Key Financials (accum)'!K12 -> 1826429 | O12: ='6. Key Financials (accum)'!M12-'6. Key Financials (accum)'!L12 -> -1148790 | P12: =O12+N12 -> 677639 | Q12: ='2. Income Statement (accum)'!M70 -> 258695 | R12: ='6. Key Financials (accum)'!O12-'6. Key Financials (accum)'!N12 -> 2647180 | S12: ='6. Key Financials (accum)'!P12-'6. Key Financials (accum)'!O12 -> -919727 | T12: =S12+R12 -> 1727453 | U12: ='2. Income Statement (accum)'!P70 -> -1892948 | V12: ='6. Key Financials (accum)'!R12-'6. Key Financials (accum)'!Q12 -> 729772 | W12: ='6. Key Financials (accum)'!S12-'6. Key Financials (accum)'!R12 -> -1768931.9 | X12: =W12+V12 -> -1039159.9 | Y12: ='6. Key Financials (accum)'!T12 -> -1765625
A13: Текущий налог на прибыль | B13: Отчет о прибыли или убытке и прочем совокупном доходе | C13: =-('2. Income Statement (accum)'!B68) -> 3834 | D13: =-('2. Income Statement (accum)'!C68) -> 0 | E13: =-('2. Income Statement (accum)'!D68) -> 0 | F13: ='6. Key Financials (accum)'!F13-'6. Key Financials (accum)'!E13 -> 0 | G13: ='6. Key Financials (accum)'!G13-'6. Key Financials (accum)'!F13 -> 0 | H13: =G13+F13 -> 0 | I13: =-('2. Income Statement (accum)'!G68) -> 0 | J13: ='6. Key Financials (accum)'!I13-'6. Key Financials (accum)'!H13 -> 0 | K13: ='6. Key Financials (accum)'!J13-'6. Key Financials (accum)'!I13 -> 4475 | L13: =K13+J13 -> 4475 | M13: =-('2. Income Statement (accum)'!J68) -> 2629 | N13: ='6. Key Financials (accum)'!L13-'6. Key Financials (accum)'!K13 -> 99 | O13: ='6. Key Financials (accum)'!M13-'6. Key Financials (accum)'!L13 -> 3479 | P13: =O13+N13 -> 3578 | Q13: =-('2. Income Statement (accum)'!M68) -> -5911 | R13: ='6. Key Financials (accum)'!O13-'6. Key Financials (accum)'!N13 -> 5 | S13: ='6. Key Financials (accum)'!P13-'6. Key Financials (accum)'!O13 -> 7153 | T13: =S13+R13 -> 7158 | U13: =-('2. Income Statement (accum)'!P68) -> 50925 | V13: ='6. Key Financials (accum)'!R13-'6. Key Financials (accum)'!Q13 -> 19297 | W13: ='6. Key Financials (accum)'!S13-'6. Key Financials (accum)'!R13 -> 106661 | X13: =W13+V13 -> 125958 | Y13: ='6. Key Financials (accum)'!T13 -> 84708
A14: Отложенный налог на прибыль | B14: Отчет о прибыли или убытке и прочем совокупном доходе | C14: =-('2. Income Statement (accum)'!B69) -> 0 | D14: =-('2. Income Statement (accum)'!C69) -> 0 | E14: =-('2. Income Statement (accum)'!D69) -> 0 | F14: ='6. Key Financials (accum)'!F14-'6. Key Financials (accum)'!E14 -> 0 | G14: ='6. Key Financials (accum)'!G14-'6. Key Financials (accum)'!F14 -> 0 | H14: =G14+F14 -> 0 | I14: =-('2. Income Statement (accum)'!G69) -> 0 | J14: ='6. Key Financials (accum)'!I14-'6. Key Financials (accum)'!H14 -> -254 | K14: ='6. Key Financials (accum)'!J14-'6. Key Financials (accum)'!I14 -> -14982 | L14: =K14+J14 -> -15236 | M14: =-('2. Income Statement (accum)'!J69) -> 111218 | N14: ='6. Key Financials (accum)'!L14-'6. Key Financials (accum)'!K14 -> 209726 | O14: ='6. Key Financials (accum)'!M14-'6. Key Financials (accum)'!L14 -> -185277 | P14: =O14+N14 -> 24449 | Q14: =-('2. Income Statement (accum)'!M69) -> 175775 | R14: ='6. Key Financials (accum)'!O14-'6. Key Financials (accum)'!N14 -> -5715 | S14: ='6. Key Financials (accum)'!P14-'6. Key Financials (accum)'!O14 -> -241676 | T14: =S14+R14 -> -247391 | U14: =-('2. Income Statement (accum)'!P69) -> 58869 | V14: ='6. Key Financials (accum)'!R14-'6. Key Financials (accum)'!Q14 -> 50981 | W14: ='6. Key Financials (accum)'!S14-'6. Key Financials (accum)'!R14 -> 30779 | X14: =W14+V14 -> 81760 | Y14: ='6. Key Financials (accum)'!T14 -> 5330
A15: Финансовые доходы | B15: Финансовые доходы и расходы | C15: =-('2. Income Statement (accum)'!B49) -> 0 | D15: =-('2. Income Statement (accum)'!C49) -> -8040 | E15: =-('2. Income Statement (accum)'!D49) -> -5272 | F15: ='6. Key Financials (accum)'!F15-'6. Key Financials (accum)'!E15 -> -12890 | G15: ='6. Key Financials (accum)'!G15-'6. Key Financials (accum)'!F15 -> -12305 | H15: =G15+F15 -> -25195 | I15: =-('2. Income Statement (accum)'!G49) -> -23172 | J15: ='6. Key Financials (accum)'!I15-'6. Key Financials (accum)'!H15 -> -18671 | K15: ='6. Key Financials (accum)'!J15-'6. Key Financials (accum)'!I15 -> -47434 | L15: =K15+J15 -> -66105 | M15: =-('2. Income Statement (accum)'!J49) -> -579885 | N15: ='6. Key Financials (accum)'!L15-'6. Key Financials (accum)'!K15 -> -436782 | O15: ='6. Key Financials (accum)'!M15-'6. Key Financials (accum)'!L15 -> 315037 | P15: =O15+N15 -> -121745 | Q15: =-('2. Income Statement (accum)'!M49) -> -44622 | R15: ='6. Key Financials (accum)'!O15-'6. Key Financials (accum)'!N15 -> -99304 | S15: ='6. Key Financials (accum)'!P15-'6. Key Financials (accum)'!O15 -> -441303 | T15: =S15+R15 -> -540607 | U15: =-('2. Income Statement (accum)'!P49) -> -191835 | V15: ='6. Key Financials (accum)'!R15-'6. Key Financials (accum)'!Q15 -> -137035 | W15: ='6. Key Financials (accum)'!S15-'6. Key Financials (accum)'!R15 -> -96269 | X15: =W15+V15 -> -233304 | Y15: ='6. Key Financials (accum)'!T15 -> -98230
A16: Финансовые расходы | B16: Финансовые доходы и расходы | C16: =-('2. Income Statement (accum)'!B55) -> 646 | D16: =-('2. Income Statement (accum)'!C55) -> 13707 | E16: =-('2. Income Statement (accum)'!D55) -> 78690 | F16: ='6. Key Financials (accum)'!F16-'6. Key Financials (accum)'!E16 -> 50228 | G16: ='6. Key Financials (accum)'!G16-'6. Key Financials (accum)'!F16 -> 39572 | H16: =G16+F16 -> 89800 | I16: =-('2. Income Statement (accum)'!G55) -> 548147 | J16: ='6. Key Financials (accum)'!I16-'6. Key Financials (accum)'!H16 -> 148965 | K16: ='6. Key Financials (accum)'!J16-'6. Key Financials (accum)'!I16 -> -20436 | L16: =K16+J16 -> 128529 | M16: =-('2. Income Statement (accum)'!J55) -> 487985 | N16: ='6. Key Financials (accum)'!L16-'6. Key Financials (accum)'!K16 -> 539139 | O16: ='6. Key Financials (accum)'!M16-'6. Key Financials (accum)'!L16 -> 277648 | P16: =O16+N16 -> 816787 | Q16: =-('2. Income Statement (accum)'!M55) -> 1162718 | R16: ='6. Key Financials (accum)'!O16-'6. Key Financials (accum)'!N16 -> 77059 | S16: ='6. Key Financials (accum)'!P16-'6. Key Financials (accum)'!O16 -> 641310 | T16: =S16+R16 -> 718369 | U16: =-('2. Income Statement (accum)'!P55) -> 1366378 | V16: ='6. Key Financials (accum)'!R16-'6. Key Financials (accum)'!Q16 -> 863565 | W16: ='6. Key Financials (accum)'!S16-'6. Key Financials (accum)'!R16 -> 1066268 | X16: =W16+V16 -> 1929833 | Y16: ='6. Key Financials (accum)'!T16 -> 1363149
A17: Государственные субсидии | B17: Прочие операционные доходы и расходы | C17: - | D17: - | E17: 0 | F17: ='6. Key Financials (accum)'!F17-'6. Key Financials (accum)'!E17 -> 0 | G17: ='6. Key Financials (accum)'!G17-'6. Key Financials (accum)'!F17 -> -35712 | H17: =G17+F17 -> -35712 | I17: 0 | J17: ='6. Key Financials (accum)'!I17-'6. Key Financials (accum)'!H17 -> 0 | K17: ='6. Key Financials (accum)'!J17-'6. Key Financials (accum)'!I17 -> -22764 | L17: =K17+J17 -> -22764 | M17: -5691 | N17: ='6. Key Financials (accum)'!L17-'6. Key Financials (accum)'!K17 -> -2846 | O17: ='6. Key Financials (accum)'!M17-'6. Key Financials (accum)'!L17 -> -2845 | P17: =O17+N17 -> -5691 | Q17: -5691 | R17: ='6. Key Financials (accum)'!O17-'6. Key Financials (accum)'!N17 -> -2846 | S17: ='6. Key Financials (accum)'!P17-'6. Key Financials (accum)'!O17 -> -2845 | T17: =S17+R17 -> -5691 | U17: 0 | V17: ='6. Key Financials (accum)'!R17-'6. Key Financials (accum)'!Q17 -> 0 | W17: ='6. Key Financials (accum)'!S17-'6. Key Financials (accum)'!R17 -> 0 | X17: =W17+V17 -> 0 | Y17: ='6. Key Financials (accum)'!T17 -> 0
A18: Амортизация (SG&A) | B18: Коммерческие, общехозяйственные и административные расходы | C18: - | D18: 953 | E18: 5618 | F18: ='6. Key Financials (accum)'!F18-'6. Key Financials (accum)'!E18 -> 8665 | G18: ='6. Key Financials (accum)'!G18-'6. Key Financials (accum)'!F18 -> 94 | H18: =G18+F18 -> 8759 | I18: 17233 | J18: ='6. Key Financials (accum)'!I18-'6. Key Financials (accum)'!H18 -> 8787 | K18: ='6. Key Financials (accum)'!J18-'6. Key Financials (accum)'!I18 -> 9143 | L18: =K18+J18 -> 17930 | M18: 11686 | N18: ='6. Key Financials (accum)'!L18-'6. Key Financials (accum)'!K18 -> 43646 | O18: ='6. Key Financials (accum)'!M18-'6. Key Financials (accum)'!L18 -> 16940 | P18: =O18+N18 -> 60586 | Q18: 39975 | R18: ='6. Key Financials (accum)'!O18-'6. Key Financials (accum)'!N18 -> 2307295 | S18: ='6. Key Financials (accum)'!P18-'6. Key Financials (accum)'!O18 -> -2265673 | T18: =S18+R18 -> 41622 | U18: 43395 | V18: ='6. Key Financials (accum)'!R18-'6. Key Financials (accum)'!Q18 -> 57897 | W18: ='6. Key Financials (accum)'!S18-'6. Key Financials (accum)'!R18 -> 4325 | X18: =W18+V18 -> 62222 | Y18: ='6. Key Financials (accum)'!T18 -> 53336
A19: Амортизация (CoGS) | B19: Себестоимость продаж | C19: 2297 | D19: 81349 | E19: 281734 | F19: ='6. Key Financials (accum)'!F19-'6. Key Financials (accum)'!E19 -> 264566 | G19: ='6. Key Financials (accum)'!G19-'6. Key Financials (accum)'!F19 -> 106601 | H19: =G19+F19 -> 371167 | I19: 444240 | J19: ='6. Key Financials (accum)'!I19-'6. Key Financials (accum)'!H19 -> 489921 | K19: ='6. Key Financials (accum)'!J19-'6. Key Financials (accum)'!I19 -> 147111 | L19: =K19+J19 -> 637032 | M19: 744860 | N19: ='6. Key Financials (accum)'!L19-'6. Key Financials (accum)'!K19 -> 687259 | O19: ='6. Key Financials (accum)'!M19-'6. Key Financials (accum)'!L19 -> 278182 | P19: =O19+N19 -> 965441 | Q19: 1186800 | R19: ='6. Key Financials (accum)'!O19-'6. Key Financials (accum)'!N19 -> -1186800 | S19: ='6. Key Financials (accum)'!P19-'6. Key Financials (accum)'!O19 -> 2521985 | T19: =S19+R19 -> 1335185 | U19: 1300439 | V19: ='6. Key Financials (accum)'!R19-'6. Key Financials (accum)'!Q19 -> 1104136 | W19: ='6. Key Financials (accum)'!S19-'6. Key Financials (accum)'!R19 -> 404567 | X19: =W19+V19 -> 1508703 | Y19: ='6. Key Financials (accum)'!T19 -> 1325179
A20: Прочее | D20: 100338 | E20: 49545 | F20: ='6. Key Financials (accum)'!F20-'6. Key Financials (accum)'!E20 -> 0 | G20: ='6. Key Financials (accum)'!G20-'6. Key Financials (accum)'!F20 -> 35712 | H20: =G20+F20 -> 35712 | I20: - | J20: ='6. Key Financials (accum)'!I20-'6. Key Financials (accum)'!H20 -> 0 | K20: ='6. Key Financials (accum)'!J20-'6. Key Financials (accum)'!I20 -> 155314 | L20: =K20+J20 -> 155314 | M20: 0 | N20: ='6. Key Financials (accum)'!L20-'6. Key Financials (accum)'!K20 -> 0 | O20: ='6. Key Financials (accum)'!M20-'6. Key Financials (accum)'!L20 -> 0 | P20: =O20+N20 -> 0 | Q20: 0 | R20: ='6. Key Financials (accum)'!O20-'6. Key Financials (accum)'!N20 -> 0 | S20: ='6. Key Financials (accum)'!P20-'6. Key Financials (accum)'!O20 -> 37461 | T20: =S20+R20 -> 37461 | V20: ='6. Key Financials (accum)'!R20-'6. Key Financials (accum)'!Q22 -> -3574 | W20: ='6. Key Financials (accum)'!S20-'6. Key Financials (accum)'!R20 -> -270123 | X20: =W20+V20 -> -273697 | Y20: ='6. Key Financials (accum)'!T20 -> 0
A21: Резерв по платежам, основанным на акциях | K21: ='6. Key Financials (accum)'!J21-'6. Key Financials (accum)'!I21 -> 574546 | L21: =K21+J21 -> 574546 | M21: 0 | N21: ='6. Key Financials (accum)'!L21-'6. Key Financials (accum)'!K21 -> 0 | O21: ='6. Key Financials (accum)'!M21-'6. Key Financials (accum)'!L21 -> 0 | P21: =O21+N21 -> 0 | Q21: 0 | R21: ='6. Key Financials (accum)'!O21-'6. Key Financials (accum)'!N21 -> 0 | S21: ='6. Key Financials (accum)'!P21-'6. Key Financials (accum)'!O21 -> 212414 | T21: =S21+R21 -> 212414 | U21: 0 | V21: ='6. Key Financials (accum)'!R21-'6. Key Financials (accum)'!Q21 -> 0 | W21: ='6. Key Financials (accum)'!S21-'6. Key Financials (accum)'!R21 -> 141891 | X21: =W21+V21 -> 141891 | Y21: ='6. Key Financials (accum)'!T21 -> 0
A22: Убыток от выбытия основных средств | U22: 273697 | W22: ='6. Key Financials (accum)'!S22-'6. Key Financials (accum)'!R22 -> 246453.58 | X22: =W22+V22 -> 246453.58 | Y22: ='6. Key Financials (accum)'!T22 -> 469977
A23: EBITDA кикшеринга | C23: =C11-(C24+C25) -> 27486 | D23: =D11-(D24+D25) -> 377329 | E23: =E11-(E24+E25) -> 1467226 | F23: ='6. Key Financials (accum)'!F23-'6. Key Financials (accum)'!E23 -> 1060076 | G23: =G11-(G24+G25) -> 123970 | H23: =G23+F23 -> 1184046 | I23: =I11-(I24+I25) -> 1401299 | J23: =J11-(J24+J25) -> 1895558 | K23: =K11-(K24+K25) -> -16154 | L23: =K23+J23 -> 1879404 | M23: =M11-(M24+M25) -> 2035283 | N23: =N11-(N24+N25) -> 2863506 | O23: =O11-(O24+O25) -> -444987 | P23: =O23+N23 -> 2418519 | Q23: =Q11-(Q24+Q25) -> 2767068 | R23: =R11-(R24+R25) -> 3740324 | S23: =S11-(S24+S25) -> -453344 | T23: =T11-(T24+T25) -> 3286980 | U23: =U11-(U24+U25) -> 1006321 | V23: =V11-(V24+V25) -> 2687718 | W23: =W11-(W24+W25) -> -133861.93 | X23: =W23+V23 -> 2553856.1 | Y23: ='6. Key Financials (accum)'!T23 -> 1437824
A24: Реализация товаров | B24: Выручка | C24: =-C9 -> 8650 | D24: =-D9 -> 130527 | E24: =-E9 -> 0 | F24: ='6. Key Financials (accum)'!F24-'6. Key Financials (accum)'!E24 -> 0 | G24: =-G9 -> 0 | H24: =G24+F24 -> 0 | I24: =-I9 -> 465109 | J24: =-J9 -> 111939 | K24: =-K9 -> 0 | L24: =K24+J24 -> 111939 | M24: =-M9 -> 68 | N24: =-N9 -> 4556 | O24: =-O9 -> 1749 | P24: =O24+N24 -> 6305 | Q24: =-Q9 -> 1561 | R24: =-R9 -> 1353 | S24: =-S9 -> 5478 | T24: =S24+R24 -> 6831 | U24: =-U9 -> 6443 | V24: =-V9 -> -4048 | W24: ='6. Key Financials (accum)'!S24-'6. Key Financials (accum)'!R24 -> 2928 | X24: =W24+V24 -> -1120 | Y24: ='6. Key Financials (accum)'!T24 -> 0
A25: Себестоимость проданных товаров | B25: Себестоимость продаж | C25: -7762 | D25: -96016 | E25: 0 | F25: ='6. Key Financials (accum)'!F25-'6. Key Financials (accum)'!E25 -> 0 | G25: 0 | H25: =G25+F25 -> 0 | I25: -495064 | J25: ='6. Key Financials (accum)'!I25-'6. Key Financials (accum)'!H25 -> -131868 | K25: ='6. Key Financials (accum)'!J25-'6. Key Financials (accum)'!I25 -> -146 | L25: =K25+J25 -> -132014 | M25: -26 | N25: ='6. Key Financials (accum)'!L25-'6. Key Financials (accum)'!K25 -> -1392 | O25: ='6. Key Financials (accum)'!M25-'6. Key Financials (accum)'!L25 -> -2388 | P25: =O25+N25 -> -3780 | Q25: -890 | R25: ='6. Key Financials (accum)'!O25-'6. Key Financials (accum)'!N25 -> -4803 | S25: ='6. Key Financials (accum)'!P25-'6. Key Financials (accum)'!O25 -> -3035 | T25: =S25+R25 -> -7838 | U25: -3844 | V25: ='3. Income Statement (period)'!U20 -> 1369 | W25: ='6. Key Financials (accum)'!S25-'6. Key Financials (accum)'!R25 -> -3445.3754 | X25: =W25+V25 -> -2076.3754 | Y25: ='6. Key Financials (accum)'!T25 -> -
Y26: ='6. Key Financials (accum)'!T26 -> 0
A27: EBITDA margin % | B27: = EBITDA / Выручка | C27: =C11/C5 -> 0.41255071 | D27: =D11/D5 -> 0.48141563 | E27: =E11/E5 -> 0.74645425 | F27: =F11/F5 -> 0.61041325 | G27: =G11/G5 -> 0.29094246 | H27: =H11/H5 -> 0.54747218 | I27: =I11/I5 -> 0.42899276 | J27: =J11/J5 -> 0.60545039 | ... X27: =X11/X5 -> 0.35978986 | Y27: ='6. Key Financials (accum)'!T27 -> 0.25840499
Y28: ='6. Key Financials (accum)'!T28 -> 0
A29: EBITDA кикшеринга margin % | B29: = EBITDA кикшеринга / Выручка кикшеринга | C29: =C23/C7 -> 0.4571324 | D29: =D23/D7 -> 0.52048969 | E29: =E23/E7 -> 0.74645425 | F29: =F23/F7 -> 0.61041325 | G29: =G23/G7 -> 0.29094246 | H29: =H23/H7 -> 0.54747218 | I29: =I23/I7 -> 0.51300488 | J29: =J23/J7 -> 0.63482194 | ... X29: =X23/X7 -> 0.36018383 | Y29: ='6. Key Financials (accum)'!T29 -> 0.25840499
Y30: ='6. Key Financials (accum)'!T30 -> 0
A31: Чистая прибыль за отчетный период, Net profit | B31: Отчет о прибыли или убытке и прочем совокупном доходе | C31: =C12 -> 21597 | D31: =D12 -> 223533 | E31: =E12 -> 1056911 | F31: =F12 -> 749507 | G31: =G12 -> -9992 | H31: =H12 -> 739515 | I31: =I12 -> 384896 | J31: =J12 -> 1246881 | ... V31: =V12 -> 729772 | W31: ='6. Key Financials (accum)'!S31-'6. Key Financials (accum)'!R31 -> -1768931.9 | X31: =W31+V31 -> -1039159.9 | Y31: ='6. Key Financials (accum)'!T31 -> -1765625
Y32: ='6. Key Financials (accum)'!T32 -> 0
A33: Скорректированная Чистая прибыль, Adj Net profit | B33: = Чистая прибыль + Резерв по платежам, основанным на акциях | C33: =C31+C21 -> 21597 | D33: =D31+D21 -> 223533 | E33: =E31+E21 -> 1056911 | F33: =F31+F21 -> 749507 | G33: =G31+G21 -> -9992 | H33: =H31+H21 -> 739515 | I33: =I31+I21 -> 384896 | J33: =J31+J21 -> 1246881 | ... X33: =X31+X21 -> -897268.88 | Y33: ='6. Key Financials (accum)'!T33 -> -1737737
Y34: ='6. Key Financials (accum)'!T34 -> 0
A35: Чистые денежные средства от операционной деятельности | B35: Отчет о движении денежных средств | C35: ='4. Cash Flow Statement (accum)'!B23 -> 94599 | D35: ='4. Cash Flow Statement (accum)'!C23 -> 278740 | E35: ='4. Cash Flow Statement (accum)'!D23 -> 1272687 | F35: ='6. Key Financials (accum)'!F35-'6. Key Financials (accum)'!E35 -> 1070301 | G35: ='6. Key Financials (accum)'!G35-'6. Key Financials (accum)'!F35 -> -615424 | H35: =G35+F35 -> 454877 | I35: ='4. Cash Flow Statement (accum)'!G23 -> 992980 | J35: ='6. Key Financials (accum)'!I35-'6. Key Financials (accum)'!H35 -> 1487627 | K35: ='6. Key Financials (accum)'!J35-'6. Key Financials (accum)'!I35 -> -329315 | L35: =K35+J35 -> 1158312 | M35: ='4. Cash Flow Statement (accum)'!J23 -> 1553167 | N35: ='6. Key Financials (accum)'!L35-'6. Key Financials (accum)'!K35 -> 2766888 | O35: ='6. Key Financials (accum)'!M35-'6. Key Financials (accum)'!L35 -> -1439330 | P35: =O35+N35 -> 1327558 | Q35: ='4. Cash Flow Statement (accum)'!M23 -> 2176684 | R35: ='6. Key Financials (accum)'!O35-'6. Key Financials (accum)'!N35 -> 3509943 | S35: ='6. Key Financials (accum)'!P35-'6. Key Financials (accum)'!O35 -> -1842551 | T35: =S35+R35 -> 1667392 | U35: ='4. Cash Flow Statement (accum)'!P23 -> 157797 | V35: ='6. Key Financials (accum)'!R35-'6. Key Financials (accum)'!Q35 -> 2084694 | W35: ='6. Key Financials (accum)'!S35-'6. Key Financials (accum)'!R35 -> -854350.43 | X35: =W35+V35 -> 1230343.6 | Y35: ='6. Key Financials (accum)'!T35 -> 301772
Y36: ='6. Key Financials (accum)'!T36 -> 0
A37: Расходы на приобретение основных средств и нематериальных активов, Capex | C37: =SUM(C38:C39) -> 50697 | D37: =SUM(D38:D39) -> 1278762 | E37: =SUM(E38:E39) -> 1611156 | F37: =SUM(F38:F39) -> 277792 | G37: =SUM(G38:G39) -> 1316004 | H37: =G37+F37 -> 1593796 | I37: =SUM(I38:I39) -> 1603241 | J37: =SUM(J38:J39) -> 220246 | K37: =SUM(K38:K39) -> 1941892 | L37: =K37+J37 -> 2162138 | M37: =SUM(M38:M39) -> 2226194 | N37: =SUM(N38:N39) -> 1140585 | O37: =SUM(O38:O39) -> 2996086 | P37: =O37+N37 -> 4136671 | Q37: =SUM(Q38:Q39) -> 3458978 | R37: =SUM(R38:R39) -> 565561 | S37: =SUM(S38:S39) -> 866468 | T37: =S37+R37 -> 1432029 | U37: =SUM(U38:U39) -> 2411447 | V37: ='6. Key Financials (accum)'!R37-'6. Key Financials (accum)'!Q37 -> 1019707 | W37: ='6. Key Financials (accum)'!S37-'6. Key Financials (accum)'!R37 -> 243922 | X37: =W37+V37 -> 1263629 | Y37: ='6. Key Financials (accum)'!T37 -> 618675
A38: Приобретение основных средств | B38: Отчет о движении денежных средств | C38: =-('4. Cash Flow Statement (accum)'!B26) -> 39113 | D38: =-('4. Cash Flow Statement (accum)'!C26) -> 1273449 | E38: =-('4. Cash Flow Statement (accum)'!D26) -> 1610251 | F38: ='6. Key Financials (accum)'!F38-'6. Key Financials (accum)'!E38 -> 277791 | G38: ='6. Key Financials (accum)'!G38-'6. Key Financials (accum)'!F38 -> 1315000 | H38: =G38+F38 -> 1592791 | I38: =-('4. Cash Flow Statement (accum)'!G26) -> 1594835 | J38: ='6. Key Financials (accum)'!I38-'6. Key Financials (accum)'!H38 -> 213434 | K38: ='6. Key Financials (accum)'!J38-'6. Key Financials (accum)'!I38 -> 1938395 | L38: =K38+J38 -> 2151829 | M38: =-('4. Cash Flow Statement (accum)'!J26) -> 2206698 | N38: ='6. Key Financials (accum)'!L38-'6. Key Financials (accum)'!K38 -> 1124200 | O38: ='6. Key Financials (accum)'!M38-'6. Key Financials (accum)'!L38 -> 2979311 | P38: =O38+N38 -> 4103511 | Q38: =-('4. Cash Flow Statement (accum)'!M26) -> 3376830 | R38: ='6. Key Financials (accum)'!O38-'6. Key Financials (accum)'!N38 -> 441752 | S38: ='6. Key Financials (accum)'!P38-'6. Key Financials (accum)'!O38 -> 809909 | T38: =S38+R38 -> 1251661 | U38: =-('4. Cash Flow Statement (accum)'!P26) -> 2255468 | V38: ='6. Key Financials (accum)'!R38-'6. Key Financials (accum)'!Q38 -> 945282 | W38: ='6. Key Financials (accum)'!S38-'6. Key Financials (accum)'!R38 -> 209698 | X38: =W38+V38 -> 1154980 | Y38: ='6. Key Financials (accum)'!T38 -> 493721
A39: Приобретение нематериальных активов | B39: Отчет о движении денежных средств | C39: =-('4. Cash Flow Statement (accum)'!B27) -> 11584 | D39: =-('4. Cash Flow Statement (accum)'!C27) -> 5313 | E39: =-('4. Cash Flow Statement (accum)'!D27) -> 905 | F39: ='6. Key Financials (accum)'!F39-'6. Key Financials (accum)'!E39 -> 1 | G39: ='6. Key Financials (accum)'!G39-'6. Key Financials (accum)'!F39 -> 1004 | H39: =G39+F39 -> 1005 | I39: =-('4. Cash Flow Statement (accum)'!G27) -> 8406 | J39: ='6. Key Financials (accum)'!I39-'6. Key Financials (accum)'!H39 -> 6812 | K39: ='6. Key Financials (accum)'!J39-'6. Key Financials (accum)'!I39 -> 3497 | L39: =K39+J39 -> 10309 | M39: =-('4. Cash Flow Statement (accum)'!J27) -> 19496 | N39: ='6. Key Financials (accum)'!L39-'6. Key Financials (accum)'!K39 -> 16385 | O39: ='6. Key Financials (accum)'!M39-'6. Key Financials (accum)'!L39 -> 16775 | P39: =O39+N39 -> 33160 | Q39: =-('4. Cash Flow Statement (accum)'!M27) -> 82148 | R39: ='6. Key Financials (accum)'!O39-'6. Key Financials (accum)'!N39 -> 123809 | S39: ='6. Key Financials (accum)'!P39-'6. Key Financials (accum)'!O39 -> 56559 | T39: =S39+R39 -> 180368 | U39: =-('4. Cash Flow Statement (accum)'!P27) -> 155979 | V39: ='6. Key Financials (accum)'!R39-'6. Key Financials (accum)'!Q39 -> 74425 | W39: ='6. Key Financials (accum)'!S39-'6. Key Financials (accum)'!R39 -> 34224 | X39: =W39+V39 -> 108649 | Y39: ='6. Key Financials (accum)'!T39 -> 124954
Y40: ='6. Key Financials (accum)'!T40 -> 0
A41: Свободный денежный поток, FCF | B41: = ЧДС от операционной деятельности - CAPEX | C41: =C35-C37 -> 43902 | D41: =D35-D37 -> -1000022 | E41: =E35-E37 -> -338469 | F41: =F35-F37 -> 792509 | G41: =G35-G37 -> -1931428 | H41: =G41+F41 -> -1138919 | I41: =I35-I37 -> -610261 | J41: =J35-J37 -> 1267381 | K41: =K35-K37 -> -2271207 | L41: =K41+J41 -> -1003826 | M41: =M35-M37 -> -673027 | N41: =N35-N37 -> 1626303 | O41: =O35-O37 -> -4435416 | P41: =O41+N41 -> -2809113 | Q41: =Q35-Q37 -> -1282294 | R41: =R35-R37 -> 2944382 | S41: =S35-S37 -> -2709019 | T41: =T35-T37 -> 235363 | U41: =U35-U37 -> -2253650 | V41: =V35-V37 -> 1064987 | W41: =W35-W37 -> -1098272.4 | X41: =X35-X37 -> -33285.43 | Y41: ='6. Key Financials (accum)'!T41 -> -316903
Y42: ='6. Key Financials (accum)'!T42 -> 0
A43: Чистый долг, Net Debt (на конец отчётного периода) | C43: =SUM(C44:C49) -> -5048 | D43: =SUM(D44:D49) -> 1022288 | G43: =SUM(G44:G49) -> 2289297 | H43: =G43 -> 2289297 | I43: =SUM(I44:I49) -> 3331924 | J43: =SUM(J44:J49) -> 3036090 | K43: =SUM(K44:K49) -> 3511008 | L43: =K43 -> 3511008 | M43: =SUM(M44:M49) -> 4628705 | N43: =SUM(N44:N49) -> 2764662 | O43: =SUM(O44:O49) -> 8471454 | P43: =O43 -> 8471454 | Q43: =SUM(Q44:Q49) -> 10364223 | R43: =SUM(R44:R49) -> 7387871 | S43: =SUM(S44:S49) -> 10269978 | T43: =S43 -> 10269978 | U43: =SUM(U44:U49) -> 12854094 | V43: =SUM(V44:V49) -> 12018870 | W43: =SUM(W44:W49) -> 13118870 | X43: =W43 -> 13118870 | Y43: ='6. Key Financials (accum)'!T43 -> 13566754
A44: Денежные средства и их эквиваленты | B44: Отчет о финансовом положении | C44: =-('1. Balance Sheet'!B15) -> -5878 | D44: =-('1. Balance Sheet'!C16) -> -29087 | G44: =-('1. Balance Sheet'!D16) -> -392417 | H44: =G44 -> -392417 | I44: =-('1. Balance Sheet'!E16) -> -499890 | J44: =-('1. Balance Sheet'!F16) -> -784838 | K44: =-('1. Balance Sheet'!G16) -> -2726478 | L44: =K44 -> -2726478 | M44: =-('1. Balance Sheet'!H16) -> -2021130 | N44: =-('1. Balance Sheet'!I16) -> -5239436 | O44: =-('1. Balance Sheet'!J16) -> -3161032 | P44: =O44 -> -3161032 | Q44: =-('1. Balance Sheet'!K16) -> -1172651 | R44: =-('1. Balance Sheet'!L16) -> -4395074 | S44: =-('1. Balance Sheet'!M16) -> -3580665 | T44: =S44 -> -3580665 | U44: =-('1. Balance Sheet'!N16) -> -2451462 | V44: =-('1. Balance Sheet'!P16) -> -673040 | W44: =-('1. Balance Sheet'!P16) -> -673040 | X44: =W44 -> -673040 | Y44: ='6. Key Financials (accum)'!T44 -> -3867176
A45: Банковские депозиты | B45: Отчет о финансовом положении | C45: - | D45: - | G45: - | H45: =G45 -> - | I45: - | J45: - | K45: - | L45: =K45 -> - | M45: - | N45: -2693878 | O45: 0 | P45: =O45 -> 0 | Q45: 0 | R45: -2000000 | S45: 0 | T45: =S45 -> 0 | U45: 0 | V45: -2000000 | W45: =-('1. Balance Sheet'!P17) -> -900000 | X45: =W45 -> -900000 | Y45: ='6. Key Financials (accum)'!T45 -> -226393
A46: Долгосрочные Кредиты и займы | B46: Отчет о финансовом положении | C46: ='1. Balance Sheet'!B34 -> 0 | D46: ='1. Balance Sheet'!C34 -> 589472 | G46: ='1. Balance Sheet'!D34 -> 1471664 | H46: =G46 -> 1471664 | I46: ='1. Balance Sheet'!E34 -> 3530841 | J46: ='1. Balance Sheet'!F34 -> 3482987 | K46: ='1. Balance Sheet'!G34 -> 4111952 | L46: =K46 -> 4111952 | M46: ='1. Balance Sheet'!H34 -> 4387807 | N46: ='1. Balance Sheet'!I34 -> 7842556 | O46: ='1. Balance Sheet'!J34 -> 8512035 | P46: =O46 -> 8512035 | Q46: ='1. Balance Sheet'!K34 -> 4614531 | R46: ='1. Balance Sheet'!L34 -> 8222821 | S46: ='1. Balance Sheet'!M34 -> 8309933 | T46: =S46 -> 8309933 | U46: ='1. Balance Sheet'!N34 -> 13108229 | V46: ='1. Balance Sheet'!P34 -> 8918037 | W46: ='1. Balance Sheet'!P34 -> 8918037 | X46: =W46 -> 8918037 | Y46: ='6. Key Financials (accum)'!T46 -> 11125758
A47: Долгосрочные Обязательства по аренде | B47: Отчет о финансовом положении | C47: - | D47: ='1. Balance Sheet'!C35 -> 10022 | G47: ='1. Balance Sheet'!D35 -> 106454 | H47: =G47 -> 106454 | I47: ='1. Balance Sheet'!E35 -> 151796 | J47: ='1. Balance Sheet'!F35 -> 158191 | K47: ='1. Balance Sheet'!G35 -> 398162 | L47: =K47 -> 398162 | M47: ='1. Balance Sheet'!H35 -> 985792 | N47: ='1. Balance Sheet'!I35 -> 946521 | O47: ='1. Balance Sheet'!J35 -> 737178 | P47: =O47 -> 737178 | Q47: ='1. Balance Sheet'!K35 -> 820520 | R47: ='1. Balance Sheet'!L35 -> 800944 | S47: ='1. Balance Sheet'!M35 -> 800236 | T47: =S47 -> 800236 | U47: ='1. Balance Sheet'!N35 -> 914213 | V47: ='1. Balance Sheet'!P35 -> 838316 | W47: ='1. Balance Sheet'!P35 -> 838316 | X47: =W47 -> 838316 | Y47: ='6. Key Financials (accum)'!T47 -> 781963
A48: Краткосрочные Кредиты и займы | B48: Отчет о финансовом положении | C48: 0 | D48: ='1. Balance Sheet'!C41 -> 446523 | G48: ='1. Balance Sheet'!D41 -> 1037338 | H48: =G48 -> 1037338 | I48: ='1. Balance Sheet'!E41 -> 55836 | J48: ='1. Balance Sheet'!F41 -> 90599 | K48: ='1. Balance Sheet'!G41 -> 1503541 | L48: =K48 -> 1503541 | M48: ='1. Balance Sheet'!H41 -> 1040028 | N48: ='1. Balance Sheet'!I41 -> 1693624 | O48: ='1. Balance Sheet'!J41 -> 2192772 | P48: =O48 -> 2192772 | Q48: ='1. Balance Sheet'!K41 -> 5865933 | R48: ='1. Balance Sheet'!L41 -> 4536573 | S48: ='1. Balance Sheet'!M41 -> 4501472 | T48: =S48 -> 4501472 | U48: ='1. Balance Sheet'!N41 -> 869843 | V48: ='1. Balance Sheet'!P41 -> 4585532 | W48: ='1. Balance Sheet'!P41 -> 4585532 | X48: =W48 -> 4585532 | Y48: ='6. Key Financials (accum)'!T48 -> 5342390
A49: Краткосрочные Обязательства по аренде | B49: Отчет о финансовом положении | C49: ='1. Balance Sheet'!B42 -> 830 | D49: ='1. Balance Sheet'!C42 -> 5358 | G49: ='1. Balance Sheet'!D42 -> 66258 | H49: =G49 -> 66258 | I49: ='1. Balance Sheet'!E42 -> 93341 | J49: ='1. Balance Sheet'!F42 -> 89151 | K49: ='1. Balance Sheet'!G42 -> 223831 | L49: =K49 -> 223831 | M49: ='1. Balance Sheet'!H42 -> 236208 | N49: ='1. Balance Sheet'!I42 -> 215275 | O49: ='1. Balance Sheet'!J42 -> 190501 | P49: =O49 -> 190501 | Q49: ='1. Balance Sheet'!K42 -> 235890 | R49: ='1. Balance Sheet'!L42 -> 222607 | S49: ='1. Balance Sheet'!M42 -> 239002 | T49: =S49 -> 239002 | U49: ='1. Balance Sheet'!N42 -> 413271 | V49: ='1. Balance Sheet'!P42 -> 350025 | W49: ='1. Balance Sheet'!P42 -> 350025 | X49: =W49 -> 350025 | Y49: ='6. Key Financials (accum)'!T49 -> 410212
Y50: ='6. Key Financials (accum)'!T50 -> 0
A51: Отношение чистого долга к EBITDA за предыдущие 12м Чистый долг / 12М EBITDA | B51: = Чистый долг / 12М EBITDA | C51: =C43/C11 -> -0.17790935 | D51: =D43/D11 -> 2.4822455 | G51: =G43/(G11+F11+E11) -> 0.86347119 | H51: =G51 -> 0.86347119 | I51: =I43/(I11+G11+F11) -> 1.3038808 | J51: =J43/(J11+G11+I11) -> 0.90066489 | K51: =K43/(K11+J11+I11) -> 1.0867729 | L51: =K51 -> 1.0867729 | M51: =M43/(M11+K11+J11) -> 1.1884766 | N51: =N43/(N11+K11+M11) -> 0.56586872 | O51: =O43/(O11+N11+M11) -> 1.9009768 | P51: =O51 -> 1.9009768 | Q51: =Q43/(Q11+O11+N11) -> 1.9974285 | R51: =R43/(R11+O11+Q11) -> 1.2193245 | S51: =S43/(S11+R11+Q11) -> 1.6964761 | T51: =S51 -> 1.6964761 | U51: =U43/(U11+S11+R11) -> 2.9928788 | V51: =V43/(V11+S11+U11) -> 3.7060299 | W51: =W43/(W11+V11+U11) -> 3.685511 | X51: =W51 -> 3.685511 | Y51: ='6. Key Financials (accum)'!T51 -> 3.4014816

Sheet 8. Key Operating Results
A1: Ключевые операционные показатели
A2: Назад к оглавлению
A3: Показатель | B3: 12M 2019 | C3: 12M 2020 | D3: 6M 2021 | E3: 9M 2021 | F3: 12M 2021 | G3: 6M 2022 | H3: 9M 2022 | I3: 12M 2022 | J3: 6M 2023 | K3: 9M 2023 | L3: 12M 2023 | M3: 6M 2024 | N3: 9M 2024 | O3: 12M 2024 | P3: 6M 2025 | Q3: 9M 2025 | R3: 12M 2025 | S3: 6M 2026 | T3: 9M 2026
A4: Общее количество СИМ, подключенных к сервису Whoosh (ВУШ) на конец периода, тыс. шт. | B4: 1.3 | C4: 9.3 | D4: 29.2 | E4: 40.9 | F4: 40.9 | G4: 74.9 | H4: 81.8 | I4: 81.8 | J4: 133 | K4: 146.5 | L4: 149.9 | M4: 201.1 | N4: 213 | O4: 214.2 | P4: 240.1 | Q4: 245.3 | R4: 249.7 | S4: 239 | T4: 234
A5: Количество локаций, обслуживаемых сервисом Whoosh (ВУШ) по состоянию на конец периода, шт. | B5: 4 | C5: 12 | D5: 22 | E5: 22 | F5: 25 | G5: 37 | H5: 40 | I5: 40 | J5: 52 | K5: 53 | L5: 55 | M5: 60 | N5: 60 | O5: 61 | P5: 71 | Q5: 81 | R5: 77 | S5: 81 | T5: 79
A6: Общее количество поездок за период, млн шт. | B6: 0.3 | C6: 3.6 | D6: 11 | E6: 22.7 | F6: 26.3 | G6: 20.3 | H6: 46.6 | I6: 55.5 | J6: 40.3 | K6: 89.6 | L6: 103.9 | M6: 63.1 | N6: 126.8 | O6: 149.7 | P6: 56.5 | Q6: 118.5 | R6: 138.8 | S6: 56.5 | T6: 113
A7: Количество зарегистрированных аккаунтов сервиса Whoosh (ВУШ) на конец периода, млн шт. | B7: 0.2 | C7: 1.6 | D7: 4.3 | E7: 5.8 | F7: 6.1 | G7: 8.9 | H7: 11.3 | I7: 11.9 | J7: 16.3 | K7: 19.6 | L7: 20.4 | M7: 24.2 | N7: 26.6 | O7: 27.6 | P7: 30.5 | Q7: 32.7 | R7: 33.7 | S7: 36.6 | T7: 38.4
A8: Количество поездок на активного* пользователя за период, ед | B8: 3.3 | C8: 4 | D8: 5.2 | E8: 7.1 | F8: 7.7 | G8: 6.7 | H8: 9.6 | I8: 10.8 | J8: 10.1 | K8: 13.7 | L8: 14.4 | M8: 13.5 | N8: 18.5 | O8: 20 | P8: 12.9 | Q8: 17.8 | R8: 19.2 | S8: 14.1 | T8: 20
A10: СИМ в странах Латинской Америки на конец периода, тыс. шт. | M10: 8 | N10: 8.7 | O10: 10.5 | P10: 10.4 | Q10: 11 | R10: 14.3 | S10: 23.8 | T10: 27.8
A11: Общее количество поездок в странах Латинской Америки за период, млн шт. | M11: 2.1 | N11: 3.5 | O11: 5.7 | P11: 5.7 | Q11: 8.4 | R11: 11.7 | S11: 7 | T11: 10.5
A12: Количество зарегистрированных аккаунтов сервиса Whoosh (ВУШ) в странах Латинской Америки на конец периода, млн шт. | M12: 1.11 | N12: 1.61 | O12: 2.11 | P12: 3.1 | Q12: 3.48 | R12: 4 | S12: 5.6 | T12: 6.2
A13: Количество поездок на активного пользователя в странах Латинской Америки за период, ед | M13: 6.6 | N13: 6.6 | O13: 6.3 | P13: 6.5 | Q13: 7.2 | R13: 7.7 | S13: 6.2 | T13: 7.1
A14: Количество локаций, обслуживаемых сервисом Whoosh (ВУШ) в странах Латинской Америки по состоянию на конец периода, шт. | M14: 5 | N14: 5 | O14: 6 | P14: 7 | Q14: 7 | R14: 11 | S14: 16 | T14: 16
A16: * активный пользователь - пользователь, который совершил хотя бы одну поездку с помощью сервиса Whoosh за отчётный период

Sheet Disclaimer 
A1: Заявление об ограничении ответственности
A3: Данный документ и информация, содержащаяся в нем, не являются предложением ценных бумаг или офертой в отношении ценных бумаг, в том числе ценных бумаг Компании (как определено ниже). Данный документ и информация, содержащаяся в нем, также не являются приглашением делать или направлять оферты, продавать, покупать, менять или передавать любые ценные бумаги в Российской Федерации или в какой-либо иной юрисдикции, а также не являются рекламой ценных бумаг в Российской Федерации или иных юрисдикциях. Данный документ и информация, содержащаяся в нем, не являются и не должны служить основанием для принятия каких бы то ни было инвестиционных решений; они не являются и не составляют часть индивидуальной инвестиционной рекомендацией, инвестиционным консультированием или личной, индивидуальной или какой-либо иной рекомендацией или советом (в том числе в значении Федерального закона Российской Федерации от 22 апреля 1996 года № 39-ФЗ «О рынке ценных бумаг»). Информация, содержащаяся в данном документе и материалах, может включать оценки и другие заявления прогнозного характера в отношении намерений, планов, будущих событий, финансовой, операционной или иной деятельности Публичного акционерного общества «ВУШ Холдинг» и его группы лиц (далее — «Компания»). Фактические события, расчеты и результаты деятельности Компании могут существенно отличаться от содержащихся или предполагаемых результатов в заявлениях, словах и выражениях прогнозного характера, приведенных в данном документе и материалах, вследствие влияния различных внешних и внутренних факторов (общие условия экономической деятельности; риски, связанные с особенностями деятельности Компании, включая те, которые не могут контролироваться Компанией; изменения рыночной конъюнктуры в отрасли, в которой Компания осуществляет деятельность; геополитические и иные факторы и риски). Данный документ также может содержать информацию, относящуюся к другим компаниям и лицам, осуществляющим деятельность в той же отрасли, в которой осуществляет деятельность Компания. Эта информация основана на общедоступных данных и информации третьих лиц, существующих и общедоступных на момент подготовки документа, и не может служить источником или характеризовать результаты деятельности других компаний. Также обращаем внимание, что методика определения и расчета операционных и финансовых показателей Компании может отличаться от методики, используемой другими компаниями или лицами. Компания не дает гарантий или заверений, подтверждающих достоверность, полноту или однозначный характер содержащихся в настоящем документе и материалах сведений и информации, и не берет на себя каких-либо обязательств или обязанности предоставлять актуальную_x000B_или иную информацию.
